Workbook
Name _Dashboard: Dashboard!$B$6:$J$39
Name _Exemptions: DataBase!$AF$3:$AF$17
Name AssetItems: OFFSET(DataBase!$N$3,0,0,MAX(1,COUNTIF(DataBase!$N$3:$N$152,"<>0")),1)
Name AssetValues1: OFFSET(DataBase!$O$3,0,0,MAX(1,COUNTIF(DataBase!$N$3:$N$152,"<>0")),1)
Name AssetValues2: OFFSET(DataBase!$P$3,0,0,MAX(1,COUNTIF(DataBase!$N$3:$N$152,"<>0")),1)
Name EquityItems: OFFSET(DataBase!$Z$3,0,0,MAX(1,COUNTIF(DataBase!$Z$3:$Z$152,"<>0")),1)
Name EquityValues1: OFFSET(DataBase!$AA$3,0,0,MAX(1,COUNTIF(DataBase!$Z$3:$Z$152,"<>0")),1)
Name EquityValues2: OFFSET(DataBase!$AB$3,0,0,MAX(1,COUNTIF(DataBase!$Z$3:$Z$152,"<>0")),1)
Name Input: Input!$B$5:$N$31
Name LiabilityItems: OFFSET(DataBase!$T$3,0,0,MAX(1,COUNTIF(DataBase!$T$3:$T$152,"<>0")),1)
Name LiabilityValues1: OFFSET(DataBase!$U$3,0,0,MAX(1,COUNTIF(DataBase!$T$3:$T$152,"<>0")),1)
Name LiabilityValues2: OFFSET(DataBase!$V$3,0,0,MAX(1,COUNTIF(DataBase!$T$3:$T$152,"<>0")),1)
Name PrnArea: PrintForm!$B$5:$G$43
Name SubA1_1: Input!$E$20
Name SubA1_2: Input!$F$20
Name SubA2_1: Input!$E$27
Name SubA2_2: Input!$F$27
Name SubC1_1: Input!$K$27
Name SubC1_2: Input!$L$27
Name SubL1_1: Input!$K$14
Name SubL1_2: Input!$L$14
Name SubL2_1: Input!$K$19
Name SubL2_2: Input!$L$19
Name TotalAssets1: Input!$E$28
Name TotalAssets2: Input!$F$28
Name TotalLiabilities1: Input!$K$20
Name TotalLiabilities2: Input!$L$20

Sheet Input
D2: BALANCE SHEET TEMPLATE
D3: INPUTS
D5: =IF(OR(E30<>K30,F30<>L30),"Total assets must be equal to total capital and liabilities. Please check and correct the figures!","")
D6: Line Item | E6: Beginning Balance | F6: End Balance | J6: Line Item | K6: Beginning Balance | L6: End Balance
D8: ASSETS | J8: LIABILITIES
D9: Current Assets | J9: Current Liabilities
D10: Cash | E10: 1000 | F10: 2500 | J10: Short-Term Debt | K10: 1400 | L10: 600
D11: Trade Accounts Receivable | E11: 1100 | F11: 550 | J11: Trade Accounts Payable | K11: 100 | L11: 550
D12: Inventories | E12: 700 | F12: 600 | J12: Other Accrued Liabilities | K12: 500 | L12: 800
J14: Total Current Liabilities | K14: =SUBTOTAL(109,Input!$K10:$K13) -> 2000 | L14: =SUBTOTAL(109,Input!$L10:$L13) -> 1950
J15: Non-Current Liabilities
J16: Long-Term Debt | K16: 1100 | L16: 1650
J19: Total Non-Current Liabilities | K19: =SUBTOTAL(109,Input!$K16:$K18) -> 1100 | L19: =SUBTOTAL(109,Input!$L16:$L18) -> 1650
D20: Total Current Assets | E20: =SUBTOTAL(109,Input!$E10:$E19) -> 2800 | F20: =SUBTOTAL(109,Input!$F$10:$F$19) -> 3650 | J20: Total Liabilities | K20: =SUM(SubL1_1,SubL2_1) -> 3100 | L20: =SUM(SubL1_2,SubL2_2) -> 3600
D21: Non-Current Assets | J21: EQUITY
D22: Property, Plant & Equipment | E22: 2500 | F22: 3000 | J22: Common Shares | K22: 700 | L22: 950
D23: Intangible Assets | E23: 150 | F23: 250 | J23: Retained Earnings | K23: 1700 | L23: 2450
D24: Equity Investments | E24: 250 | F24: 350 | J24: Revaluation Reserve | K24: 200 | L24: 250
D27: Total Non-Current Assets | E27: =SUBTOTAL(109,Input!$E22:$E26) -> 2900 | F27: =SUBTOTAL(109,Input!$F$22:$F$26) -> 3600 | J27: Total Equity | K27: =SUBTOTAL(109,Input!$K22:$K26) -> 2600 | L27: =SUBTOTAL(109,Input!$L22:$L26) -> 3650
D28: Total Assets | E28: =SUM(SubA1_1,SubA2_1) -> 5700 | F28: =SUM(SubA1_2,SubA2_2) -> 7250
D30: Total Assets | E30: =TotalAssets1 -> 5700 | F30: =TotalAssets2 -> 7250 | J30: Total Liabilities & Equity | K30: =SUM(TotalLiabilities1,SubC1_1) -> 5700 | L30: =SUM(TotalLiabilities2,SubC1_2) -> 7250

Sheet Dashboard
C2: BALANCE SHEET TEMPLATE
C3: DASHBOARD
H6: Total assets must be equal to total capital and liabilities. Please check and correct the figures!
G8: Financial Ratios | H8: Beginning | I8: End
G9: Current Ratio | H9: =Input!$E$20/Input!$K$14 -> 1.4 | I9: =Input!$F$20/Input!$L$14 -> 1.8717949
G10: Debt Ratio | H10: =TotalLiabilities1/TotalAssets1 -> 0.54385965 | I10: =TotalLiabilities2/TotalAssets2 -> 0.49655172
G11: Debt-To-Equity Ratio | H11: =TotalLiabilities1/Input!$K$27 -> 1.1923077 | I11: =TotalLiabilities2/Input!$L$27 -> 0.98630137
G12: Working Capital Amount | H12: =Input!$E$20-Input!$K$14 -> 800 | I12: =Input!$F$20-Input!$L$14 -> 1700
G14: =IF(OR(Input!E30<>Input!K30,Input!F30<>Input!L30),"Total assets must be equal to total capital and liabilities. Please check and correct the figures!","")
C17: ASSETS COMPOSITION | E17: LIABILITIES COMPOSITION | G17: EQUITY COMPOSITION

Sheet PrintForm
D2: BALANCE SHEET TEMPLATE
D3: PRINT FORM
D6: Balance Sheet
D8: Line Items | E8: Beginning Balance | F8: End Balance
D9: =PrnDB!P3 -> ASSETS | E9: =PrnDB!H3 -> 0 | F9: =PrnDB!I3 -> 0
D10: =PrnDB!P4 -> Current Assets | E10: =PrnDB!H4 -> 0 | F10: =PrnDB!I4 -> 0
D11: =PrnDB!P5 -> Cash | E11: =PrnDB!H5 -> 1000 | F11: =PrnDB!I5 -> 2500
D12: =PrnDB!P6 -> Trade Accounts Receivable | E12: =PrnDB!H6 -> 1100 | F12: =PrnDB!I6 -> 550
D13: =PrnDB!P7 -> Inventories | E13: =PrnDB!H7 -> 700 | F13: =PrnDB!I7 -> 600
D14: =PrnDB!P8 -> Total Current Assets | E14: =PrnDB!H8 -> 2800 | F14: =PrnDB!I8 -> 3650
D15: =PrnDB!P9 | E15: =PrnDB!H9 -> 0 | F15: =PrnDB!I9 -> 0
D16: =PrnDB!P10 -> Non-Current Assets | E16: =PrnDB!H10 -> 0 | F16: =PrnDB!I10 -> 0
D17: =PrnDB!P11 -> Property, Plant & Equipment | E17: =PrnDB!H11 -> 2500 | F17: =PrnDB!I11 -> 3000
D18: =PrnDB!P12 -> Intangible Assets | E18: =PrnDB!H12 -> 150 | F18: =PrnDB!I12 -> 250
D19: =PrnDB!P13 -> Equity Investments | E19: =PrnDB!H13 -> 250 | F19: =PrnDB!I13 -> 350
D20: =PrnDB!P14 -> Total Non-Current Assets | E20: =PrnDB!H14 -> 2900 | F20: =PrnDB!I14 -> 3600
... D453: =PrnDB!P447 | E453: =PrnDB!H447 -> 0 | F453: =PrnDB!I447 -> 0

Sheet DataBase
B2: Assets | C2: Beginning | D2: End | F2: Liabilities | G2: Beginning | H2: End | J2: Equity | K2: Beginning | L2: End | N2: Assets | O2: Beginning | P2: End | Q2: Valid | R2: 0 | T2: Liabilities | U2: Beginning | V2: End | W2: Valid | X2: 0 | Z2: Equity | AA2: Beginning | AB2: End | AC2: Valid | AD2: 0 | AF2: List Of Exemptions | AH2: Series | AI2: Assets | AJ2: Liabilities | AK2: Equity | AL2: Margin
B3: =IF(ROW()+4<=ROW(TotalAssets1),INDEX(Input,ROW()+1,3),0) -> ASSETS | C3: =IF(ROW()+4<=ROW(TotalAssets1),INDEX(Input,ROW()+1,4),0) -> 0 | D3: =IF(ROW()+4<=ROW(TotalAssets1),INDEX(Input,ROW()+1,5),0) -> 0 | F3: =IF(ROW()+4<=ROW(TotalLiabilities1),INDEX(Input,ROW()+1,9),0) -> LIABILITIES | G3: =IF(ROW()+4<=ROW(TotalLiabilities1),INDEX(Input,ROW()+1,10),0) -> 0 | H3: =IF(ROW()+4<=ROW(TotalLiabilities1),INDEX(Input,ROW()+1,11),0) -> 0 | J3: =IFERROR(IF(ROW()+4>ROW(TotalLiabilities1),INDEX(Input,ROW()+1,9),0),0) -> 0 | K3: =IFERROR(IF(ROW()+4>ROW(TotalLiabilities1),INDEX(Input,ROW()+1,10),0),0) -> 0 | L3: =IFERROR(IF(ROW()+4>ROW(TotalLiabilities1),INDEX(Input,ROW()+1,11),0),0) -> 0 | N3: =OFFSET(B3,DataBase!$R3,0) -> Cash | O3: =OFFSET(C3,DataBase!$R3,0) -> 1000 | P3: =OFFSET(D3,DataBase!$R3,0) -> 2500 | Q3: =IF(AND($B3<>0,ISNA(MATCH($B3,_Exemptions,0))),1,0) -> 0 | R3: =IFERROR(ROW(OFFSET(DataBase!$Q3,R2,,150))+MATCH(1,OFFSET(DataBase!$Q3,R2,,150),0)-1-ROW(),1000) -> 2 | T3: =OFFSET(F3,DataBase!$X3,0) -> Short-Term Debt | U3: =OFFSET(G3,DataBase!$X3,0) -> 1400 | V3: =OFFSET(H3,DataBase!$X3,0) -> 600 | W3: =IF(AND($F3<>0,ISNA(MATCH($F3,_Exemptions,0))),1,0) -> 0 | X3: =IFERROR(ROW(OFFSET(DataBase!$W3,X2,,150))+MATCH(1,OFFSET(DataBase!$W3,X2,,150),0)-1-ROW(),1000) -> 2 | Z3: =OFFSET(J3,DataBase!$AD3,0) -> Common Shares | AA3: =OFFSET(K3,DataBase!$AD3,0) -> 700 | AB3: =OFFSET(L3,DataBase!$AD3,0) -> 950 | AC3: =IF(AND($J3<>0,ISNA(MATCH($J3,_Exemptions,0))),1,0) -> 0 | AD3: =IFERROR(ROW(OFFSET(DataBase!$AC3,AD2,,150))+MATCH(1,OFFSET(DataBase!$AC3,AD2,,150),0)-1-ROW(),1000) -> 14 | AF3: ASSETS | AH3: Assets | AI3: =TotalAssets1 -> 5700 | AL3: =$AJ$12-AI3 -> 2300
B4: =IF(ROW()+4<=ROW(TotalAssets1),INDEX(Input,ROW()+1,3),0) -> Current Assets | C4: =IF(ROW()+4<=ROW(TotalAssets1),INDEX(Input,ROW()+1,4),0) -> 0 | D4: =IF(ROW()+4<=ROW(TotalAssets1),INDEX(Input,ROW()+1,5),0) -> 0 | F4: =IF(ROW()+4<=ROW(TotalLiabilities1),INDEX(Input,ROW()+1,9),0) -> Current Liabilities | G4: =IF(ROW()+4<=ROW(TotalLiabilities1),INDEX(Input,ROW()+1,10),0) -> 0 | H4: =IF(ROW()+4<=ROW(TotalLiabilities1),INDEX(Input,ROW()+1,11),0) -> 0 | J4: =IFERROR(IF(ROW()+4>ROW(TotalLiabilities1),INDEX(Input,ROW()+1,9),0),0) -> 0 | K4: =IFERROR(IF(ROW()+4>ROW(TotalLiabilities1),INDEX(Input,ROW()+1,10),0),0) -> 0 | L4: =IFERROR(IF(ROW()+4>ROW(TotalLiabilities1),INDEX(Input,ROW()+1,11),0),0) -> 0 | N4: =OFFSET(B4,DataBase!$R4,0) -> Trade Accounts Receivable | O4: =OFFSET(C4,DataBase!$R4,0) -> 1100 | P4: =OFFSET(D4,DataBase!$R4,0) -> 550 | Q4: =IF(AND($B4<>0,ISNA(MATCH($B4,_Exemptions,0))),1,0) -> 0 | R4: =IFERROR(ROW(OFFSET(DataBase!$Q4,R3,,150))+MATCH(1,OFFSET(DataBase!$Q4,R3,,150),0)-1-ROW(),1000) -> 2 | T4: =OFFSET(F4,DataBase!$X4,0) -> Trade Accounts Payable | U4: =OFFSET(G4,DataBase!$X4,0) -> 100 | V4: =OFFSET(H4,DataBase!$X4,0) -> 550 | W4: =IF(AND($F4<>0,ISNA(MATCH($F4,_Exemptions,0))),1,0) -> 0 | X4: =IFERROR(ROW(OFFSET(DataBase!$W4,X3,,150))+MATCH(1,OFFSET(DataBase!$W4,X3,,150),0)-1-ROW(),1000) -> 2 | Z4: =OFFSET(J4,DataBase!$AD4,0) -> Retained Earnings | AA4: =OFFSET(K4,DataBase!$AD4,0) -> 1700 | AB4: =OFFSET(L4,DataBase!$AD4,0) -> 2450 | AC4: =IF(AND($J4<>0,ISNA(MATCH($J4,_Exemptions,0))),1,0) -> 0 | AD4: =IFERROR(ROW(OFFSET(DataBase!$AC4,AD3,,150))+MATCH(1,OFFSET(DataBase!$AC4,AD3,,150),0)-1-ROW(),1000) -> 14 | AF4: Current Assets | AH4: Liabilities & Equity | AJ4: =TotalLiabilities1 -> 3100 | AK4: =Input!$K$27 -> 2600
B5: =IF(ROW()+4<=ROW(TotalAssets1),INDEX(Input,ROW()+1,3),0) -> Cash | C5: =IF(ROW()+4<=ROW(TotalAssets1),INDEX(Input,ROW()+1,4),0) -> 1000 | D5: =IF(ROW()+4<=ROW(TotalAssets1),INDEX(Input,ROW()+1,5),0) -> 2500 | F5: =IF(ROW()+4<=ROW(TotalLiabilities1),INDEX(Input,ROW()+1,9),0) -> Short-Term Debt | G5: =IF(ROW()+4<=ROW(TotalLiabilities1),INDEX(Input,ROW()+1,10),0) -> 1400 | H5: =IF(ROW()+4<=ROW(TotalLiabilities1),INDEX(Input,ROW()+1,11),0) -> 600 | J5: =IFERROR(IF(ROW()+4>ROW(TotalLiabilities1),INDEX(Input,ROW()+1,9),0),0) -> 0 | K5: =IFERROR(IF(ROW()+4>ROW(TotalLiabilities1),INDEX(Input,ROW()+1,10),0),0) -> 0 | L5: =IFERROR(IF(ROW()+4>ROW(TotalLiabilities1),INDEX(Input,ROW()+1,11),0),0) -> 0 | N5: =OFFSET(B5,DataBase!$R5,0) -> Inventories | O5: =OFFSET(C5,DataBase!$R5,0) -> 700 | P5: =OFFSET(D5,DataBase!$R5,0) -> 600 | Q5: =IF(AND($B5<>0,ISNA(MATCH($B5,_Exemptions,0))),1,0) -> 1 | R5: =IFERROR(ROW(OFFSET(DataBase!$Q5,R4,,150))+MATCH(1,OFFSET(DataBase!$Q5,R4,,150),0)-1-ROW(),1000) -> 2 | T5: =OFFSET(F5,DataBase!$X5,0) -> Other Accrued Liabilities | U5: =OFFSET(G5,DataBase!$X5,0) -> 500 | V5: =OFFSET(H5,DataBase!$X5,0) -> 800 | W5: =IF(AND($F5<>0,ISNA(MATCH($F5,_Exemptions,0))),1,0) -> 1 | X5: =IFERROR(ROW(OFFSET(DataBase!$W5,X4,,150))+MATCH(1,OFFSET(DataBase!$W5,X4,,150),0)-1-ROW(),1000) -> 2 | Z5: =OFFSET(J5,DataBase!$AD5,0) -> Revaluation Reserve | AA5: =OFFSET(K5,DataBase!$AD5,0) -> 200 | AB5: =OFFSET(L5,DataBase!$AD5,0) -> 250 | AC5: =IF(AND($J5<>0,ISNA(MATCH($J5,_Exemptions,0))),1,0) -> 0 | AD5: =IFERROR(ROW(OFFSET(DataBase!$AC5,AD4,,150))+MATCH(1,OFFSET(DataBase!$AC5,AD4,,150),0)-1-ROW(),1000) -> 14 | AF5: Total Current Assets
B6: =IF(ROW()+4<=ROW(TotalAssets1),INDEX(Input,ROW()+1,3),0) -> Trade Accounts Receivable | C6: =IF(ROW()+4<=ROW(TotalAssets1),INDEX(Input,ROW()+1,4),0) -> 1100 | D6: =IF(ROW()+4<=ROW(TotalAssets1),INDEX(Input,ROW()+1,5),0) -> 550 | F6: =IF(ROW()+4<=ROW(TotalLiabilities1),INDEX(Input,ROW()+1,9),0) -> Trade Accounts Payable | G6: =IF(ROW()+4<=ROW(TotalLiabilities1),INDEX(Input,ROW()+1,10),0) -> 100 | H6: =IF(ROW()+4<=ROW(TotalLiabilities1),INDEX(Input,ROW()+1,11),0) -> 550 | J6: =IFERROR(IF(ROW()+4>ROW(TotalLiabilities1),INDEX(Input,ROW()+1,9),0),0) -> 0 | K6: =IFERROR(IF(ROW()+4>ROW(TotalLiabilities1),INDEX(Input,ROW()+1,10),0),0) -> 0 | L6: =IFERROR(IF(ROW()+4>ROW(TotalLiabilities1),INDEX(Input,ROW()+1,11),0),0) -> 0 | N6: =OFFSET(B6,DataBase!$R6,0) -> Property, Plant & Equipment | O6: =OFFSET(C6,DataBase!$R6,0) -> 2500 | P6: =OFFSET(D6,DataBase!$R6,0) -> 3000 | Q6: =IF(AND($B6<>0,ISNA(MATCH($B6,_Exemptions,0))),1,0) -> 1 | R6: =IFERROR(ROW(OFFSET(DataBase!$Q6,R5,,150))+MATCH(1,OFFSET(DataBase!$Q6,R5,,150),0)-1-ROW(),1000) -> 11 | T6: =OFFSET(F6,DataBase!$X6,0) -> Long-Term Debt | U6: =OFFSET(G6,DataBase!$X6,0) -> 1100 | V6: =OFFSET(H6,DataBase!$X6,0) -> 1650 | W6: =IF(AND($F6<>0,ISNA(MATCH($F6,_Exemptions,0))),1,0) -> 1 | X6: =IFERROR(ROW(OFFSET(DataBase!$W6,X5,,150))+MATCH(1,OFFSET(DataBase!$W6,X5,,150),0)-1-ROW(),1000) -> 5 | Z6: =OFFSET(J6,DataBase!$AD6,0) -> 0 | AA6: =OFFSET(K6,DataBase!$AD6,0) -> 0 | AB6: =OFFSET(L6,DataBase!$AD6,0) -> 0 | AC6: =IF(AND($J6<>0,ISNA(MATCH($J6,_Exemptions,0))),1,0) -> 0 | AD6: =IFERROR(ROW(OFFSET(DataBase!$AC6,AD5,,150))+MATCH(1,OFFSET(DataBase!$AC6,AD5,,150),0)-1-ROW(),1000) -> 1000 | AF6: Non-Current Assets | AH6: Assets | AI6: =TotalAssets2 -> 7250 | AL6: =$AJ$12-AI6 -> 750
B7: =IF(ROW()+4<=ROW(TotalAssets1),INDEX(Input,ROW()+1,3),0) -> Inventories | C7: =IF(ROW()+4<=ROW(TotalAssets1),INDEX(Input,ROW()+1,4),0) -> 700 | D7: =IF(ROW()+4<=ROW(TotalAssets1),INDEX(Input,ROW()+1,5),0) -> 600 | F7: =IF(ROW()+4<=ROW(TotalLiabilities1),INDEX(Input,ROW()+1,9),0) -> Other Accrued Liabilities | G7: =IF(ROW()+4<=ROW(TotalLiabilities1),INDEX(Input,ROW()+1,10),0) -> 500 | H7: =IF(ROW()+4<=ROW(TotalLiabilities1),INDEX(Input,ROW()+1,11),0) -> 800 | J7: =IFERROR(IF(ROW()+4>ROW(TotalLiabilities1),INDEX(Input,ROW()+1,9),0),0) -> 0 | K7: =IFERROR(IF(ROW()+4>ROW(TotalLiabilities1),INDEX(Input,ROW()+1,10),0),0) -> 0 | L7: =IFERROR(IF(ROW()+4>ROW(TotalLiabilities1),INDEX(Input,ROW()+1,11),0),0) -> 0 | N7: =OFFSET(B7,DataBase!$R7,0) -> Intangible Assets | O7: =OFFSET(C7,DataBase!$R7,0) -> 150 | P7: =OFFSET(D7,DataBase!$R7,0) -> 250 | Q7: =IF(AND($B7<>0,ISNA(MATCH($B7,_Exemptions,0))),1,0) -> 1 | R7: =IFERROR(ROW(OFFSET(DataBase!$Q7,R6,,150))+MATCH(1,OFFSET(DataBase!$Q7,R6,,150),0)-1-ROW(),1000) -> 11 | T7: =OFFSET(F7,DataBase!$X7,0) -> 0 | U7: =OFFSET(G7,DataBase!$X7,0) -> 0 | V7: =OFFSET(H7,DataBase!$X7,0) -> 0 | W7: =IF(AND($F7<>0,ISNA(MATCH($F7,_Exemptions,0))),1,0) -> 1 | X7: =IFERROR(ROW(OFFSET(DataBase!$W7,X6,,150))+MATCH(1,OFFSET(DataBase!$W7,X6,,150),0)-1-ROW(),1000) -> 1000 | Z7: =OFFSET(J7,DataBase!$AD7,0) -> 0 | AA7: =OFFSET(K7,DataBase!$AD7,0) -> 0 | AB7: =OFFSET(L7,DataBase!$AD7,0) -> 0 | AC7: =IF(AND($J7<>0,ISNA(MATCH($J7,_Exemptions,0))),1,0) -> 0 | AD7: =IFERROR(ROW(OFFSET(DataBase!$AC7,AD6,,150))+MATCH(1,OFFSET(DataBase!$AC7,AD6,,150),0)-1-ROW(),1000) -> 1000 | AF7: Total Non-Current Assets | AH7: Liabilities & Equity | AJ7: =TotalLiabilities2 -> 3600 | AK7: =Input!$L$27 -> 3650
B8: =IF(ROW()+4<=ROW(TotalAssets1),INDEX(Input,ROW()+1,3),0) -> 0 | C8: =IF(ROW()+4<=ROW(TotalAssets1),INDEX(Input,ROW()+1,4),0) -> 0 | D8: =IF(ROW()+4<=ROW(TotalAssets1),INDEX(Input,ROW()+1,5),0) -> 0 | F8: =IF(ROW()+4<=ROW(TotalLiabilities1),INDEX(Input,ROW()+1,9),0) -> 0 | G8: =IF(ROW()+4<=ROW(TotalLiabilities1),INDEX(Input,ROW()+1,10),0) -> 0 | H8: =IF(ROW()+4<=ROW(TotalLiabilities1),INDEX(Input,ROW()+1,11),0) -> 0 | J8: =IFERROR(IF(ROW()+4>ROW(TotalLiabilities1),INDEX(Input,ROW()+1,9),0),0) -> 0 | K8: =IFERROR(IF(ROW()+4>ROW(TotalLiabilities1),INDEX(Input,ROW()+1,10),0),0) -> 0 | L8: =IFERROR(IF(ROW()+4>ROW(TotalLiabilities1),INDEX(Input,ROW()+1,11),0),0) -> 0 | N8: =OFFSET(B8,DataBase!$R8,0) -> Equity Investments | O8: =OFFSET(C8,DataBase!$R8,0) -> 250 | P8: =OFFSET(D8,DataBase!$R8,0) -> 350 | Q8: =IF(AND($B8<>0,ISNA(MATCH($B8,_Exemptions,0))),1,0) -> 0 | R8: =IFERROR(ROW(OFFSET(DataBase!$Q8,R7,,150))+MATCH(1,OFFSET(DataBase!$Q8,R7,,150),0)-1-ROW(),1000) -> 11 | T8: =OFFSET(F8,DataBase!$X8,0) -> 0 | U8: =OFFSET(G8,DataBase!$X8,0) -> 0 | V8: =OFFSET(H8,DataBase!$X8,0) -> 0 | W8: =IF(AND($F8<>0,ISNA(MATCH($F8,_Exemptions,0))),1,0) -> 0 | X8: =IFERROR(ROW(OFFSET(DataBase!$W8,X7,,150))+MATCH(1,OFFSET(DataBase!$W8,X7,,150),0)-1-ROW(),1000) -> 1000 | Z8: =OFFSET(J8,DataBase!$AD8,0) -> 0 | AA8: =OFFSET(K8,DataBase!$AD8,0) -> 0 | AB8: =OFFSET(L8,DataBase!$AD8,0) -> 0 | AC8: =IF(AND($J8<>0,ISNA(MATCH($J8,_Exemptions,0))),1,0) -> 0 | AD8: =IFERROR(ROW(OFFSET(DataBase!$AC8,AD7,,150))+MATCH(1,OFFSET(DataBase!$AC8,AD7,,150),0)-1-ROW(),1000) -> 1000 | AF8: Total Assets
B9: =IF(ROW()+4<=ROW(TotalAssets1),INDEX(Input,ROW()+1,3),0) -> 0 | C9: =IF(ROW()+4<=ROW(TotalAssets1),INDEX(Input,ROW()+1,4),0) -> 0 | D9: =IF(ROW()+4<=ROW(TotalAssets1),INDEX(Input,ROW()+1,5),0) -> 0 | F9: =IF(ROW()+4<=ROW(TotalLiabilities1),INDEX(Input,ROW()+1,9),0) -> Total Current Liabilities | G9: =IF(ROW()+4<=ROW(TotalLiabilities1),INDEX(Input,ROW()+1,10),0) -> 2000 | H9: =IF(ROW()+4<=ROW(TotalLiabilities1),INDEX(Input,ROW()+1,11),0) -> 1950 | J9: =IFERROR(IF(ROW()+4>ROW(TotalLiabilities1),INDEX(Input,ROW()+1,9),0),0) -> 0 | K9: =IFERROR(IF(ROW()+4>ROW(TotalLiabilities1),INDEX(Input,ROW()+1,10),0),0) -> 0 | L9: =IFERROR(IF(ROW()+4>ROW(TotalLiabilities1),INDEX(Input,ROW()+1,11),0),0) -> 0 | N9: =OFFSET(B9,DataBase!$R9,0) -> 0 | O9: =OFFSET(C9,DataBase!$R9,0) -> 0 | P9: =OFFSET(D9,DataBase!$R9,0) -> 0 | Q9: =IF(AND($B9<>0,ISNA(MATCH($B9,_Exemptions,0))),1,0) -> 0 | R9: =IFERROR(ROW(OFFSET(DataBase!$Q9,R8,,150))+MATCH(1,OFFSET(DataBase!$Q9,R8,,150),0)-1-ROW(),1000) -> 1000 | T9: =OFFSET(F9,DataBase!$X9,0) -> 0 | U9: =OFFSET(G9,DataBase!$X9,0) -> 0 | V9: =OFFSET(H9,DataBase!$X9,0) -> 0 | W9: =IF(AND($F9<>0,ISNA(MATCH($F9,_Exemptions,0))),1,0) -> 0 | X9: =IFERROR(ROW(OFFSET(DataBase!$W9,X8,,150))+MATCH(1,OFFSET(DataBase!$W9,X8,,150),0)-1-ROW(),1000) -> 1000 | Z9: =OFFSET(J9,DataBase!$AD9,0) -> 0 | AA9: =OFFSET(K9,DataBase!$AD9,0) -> 0 | AB9: =OFFSET(L9,DataBase!$AD9,0) -> 0 | AC9: =IF(AND($J9<>0,ISNA(MATCH($J9,_Exemptions,0))),1,0) -> 0 | AD9: =IFERROR(ROW(OFFSET(DataBase!$AC9,AD8,,150))+MATCH(1,OFFSET(DataBase!$AC9,AD8,,150),0)-1-ROW(),1000) -> 1000 | AF9: LIABILITIES
B10: =IF(ROW()+4<=ROW(TotalAssets1),INDEX(Input,ROW()+1,3),0) -> 0 | C10: =IF(ROW()+4<=ROW(TotalAssets1),INDEX(Input,ROW()+1,4),0) -> 0 | D10: =IF(ROW()+4<=ROW(TotalAssets1),INDEX(Input,ROW()+1,5),0) -> 0 | F10: =IF(ROW()+4<=ROW(TotalLiabilities1),INDEX(Input,ROW()+1,9),0) -> Non-Current Liabilities | G10: =IF(ROW()+4<=ROW(TotalLiabilities1),INDEX(Input,ROW()+1,10),0) -> 0 | H10: =IF(ROW()+4<=ROW(TotalLiabilities1),INDEX(Input,ROW()+1,11),0) -> 0 | J10: =IFERROR(IF(ROW()+4>ROW(TotalLiabilities1),INDEX(Input,ROW()+1,9),0),0) -> 0 | K10: =IFERROR(IF(ROW()+4>ROW(TotalLiabilities1),INDEX(Input,ROW()+1,10),0),0) -> 0 | L10: =IFERROR(IF(ROW()+4>ROW(TotalLiabilities1),INDEX(Input,ROW()+1,11),0),0) -> 0 | N10: =OFFSET(B10,DataBase!$R10,0) -> 0 | O10: =OFFSET(C10,DataBase!$R10,0) -> 0 | P10: =OFFSET(D10,DataBase!$R10,0) -> 0 | Q10: =IF(AND($B10<>0,ISNA(MATCH($B10,_Exemptions,0))),1,0) -> 0 | R10: =IFERROR(ROW(OFFSET(DataBase!$Q10,R9,,150))+MATCH(1,OFFSET(DataBase!$Q10,R9,,150),0)-1-ROW(),1000) -> 1000 | T10: =OFFSET(F10,DataBase!$X10,0) -> 0 | U10: =OFFSET(G10,DataBase!$X10,0) -> 0 | V10: =OFFSET(H10,DataBase!$X10,0) -> 0 | W10: =IF(AND($F10<>0,ISNA(MATCH($F10,_Exemptions,0))),1,0) -> 0 | X10: =IFERROR(ROW(OFFSET(DataBase!$W10,X9,,150))+MATCH(1,OFFSET(DataBase!$W10,X9,,150),0)-1-ROW(),1000) -> 1000 | Z10: =OFFSET(J10,DataBase!$AD10,0) -> 0 | AA10: =OFFSET(K10,DataBase!$AD10,0) -> 0 | AB10: =OFFSET(L10,DataBase!$AD10,0) -> 0 | AC10: =IF(AND($J10<>0,ISNA(MATCH($J10,_Exemptions,0))),1,0) -> 0 | AD10: =IFERROR(ROW(OFFSET(DataBase!$AC10,AD9,,150))+MATCH(1,OFFSET(DataBase!$AC10,AD9,,150),0)-1-ROW(),1000) -> 1000 | AF10: Current Liabilities | AI10: Actual Scale | AJ10: Scale Limits | AK10: Round
B11: =IF(ROW()+4<=ROW(TotalAssets1),INDEX(Input,ROW()+1,3),0) -> 0 | C11: =IF(ROW()+4<=ROW(TotalAssets1),INDEX(Input,ROW()+1,4),0) -> 0 | D11: =IF(ROW()+4<=ROW(TotalAssets1),INDEX(Input,ROW()+1,5),0) -> 0 | F11: =IF(ROW()+4<=ROW(TotalLiabilities1),INDEX(Input,ROW()+1,9),0) -> Long-Term Debt | G11: =IF(ROW()+4<=ROW(TotalLiabilities1),INDEX(Input,ROW()+1,10),0) -> 1100 | H11: =IF(ROW()+4<=ROW(TotalLiabilities1),INDEX(Input,ROW()+1,11),0) -> 1650 | J11: =IFERROR(IF(ROW()+4>ROW(TotalLiabilities1),INDEX(Input,ROW()+1,9),0),0) -> 0 | K11: =IFERROR(IF(ROW()+4>ROW(TotalLiabilities1),INDEX(Input,ROW()+1,10),0),0) -> 0 | L11: =IFERROR(IF(ROW()+4>ROW(TotalLiabilities1),INDEX(Input,ROW()+1,11),0),0) -> 0 | N11: =OFFSET(B11,DataBase!$R11,0) -> 0 | O11: =OFFSET(C11,DataBase!$R11,0) -> 0 | P11: =OFFSET(D11,DataBase!$R11,0) -> 0 | Q11: =IF(AND($B11<>0,ISNA(MATCH($B11,_Exemptions,0))),1,0) -> 0 | R11: =IFERROR(ROW(OFFSET(DataBase!$Q11,R10,,150))+MATCH(1,OFFSET(DataBase!$Q11,R10,,150),0)-1-ROW(),1000) -> 1000 | T11: =OFFSET(F11,DataBase!$X11,0) -> 0 | U11: =OFFSET(G11,DataBase!$X11,0) -> 0 | V11: =OFFSET(H11,DataBase!$X11,0) -> 0 | W11: =IF(AND($F11<>0,ISNA(MATCH($F11,_Exemptions,0))),1,0) -> 1 | X11: =IFERROR(ROW(OFFSET(DataBase!$W11,X10,,150))+MATCH(1,OFFSET(DataBase!$W11,X10,,150),0)-1-ROW(),1000) -> 1000 | Z11: =OFFSET(J11,DataBase!$AD11,0) -> 0 | AA11: =OFFSET(K11,DataBase!$AD11,0) -> 0 | AB11: =OFFSET(L11,DataBase!$AD11,0) -> 0 | AC11: =IF(AND($J11<>0,ISNA(MATCH($J11,_Exemptions,0))),1,0) -> 0 | AD11: =IFERROR(ROW(OFFSET(DataBase!$AC11,AD10,,150))+MATCH(1,OFFSET(DataBase!$AC11,AD10,,150),0)-1-ROW(),1000) -> 1000 | AF11: Total Current Liabilities | AH11: Min | AI11: =MIN($AI$3:$AI$7) -> 5700 | AJ11: =0 -> 0
B12: =IF(ROW()+4<=ROW(TotalAssets1),INDEX(Input,ROW()+1,3),0) -> 0 | C12: =IF(ROW()+4<=ROW(TotalAssets1),INDEX(Input,ROW()+1,4),0) -> 0 | D12: =IF(ROW()+4<=ROW(TotalAssets1),INDEX(Input,ROW()+1,5),0) -> 0 | F12: =IF(ROW()+4<=ROW(TotalLiabilities1),INDEX(Input,ROW()+1,9),0) -> 0 | G12: =IF(ROW()+4<=ROW(TotalLiabilities1),INDEX(Input,ROW()+1,10),0) -> 0 | H12: =IF(ROW()+4<=ROW(TotalLiabilities1),INDEX(Input,ROW()+1,11),0) -> 0 | J12: =IFERROR(IF(ROW()+4>ROW(TotalLiabilities1),INDEX(Input,ROW()+1,9),0),0) -> 0 | K12: =IFERROR(IF(ROW()+4>ROW(TotalLiabilities1),INDEX(Input,ROW()+1,10),0),0) -> 0 | L12: =IFERROR(IF(ROW()+4>ROW(TotalLiabilities1),INDEX(Input,ROW()+1,11),0),0) -> 0 | N12: =OFFSET(B12,DataBase!$R12,0) -> 0 | O12: =OFFSET(C12,DataBase!$R12,0) -> 0 | P12: =OFFSET(D12,DataBase!$R12,0) -> 0 | Q12: =IF(AND($B12<>0,ISNA(MATCH($B12,_Exemptions,0))),1,0) -> 0 | R12: =IFERROR(ROW(OFFSET(DataBase!$Q12,R11,,150))+MATCH(1,OFFSET(DataBase!$Q12,R11,,150),0)-1-ROW(),1000) -> 1000 | T12: =OFFSET(F12,DataBase!$X12,0) -> 0 | U12: =OFFSET(G12,DataBase!$X12,0) -> 0 | V12: =OFFSET(H12,DataBase!$X12,0) -> 0 | W12: =IF(AND($F12<>0,ISNA(MATCH($F12,_Exemptions,0))),1,0) -> 0 | X12: =IFERROR(ROW(OFFSET(DataBase!$W12,X11,,150))+MATCH(1,OFFSET(DataBase!$W12,X11,,150),0)-1-ROW(),1000) -> 1000 | Z12: =OFFSET(J12,DataBase!$AD12,0) -> 0 | AA12: =OFFSET(K12,DataBase!$AD12,0) -> 0 | AB12: =OFFSET(L12,DataBase!$AD12,0) -> 0 | AC12: =IF(AND($J12<>0,ISNA(MATCH($J12,_Exemptions,0))),1,0) -> 0 | AD12: =IFERROR(ROW(OFFSET(DataBase!$AC12,AD11,,150))+MATCH(1,OFFSET(DataBase!$AC12,AD11,,150),0)-1-ROW(),1000) -> 1000 | AF12: Non-Current Liabilities | AH12: Max | AI12: =MAX($AI$3:$AI$7) -> 7250 | AJ12: =CEILING(AI12,AK12) -> 8000 | AK12: =10^(ROUND(LOG10(AI12),0)-1) -> 1000
B13: =IF(ROW()+4<=ROW(TotalAssets1),INDEX(Input,ROW()+1,3),0) -> 0 | C13: =IF(ROW()+4<=ROW(TotalAssets1),INDEX(Input,ROW()+1,4),0) -> 0 | D13: =IF(ROW()+4<=ROW(TotalAssets1),INDEX(Input,ROW()+1,5),0) -> 0 | F13: =IF(ROW()+4<=ROW(TotalLiabilities1),INDEX(Input,ROW()+1,9),0) -> 0 | G13: =IF(ROW()+4<=ROW(TotalLiabilities1),INDEX(Input,ROW()+1,10),0) -> 0 | H13: =IF(ROW()+4<=ROW(TotalLiabilities1),INDEX(Input,ROW()+1,11),0) -> 0 | J13: =IFERROR(IF(ROW()+4>ROW(TotalLiabilities1),INDEX(Input,ROW()+1,9),0),0) -> 0 | K13: =IFERROR(IF(ROW()+4>ROW(TotalLiabilities1),INDEX(Input,ROW()+1,10),0),0) -> 0 | L13: =IFERROR(IF(ROW()+4>ROW(TotalLiabilities1),INDEX(Input,ROW()+1,11),0),0) -> 0 | N13: =OFFSET(B13,DataBase!$R13,0) -> 0 | O13: =OFFSET(C13,DataBase!$R13,0) -> 0 | P13: =OFFSET(D13,DataBase!$R13,0) -> 0 | Q13: =IF(AND($B13<>0,ISNA(MATCH($B13,_Exemptions,0))),1,0) -> 0 | R13: =IFERROR(ROW(OFFSET(DataBase!$Q13,R12,,150))+MATCH(1,OFFSET(DataBase!$Q13,R12,,150),0)-1-ROW(),1000) -> 1000 | T13: =OFFSET(F13,DataBase!$X13,0) -> 0 | U13: =OFFSET(G13,DataBase!$X13,0) -> 0 | V13: =OFFSET(H13,DataBase!$X13,0) -> 0 | W13: =IF(AND($F13<>0,ISNA(MATCH($F13,_Exemptions,0))),1,0) -> 0 | X13: =IFERROR(ROW(OFFSET(DataBase!$W13,X12,,150))+MATCH(1,OFFSET(DataBase!$W13,X12,,150),0)-1-ROW(),1000) -> 1000 | Z13: =OFFSET(J13,DataBase!$AD13,0) -> 0 | AA13: =OFFSET(K13,DataBase!$AD13,0) -> 0 | AB13: =OFFSET(L13,DataBase!$AD13,0) -> 0 | AC13: =IF(AND($J13<>0,ISNA(MATCH($J13,_Exemptions,0))),1,0) -> 0 | AD13: =IFERROR(ROW(OFFSET(DataBase!$AC13,AD12,,150))+MATCH(1,OFFSET(DataBase!$AC13,AD12,,150),0)-1-ROW(),1000) -> 1000 | AF13: Total Non-Current Liabilities
B14: =IF(ROW()+4<=ROW(TotalAssets1),INDEX(Input,ROW()+1,3),0) -> 0 | C14: =IF(ROW()+4<=ROW(TotalAssets1),INDEX(Input,ROW()+1,4),0) -> 0 | D14: =IF(ROW()+4<=ROW(TotalAssets1),INDEX(Input,ROW()+1,5),0) -> 0 | F14: =IF(ROW()+4<=ROW(TotalLiabilities1),INDEX(Input,ROW()+1,9),0) -> Total Non-Current Liabilities | G14: =IF(ROW()+4<=ROW(TotalLiabilities1),INDEX(Input,ROW()+1,10),0) -> 1100 | H14: =IF(ROW()+4<=ROW(TotalLiabilities1),INDEX(Input,ROW()+1,11),0) -> 1650 | J14: =IFERROR(IF(ROW()+4>ROW(TotalLiabilities1),INDEX(Input,ROW()+1,9),0),0) -> 0 | K14: =IFERROR(IF(ROW()+4>ROW(TotalLiabilities1),INDEX(Input,ROW()+1,10),0),0) -> 0 | L14: =IFERROR(IF(ROW()+4>ROW(TotalLiabilities1),INDEX(Input,ROW()+1,11),0),0) -> 0 | N14: =OFFSET(B14,DataBase!$R14,0) -> 0 | O14: =OFFSET(C14,DataBase!$R14,0) -> 0 | P14: =OFFSET(D14,DataBase!$R14,0) -> 0 | Q14: =IF(AND($B14<>0,ISNA(MATCH($B14,_Exemptions,0))),1,0) -> 0 | R14: =IFERROR(ROW(OFFSET(DataBase!$Q14,R13,,150))+MATCH(1,OFFSET(DataBase!$Q14,R13,,150),0)-1-ROW(),1000) -> 1000 | T14: =OFFSET(F14,DataBase!$X14,0) -> 0 | U14: =OFFSET(G14,DataBase!$X14,0) -> 0 | V14: =OFFSET(H14,DataBase!$X14,0) -> 0 | W14: =IF(AND($F14<>0,ISNA(MATCH($F14,_Exemptions,0))),1,0) -> 0 | X14: =IFERROR(ROW(OFFSET(DataBase!$W14,X13,,150))+MATCH(1,OFFSET(DataBase!$W14,X13,,150),0)-1-ROW(),1000) -> 1000 | Z14: =OFFSET(J14,DataBase!$AD14,0) -> 0 | AA14: =OFFSET(K14,DataBase!$AD14,0) -> 0 | AB14: =OFFSET(L14,DataBase!$AD14,0) -> 0 | AC14: =IF(AND($J14<>0,ISNA(MATCH($J14,_Exemptions,0))),1,0) -> 0 | AD14: =IFERROR(ROW(OFFSET(DataBase!$AC14,AD13,,150))+MATCH(1,OFFSET(DataBase!$AC14,AD13,,150),0)-1-ROW(),1000) -> 1000 | AF14: Total Liabilities
B15: =IF(ROW()+4<=ROW(TotalAssets1),INDEX(Input,ROW()+1,3),0) -> Total Current Assets | C15: =IF(ROW()+4<=ROW(TotalAssets1),INDEX(Input,ROW()+1,4),0) -> 2800 | D15: =IF(ROW()+4<=ROW(TotalAssets1),INDEX(Input,ROW()+1,5),0) -> 3650 | F15: =IF(ROW()+4<=ROW(TotalLiabilities1),INDEX(Input,ROW()+1,9),0) -> Total Liabilities | G15: =IF(ROW()+4<=ROW(TotalLiabilities1),INDEX(Input,ROW()+1,10),0) -> 3100 | H15: =IF(ROW()+4<=ROW(TotalLiabilities1),INDEX(Input,ROW()+1,11),0) -> 3600 | J15: =IFERROR(IF(ROW()+4>ROW(TotalLiabilities1),INDEX(Input,ROW()+1,9),0),0) -> 0 | K15: =IFERROR(IF(ROW()+4>ROW(TotalLiabilities1),INDEX(Input,ROW()+1,10),0),0) -> 0 | L15: =IFERROR(IF(ROW()+4>ROW(TotalLiabilities1),INDEX(Input,ROW()+1,11),0),0) -> 0 | N15: =OFFSET(B15,DataBase!$R15,0) -> 0 | O15: =OFFSET(C15,DataBase!$R15,0) -> 0 | P15: =OFFSET(D15,DataBase!$R15,0) -> 0 | Q15: =IF(AND($B15<>0,ISNA(MATCH($B15,_Exemptions,0))),1,0) -> 0 | R15: =IFERROR(ROW(OFFSET(DataBase!$Q15,R14,,150))+MATCH(1,OFFSET(DataBase!$Q15,R14,,150),0)-1-ROW(),1000) -> 1000 | T15: =OFFSET(F15,DataBase!$X15,0) -> 0 | U15: =OFFSET(G15,DataBase!$X15,0) -> 0 | V15: =OFFSET(H15,DataBase!$X15,0) -> 0 | W15: =IF(AND($F15<>0,ISNA(MATCH($F15,_Exemptions,0))),1,0) -> 0 | X15: =IFERROR(ROW(OFFSET(DataBase!$W15,X14,,150))+MATCH(1,OFFSET(DataBase!$W15,X14,,150),0)-1-ROW(),1000) -> 1000 | Z15: =OFFSET(J15,DataBase!$AD15,0) -> 0 | AA15: =OFFSET(K15,DataBase!$AD15,0) -> 0 | AB15: =OFFSET(L15,DataBase!$AD15,0) -> 0 | AC15: =IF(AND($J15<>0,ISNA(MATCH($J15,_Exemptions,0))),1,0) -> 0 | AD15: =IFERROR(ROW(OFFSET(DataBase!$AC15,AD14,,150))+MATCH(1,OFFSET(DataBase!$AC15,AD14,,150),0)-1-ROW(),1000) -> 1000 | AF15: EQUITY
B16: =IF(ROW()+4<=ROW(TotalAssets1),INDEX(Input,ROW()+1,3),0) -> Non-Current Assets | C16: =IF(ROW()+4<=ROW(TotalAssets1),INDEX(Input,ROW()+1,4),0) -> 0 | D16: =IF(ROW()+4<=ROW(TotalAssets1),INDEX(Input,ROW()+1,5),0) -> 0 | F16: =IF(ROW()+4<=ROW(TotalLiabilities1),INDEX(Input,ROW()+1,9),0) -> EQUITY | G16: =IF(ROW()+4<=ROW(TotalLiabilities1),INDEX(Input,ROW()+1,10),0) -> 0 | H16: =IF(ROW()+4<=ROW(TotalLiabilities1),INDEX(Input,ROW()+1,11),0) -> 0 | J16: =IFERROR(IF(ROW()+4>ROW(TotalLiabilities1),INDEX(Input,ROW()+1,9),0),0) -> 0 | K16: =IFERROR(IF(ROW()+4>ROW(TotalLiabilities1),INDEX(Input,ROW()+1,10),0),0) -> 0 | L16: =IFERROR(IF(ROW()+4>ROW(TotalLiabilities1),INDEX(Input,ROW()+1,11),0),0) -> 0 | N16: =OFFSET(B16,DataBase!$R16,0) -> 0 | O16: =OFFSET(C16,DataBase!$R16,0) -> 0 | P16: =OFFSET(D16,DataBase!$R16,0) -> 0 | Q16: =IF(AND($B16<>0,ISNA(MATCH($B16,_Exemptions,0))),1,0) -> 0 | R16: =IFERROR(ROW(OFFSET(DataBase!$Q16,R15,,150))+MATCH(1,OFFSET(DataBase!$Q16,R15,,150),0)-1-ROW(),1000) -> 1000 | T16: =OFFSET(F16,DataBase!$X16,0) -> 0 | U16: =OFFSET(G16,DataBase!$X16,0) -> 0 | V16: =OFFSET(H16,DataBase!$X16,0) -> 0 | W16: =IF(AND($F16<>0,ISNA(MATCH($F16,_Exemptions,0))),1,0) -> 0 | X16: =IFERROR(ROW(OFFSET(DataBase!$W16,X15,,150))+MATCH(1,OFFSET(DataBase!$W16,X15,,150),0)-1-ROW(),1000) -> 1000 | Z16: =OFFSET(J16,DataBase!$AD16,0) -> 0 | AA16: =OFFSET(K16,DataBase!$AD16,0) -> 0 | AB16: =OFFSET(L16,DataBase!$AD16,0) -> 0 | AC16: =IF(AND($J16<>0,ISNA(MATCH($J16,_Exemptions,0))),1,0) -> 0 | AD16: =IFERROR(ROW(OFFSET(DataBase!$AC16,AD15,,150))+MATCH(1,OFFSET(DataBase!$AC16,AD15,,150),0)-1-ROW(),1000) -> 1000 | AF16: Total Equity
B17: =IF(ROW()+4<=ROW(TotalAssets1),INDEX(Input,ROW()+1,3),0) -> Property, Plant & Equipment | C17: =IF(ROW()+4<=ROW(TotalAssets1),INDEX(Input,ROW()+1,4),0) -> 2500 | D17: =IF(ROW()+4<=ROW(TotalAssets1),INDEX(Input,ROW()+1,5),0) -> 3000 | F17: =IF(ROW()+4<=ROW(TotalLiabilities1),INDEX(Input,ROW()+1,9),0) -> 0 | G17: =IF(ROW()+4<=ROW(TotalLiabilities1),INDEX(Input,ROW()+1,10),0) -> 0 | H17: =IF(ROW()+4<=ROW(TotalLiabilities1),INDEX(Input,ROW()+1,11),0) -> 0 | J17: =IFERROR(IF(ROW()+4>ROW(TotalLiabilities1),INDEX(Input,ROW()+1,9),0),0) -> Common Shares | K17: =IFERROR(IF(ROW()+4>ROW(TotalLiabilities1),INDEX(Input,ROW()+1,10),0),0) -> 700 | L17: =IFERROR(IF(ROW()+4>ROW(TotalLiabilities1),INDEX(Input,ROW()+1,11),0),0) -> 950 | N17: =OFFSET(B17,DataBase!$R17,0) -> 0 | O17: =OFFSET(C17,DataBase!$R17,0) -> 0 | P17: =OFFSET(D17,DataBase!$R17,0) -> 0 | Q17: =IF(AND($B17<>0,ISNA(MATCH($B17,_Exemptions,0))),1,0) -> 1 | R17: =IFERROR(ROW(OFFSET(DataBase!$Q17,R16,,150))+MATCH(1,OFFSET(DataBase!$Q17,R16,,150),0)-1-ROW(),1000) -> 1000 | T17: =OFFSET(F17,DataBase!$X17,0) -> 0 | U17: =OFFSET(G17,DataBase!$X17,0) -> 0 | V17: =OFFSET(H17,DataBase!$X17,0) -> 0 | W17: =IF(AND($F17<>0,ISNA(MATCH($F17,_Exemptions,0))),1,0) -> 0 | X17: =IFERROR(ROW(OFFSET(DataBase!$W17,X16,,150))+MATCH(1,OFFSET(DataBase!$W17,X16,,150),0)-1-ROW(),1000) -> 1000 | Z17: =OFFSET(J17,DataBase!$AD17,0) -> 0 | AA17: =OFFSET(K17,DataBase!$AD17,0) -> 0 | AB17: =OFFSET(L17,DataBase!$AD17,0) -> 0 | AC17: =IF(AND($J17<>0,ISNA(MATCH($J17,_Exemptions,0))),1,0) -> 1 | AD17: =IFERROR(ROW(OFFSET(DataBase!$AC17,AD16,,150))+MATCH(1,OFFSET(DataBase!$AC17,AD16,,150),0)-1-ROW(),1000) -> 1000 | AF17: Total Liabilities & Equity
B18: =IF(ROW()+4<=ROW(TotalAssets1),INDEX(Input,ROW()+1,3),0) -> Intangible Assets | C18: =IF(ROW()+4<=ROW(TotalAssets1),INDEX(Input,ROW()+1,4),0) -> 150 | D18: =IF(ROW()+4<=ROW(TotalAssets1),INDEX(Input,ROW()+1,5),0) -> 250 | F18: =IF(ROW()+4<=ROW(TotalLiabilities1),INDEX(Input,ROW()+1,9),0) -> 0 | G18: =IF(ROW()+4<=ROW(TotalLiabilities1),INDEX(Input,ROW()+1,10),0) -> 0 | H18: =IF(ROW()+4<=ROW(TotalLiabilities1),INDEX(Input,ROW()+1,11),0) -> 0 | J18: =IFERROR(IF(ROW()+4>ROW(TotalLiabilities1),INDEX(Input,ROW()+1,9),0),0) -> Retained Earnings | K18: =IFERROR(IF(ROW()+4>ROW(TotalLiabilities1),INDEX(Input,ROW()+1,10),0),0) -> 1700 | L18: =IFERROR(IF(ROW()+4>ROW(TotalLiabilities1),INDEX(Input,ROW()+1,11),0),0) -> 2450 | N18: =OFFSET(B18,DataBase!$R18,0) -> 0 | O18: =OFFSET(C18,DataBase!$R18,0) -> 0 | P18: =OFFSET(D18,DataBase!$R18,0) -> 0 | Q18: =IF(AND($B18<>0,ISNA(MATCH($B18,_Exemptions,0))),1,0) -> 1 | R18: =IFERROR(ROW(OFFSET(DataBase!$Q18,R17,,150))+MATCH(1,OFFSET(DataBase!$Q18,R17,,150),0)-1-ROW(),1000) -> 1000 | T18: =OFFSET(F18,DataBase!$X18,0) -> 0 | U18: =OFFSET(G18,DataBase!$X18,0) -> 0 | V18: =OFFSET(H18,DataBase!$X18,0) -> 0 | W18: =IF(AND($F18<>0,ISNA(MATCH($F18,_Exemptions,0))),1,0) -> 0 | X18: =IFERROR(ROW(OFFSET(DataBase!$W18,X17,,150))+MATCH(1,OFFSET(DataBase!$W18,X17,,150),0)-1-ROW(),1000) -> 1000 | Z18: =OFFSET(J18,DataBase!$AD18,0) -> 0 | AA18: =OFFSET(K18,DataBase!$AD18,0) -> 0 | AB18: =OFFSET(L18,DataBase!$AD18,0) -> 0 | AC18: =IF(AND($J18<>0,ISNA(MATCH($J18,_Exemptions,0))),1,0) -> 1 | AD18: =IFERROR(ROW(OFFSET(DataBase!$AC18,AD17,,150))+MATCH(1,OFFSET(DataBase!$AC18,AD17,,150),0)-1-ROW(),1000) -> 1000
B19: =IF(ROW()+4<=ROW(TotalAssets1),INDEX(Input,ROW()+1,3),0) -> Equity Investments | C19: =IF(ROW()+4<=ROW(TotalAssets1),INDEX(Input,ROW()+1,4),0) -> 250 | D19: =IF(ROW()+4<=ROW(TotalAssets1),INDEX(Input,ROW()+1,5),0) -> 350 | F19: =IF(ROW()+4<=ROW(TotalLiabilities1),INDEX(Input,ROW()+1,9),0) -> 0 | G19: =IF(ROW()+4<=ROW(TotalLiabilities1),INDEX(Input,ROW()+1,10),0) -> 0 | H19: =IF(ROW()+4<=ROW(TotalLiabilities1),INDEX(Input,ROW()+1,11),0) -> 0 | J19: =IFERROR(IF(ROW()+4>ROW(TotalLiabilities1),INDEX(Input,ROW()+1,9),0),0) -> Revaluation Reserve | K19: =IFERROR(IF(ROW()+4>ROW(TotalLiabilities1),INDEX(Input,ROW()+1,10),0),0) -> 200 | L19: =IFERROR(IF(ROW()+4>ROW(TotalLiabilities1),INDEX(Input,ROW()+1,11),0),0) -> 250 | N19: =OFFSET(B19,DataBase!$R19,0) -> 0 | O19: =OFFSET(C19,DataBase!$R19,0) -> 0 | P19: =OFFSET(D19,DataBase!$R19,0) -> 0 | Q19: =IF(AND($B19<>0,ISNA(MATCH($B19,_Exemptions,0))),1,0) -> 1 | R19: =IFERROR(ROW(OFFSET(DataBase!$Q19,R18,,150))+MATCH(1,OFFSET(DataBase!$Q19,R18,,150),0)-1-ROW(),1000) -> 1000 | T19: =OFFSET(F19,DataBase!$X19,0) -> 0 | U19: =OFFSET(G19,DataBase!$X19,0) -> 0 | V19: =OFFSET(H19,DataBase!$X19,0) -> 0 | W19: =IF(AND($F19<>0,ISNA(MATCH($F19,_Exemptions,0))),1,0) -> 0 | X19: =IFERROR(ROW(OFFSET(DataBase!$W19,X18,,150))+MATCH(1,OFFSET(DataBase!$W19,X18,,150),0)-1-ROW(),1000) -> 1000 | Z19: =OFFSET(J19,DataBase!$AD19,0) -> 0 | AA19: =OFFSET(K19,DataBase!$AD19,0) -> 0 | AB19: =OFFSET(L19,DataBase!$AD19,0) -> 0 | AC19: =IF(AND($J19<>0,ISNA(MATCH($J19,_Exemptions,0))),1,0) -> 1 | AD19: =IFERROR(ROW(OFFSET(DataBase!$AC19,AD18,,150))+MATCH(1,OFFSET(DataBase!$AC19,AD18,,150),0)-1-ROW(),1000) -> 1000
B20: =IF(ROW()+4<=ROW(TotalAssets1),INDEX(Input,ROW()+1,3),0) -> 0 | C20: =IF(ROW()+4<=ROW(TotalAssets1),INDEX(Input,ROW()+1,4),0) -> 0 | D20: =IF(ROW()+4<=ROW(TotalAssets1),INDEX(Input,ROW()+1,5),0) -> 0 | F20: =IF(ROW()+4<=ROW(TotalLiabilities1),INDEX(Input,ROW()+1,9),0) -> 0 | G20: =IF(ROW()+4<=ROW(TotalLiabilities1),INDEX(Input,ROW()+1,10),0) -> 0 | H20: =IF(ROW()+4<=ROW(TotalLiabilities1),INDEX(Input,ROW()+1,11),0) -> 0 | J20: =IFERROR(IF(ROW()+4>ROW(TotalLiabilities1),INDEX(Input,ROW()+1,9),0),0) -> 0 | K20: =IFERROR(IF(ROW()+4>ROW(TotalLiabilities1),INDEX(Input,ROW()+1,10),0),0) -> 0 | L20: =IFERROR(IF(ROW()+4>ROW(TotalLiabilities1),INDEX(Input,ROW()+1,11),0),0) -> 0 | N20: =OFFSET(B20,DataBase!$R20,0) -> 0 | O20: =OFFSET(C20,DataBase!$R20,0) -> 0 | P20: =OFFSET(D20,DataBase!$R20,0) -> 0 | Q20: =IF(AND($B20<>0,ISNA(MATCH($B20,_Exemptions,0))),1,0) -> 0 | R20: =IFERROR(ROW(OFFSET(DataBase!$Q20,R19,,150))+MATCH(1,OFFSET(DataBase!$Q20,R19,,150),0)-1-ROW(),1000) -> 1000 | T20: =OFFSET(F20,DataBase!$X20,0) -> 0 | U20: =OFFSET(G20,DataBase!$X20,0) -> 0 | V20: =OFFSET(H20,DataBase!$X20,0) -> 0 | W20: =IF(AND($F20<>0,ISNA(MATCH($F20,_Exemptions,0))),1,0) -> 0 | X20: =IFERROR(ROW(OFFSET(DataBase!$W20,X19,,150))+MATCH(1,OFFSET(DataBase!$W20,X19,,150),0)-1-ROW(),1000) -> 1000 | Z20: =OFFSET(J20,DataBase!$AD20,0) -> 0 | AA20: =OFFSET(K20,DataBase!$AD20,0) -> 0 | AB20: =OFFSET(L20,DataBase!$AD20,0) -> 0 | AC20: =IF(AND($J20<>0,ISNA(MATCH($J20,_Exemptions,0))),1,0) -> 0 | AD20: =IFERROR(ROW(OFFSET(DataBase!$AC20,AD19,,150))+MATCH(1,OFFSET(DataBase!$AC20,AD19,,150),0)-1-ROW(),1000) -> 1000
B21: =IF(ROW()+4<=ROW(TotalAssets1),INDEX(Input,ROW()+1,3),0) -> 0 | C21: =IF(ROW()+4<=ROW(TotalAssets1),INDEX(Input,ROW()+1,4),0) -> 0 | D21: =IF(ROW()+4<=ROW(TotalAssets1),INDEX(Input,ROW()+1,5),0) -> 0 | F21: =IF(ROW()+4<=ROW(TotalLiabilities1),INDEX(Input,ROW()+1,9),0) -> 0 | G21: =IF(ROW()+4<=ROW(TotalLiabilities1),INDEX(Input,ROW()+1,10),0) -> 0 | H21: =IF(ROW()+4<=ROW(TotalLiabilities1),INDEX(Input,ROW()+1,11),0) -> 0 | J21: =IFERROR(IF(ROW()+4>ROW(TotalLiabilities1),INDEX(Input,ROW()+1,9),0),0) -> 0 | K21: =IFERROR(IF(ROW()+4>ROW(TotalLiabilities1),INDEX(Input,ROW()+1,10),0),0) -> 0 | L21: =IFERROR(IF(ROW()+4>ROW(TotalLiabilities1),INDEX(Input,ROW()+1,11),0),0) -> 0 | N21: =OFFSET(B21,DataBase!$R21,0) -> 0 | O21: =OFFSET(C21,DataBase!$R21,0) -> 0 | P21: =OFFSET(D21,DataBase!$R21,0) -> 0 | Q21: =IF(AND($B21<>0,ISNA(MATCH($B21,_Exemptions,0))),1,0) -> 0 | R21: =IFERROR(ROW(OFFSET(DataBase!$Q21,R20,,150))+MATCH(1,OFFSET(DataBase!$Q21,R20,,150),0)-1-ROW(),1000) -> 1000 | T21: =OFFSET(F21,DataBase!$X21,0) -> 0 | U21: =OFFSET(G21,DataBase!$X21,0) -> 0 | V21: =OFFSET(H21,DataBase!$X21,0) -> 0 | W21: =IF(AND($F21<>0,ISNA(MATCH($F21,_Exemptions,0))),1,0) -> 0 | X21: =IFERROR(ROW(OFFSET(DataBase!$W21,X20,,150))+MATCH(1,OFFSET(DataBase!$W21,X20,,150),0)-1-ROW(),1000) -> 1000 | Z21: =OFFSET(J21,DataBase!$AD21,0) -> 0 | AA21: =OFFSET(K21,DataBase!$AD21,0) -> 0 | AB21: =OFFSET(L21,DataBase!$AD21,0) -> 0 | AC21: =IF(AND($J21<>0,ISNA(MATCH($J21,_Exemptions,0))),1,0) -> 0 | AD21: =IFERROR(ROW(OFFSET(DataBase!$AC21,AD20,,150))+MATCH(1,OFFSET(DataBase!$AC21,AD20,,150),0)-1-ROW(),1000) -> 1000
B22: =IF(ROW()+4<=ROW(TotalAssets1),INDEX(Input,ROW()+1,3),0) -> Total Non-Current Assets | C22: =IF(ROW()+4<=ROW(TotalAssets1),INDEX(Input,ROW()+1,4),0) -> 2900 | D22: =IF(ROW()+4<=ROW(TotalAssets1),INDEX(Input,ROW()+1,5),0) -> 3600 | F22: =IF(ROW()+4<=ROW(TotalLiabilities1),INDEX(Input,ROW()+1,9),0) -> 0 | G22: =IF(ROW()+4<=ROW(TotalLiabilities1),INDEX(Input,ROW()+1,10),0) -> 0 | H22: =IF(ROW()+4<=ROW(TotalLiabilities1),INDEX(Input,ROW()+1,11),0) -> 0 | J22: =IFERROR(IF(ROW()+4>ROW(TotalLiabilities1),INDEX(Input,ROW()+1,9),0),0) -> Total Equity | K22: =IFERROR(IF(ROW()+4>ROW(TotalLiabilities1),INDEX(Input,ROW()+1,10),0),0) -> 2600 | L22: =IFERROR(IF(ROW()+4>ROW(TotalLiabilities1),INDEX(Input,ROW()+1,11),0),0) -> 3650 | N22: =OFFSET(B22,DataBase!$R22,0) -> 0 | O22: =OFFSET(C22,DataBase!$R22,0) -> 0 | P22: =OFFSET(D22,DataBase!$R22,0) -> 0 | Q22: =IF(AND($B22<>0,ISNA(MATCH($B22,_Exemptions,0))),1,0) -> 0 | R22: =IFERROR(ROW(OFFSET(DataBase!$Q22,R21,,150))+MATCH(1,OFFSET(DataBase!$Q22,R21,,150),0)-1-ROW(),1000) -> 1000 | T22: =OFFSET(F22,DataBase!$X22,0) -> 0 | U22: =OFFSET(G22,DataBase!$X22,0) -> 0 | V22: =OFFSET(H22,DataBase!$X22,0) -> 0 | W22: =IF(AND($F22<>0,ISNA(MATCH($F22,_Exemptions,0))),1,0) -> 0 | X22: =IFERROR(ROW(OFFSET(DataBase!$W22,X21,,150))+MATCH(1,OFFSET(DataBase!$W22,X21,,150),0)-1-ROW(),1000) -> 1000 | Z22: =OFFSET(J22,DataBase!$AD22,0) -> 0 | AA22: =OFFSET(K22,DataBase!$AD22,0) -> 0 | AB22: =OFFSET(L22,DataBase!$AD22,0) -> 0 | AC22: =IF(AND($J22<>0,ISNA(MATCH($J22,_Exemptions,0))),1,0) -> 0 | AD22: =IFERROR(ROW(OFFSET(DataBase!$AC22,AD21,,150))+MATCH(1,OFFSET(DataBase!$AC22,AD21,,150),0)-1-ROW(),1000) -> 1000
B23: =IF(ROW()+4<=ROW(TotalAssets1),INDEX(Input,ROW()+1,3),0) -> Total Assets | C23: =IF(ROW()+4<=ROW(TotalAssets1),INDEX(Input,ROW()+1,4),0) -> 5700 | D23: =IF(ROW()+4<=ROW(TotalAssets1),INDEX(Input,ROW()+1,5),0) -> 7250 | F23: =IF(ROW()+4<=ROW(TotalLiabilities1),INDEX(Input,ROW()+1,9),0) -> 0 | G23: =IF(ROW()+4<=ROW(TotalLiabilities1),INDEX(Input,ROW()+1,10),0) -> 0 | H23: =IF(ROW()+4<=ROW(TotalLiabilities1),INDEX(Input,ROW()+1,11),0) -> 0 | J23: =IFERROR(IF(ROW()+4>ROW(TotalLiabilities1),INDEX(Input,ROW()+1,9),0),0) -> 0 | K23: =IFERROR(IF(ROW()+4>ROW(TotalLiabilities1),INDEX(Input,ROW()+1,10),0),0) -> 0 | L23: =IFERROR(IF(ROW()+4>ROW(TotalLiabilities1),INDEX(Input,ROW()+1,11),0),0) -> 0 | N23: =OFFSET(B23,DataBase!$R23,0) -> 0 | O23: =OFFSET(C23,DataBase!$R23,0) -> 0 | P23: =OFFSET(D23,DataBase!$R23,0) -> 0 | Q23: =IF(AND($B23<>0,ISNA(MATCH($B23,_Exemptions,0))),1,0) -> 0 | R23: =IFERROR(ROW(OFFSET(DataBase!$Q23,R22,,150))+MATCH(1,OFFSET(DataBase!$Q23,R22,,150),0)-1-ROW(),1000) -> 1000 | T23: =OFFSET(F23,DataBase!$X23,0) -> 0 | U23: =OFFSET(G23,DataBase!$X23,0) -> 0 | V23: =OFFSET(H23,DataBase!$X23,0) -> 0 | W23: =IF(AND($F23<>0,ISNA(MATCH($F23,_Exemptions,0))),1,0) -> 0 | X23: =IFERROR(ROW(OFFSET(DataBase!$W23,X22,,150))+MATCH(1,OFFSET(DataBase!$W23,X22,,150),0)-1-ROW(),1000) -> 1000 | Z23: =OFFSET(J23,DataBase!$AD23,0) -> 0 | AA23: =OFFSET(K23,DataBase!$AD23,0) -> 0 | AB23: =OFFSET(L23,DataBase!$AD23,0) -> 0 | AC23: =IF(AND($J23<>0,ISNA(MATCH($J23,_Exemptions,0))),1,0) -> 0 | AD23: =IFERROR(ROW(OFFSET(DataBase!$AC23,AD22,,150))+MATCH(1,OFFSET(DataBase!$AC23,AD22,,150),0)-1-ROW(),1000) -> 1000
B24: =IF(ROW()+4<=ROW(TotalAssets1),INDEX(Input,ROW()+1,3),0) -> 0 | C24: =IF(ROW()+4<=ROW(TotalAssets1),INDEX(Input,ROW()+1,4),0) -> 0 | D24: =IF(ROW()+4<=ROW(TotalAssets1),INDEX(Input,ROW()+1,5),0) -> 0 | F24: =IF(ROW()+4<=ROW(TotalLiabilities1),INDEX(Input,ROW()+1,9),0) -> 0 | G24: =IF(ROW()+4<=ROW(TotalLiabilities1),INDEX(Input,ROW()+1,10),0) -> 0 | H24: =IF(ROW()+4<=ROW(TotalLiabilities1),INDEX(Input,ROW()+1,11),0) -> 0 | J24: =IFERROR(IF(ROW()+4>ROW(TotalLiabilities1),INDEX(Input,ROW()+1,9),0),0) -> 0 | K24: =IFERROR(IF(ROW()+4>ROW(TotalLiabilities1),INDEX(Input,ROW()+1,10),0),0) -> 0 | L24: =IFERROR(IF(ROW()+4>ROW(TotalLiabilities1),INDEX(Input,ROW()+1,11),0),0) -> 0 | N24: =OFFSET(B24,DataBase!$R24,0) -> 0 | O24: =OFFSET(C24,DataBase!$R24,0) -> 0 | P24: =OFFSET(D24,DataBase!$R24,0) -> 0 | Q24: =IF(AND($B24<>0,ISNA(MATCH($B24,_Exemptions,0))),1,0) -> 0 | R24: =IFERROR(ROW(OFFSET(DataBase!$Q24,R23,,150))+MATCH(1,OFFSET(DataBase!$Q24,R23,,150),0)-1-ROW(),1000) -> 1000 | T24: =OFFSET(F24,DataBase!$X24,0) -> 0 | U24: =OFFSET(G24,DataBase!$X24,0) -> 0 | V24: =OFFSET(H24,DataBase!$X24,0) -> 0 | W24: =IF(AND($F24<>0,ISNA(MATCH($F24,_Exemptions,0))),1,0) -> 0 | X24: =IFERROR(ROW(OFFSET(DataBase!$W24,X23,,150))+MATCH(1,OFFSET(DataBase!$W24,X23,,150),0)-1-ROW(),1000) -> 1000 | Z24: =OFFSET(J24,DataBase!$AD24,0) -> 0 | AA24: =OFFSET(K24,DataBase!$AD24,0) -> 0 | AB24: =OFFSET(L24,DataBase!$AD24,0) -> 0 | AC24: =IF(AND($J24<>0,ISNA(MATCH($J24,_Exemptions,0))),1,0) -> 0 | AD24: =IFERROR(ROW(OFFSET(DataBase!$AC24,AD23,,150))+MATCH(1,OFFSET(DataBase!$AC24,AD23,,150),0)-1-ROW(),1000) -> 1000
B25: =IF(ROW()+4<=ROW(TotalAssets1),INDEX(Input,ROW()+1,3),0) -> 0 | C25: =IF(ROW()+4<=ROW(TotalAssets1),INDEX(Input,ROW()+1,4),0) -> 0 | D25: =IF(ROW()+4<=ROW(TotalAssets1),INDEX(Input,ROW()+1,5),0) -> 0 | F25: =IF(ROW()+4<=ROW(TotalLiabilities1),INDEX(Input,ROW()+1,9),0) -> 0 | G25: =IF(ROW()+4<=ROW(TotalLiabilities1),INDEX(Input,ROW()+1,10),0) -> 0 | H25: =IF(ROW()+4<=ROW(TotalLiabilities1),INDEX(Input,ROW()+1,11),0) -> 0 | J25: =IFERROR(IF(ROW()+4>ROW(TotalLiabilities1),INDEX(Input,ROW()+1,9),0),0) -> Total Liabilities & Equity | K25: =IFERROR(IF(ROW()+4>ROW(TotalLiabilities1),INDEX(Input,ROW()+1,10),0),0) -> 5700 | L25: =IFERROR(IF(ROW()+4>ROW(TotalLiabilities1),INDEX(Input,ROW()+1,11),0),0) -> 7250 | N25: =OFFSET(B25,DataBase!$R25,0) -> 0 | O25: =OFFSET(C25,DataBase!$R25,0) -> 0 | P25: =OFFSET(D25,DataBase!$R25,0) -> 0 | Q25: =IF(AND($B25<>0,ISNA(MATCH($B25,_Exemptions,0))),1,0) -> 0 | R25: =IFERROR(ROW(OFFSET(DataBase!$Q25,R24,,150))+MATCH(1,OFFSET(DataBase!$Q25,R24,,150),0)-1-ROW(),1000) -> 1000 | T25: =OFFSET(F25,DataBase!$X25,0) -> 0 | U25: =OFFSET(G25,DataBase!$X25,0) -> 0 | V25: =OFFSET(H25,DataBase!$X25,0) -> 0 | W25: =IF(AND($F25<>0,ISNA(MATCH($F25,_Exemptions,0))),1,0) -> 0 | X25: =IFERROR(ROW(OFFSET(DataBase!$W25,X24,,150))+MATCH(1,OFFSET(DataBase!$W25,X24,,150),0)-1-ROW(),1000) -> 1000 | Z25: =OFFSET(J25,DataBase!$AD25,0) -> 0 | AA25: =OFFSET(K25,DataBase!$AD25,0) -> 0 | AB25: =OFFSET(L25,DataBase!$AD25,0) -> 0 | AC25: =IF(AND($J25<>0,ISNA(MATCH($J25,_Exemptions,0))),1,0) -> 0 | AD25: =IFERROR(ROW(OFFSET(DataBase!$AC25,AD24,,150))+MATCH(1,OFFSET(DataBase!$AC25,AD24,,150),0)-1-ROW(),1000) -> 1000
B26: =IF(ROW()+4<=ROW(TotalAssets1),INDEX(Input,ROW()+1,3),0) -> 0 | C26: =IF(ROW()+4<=ROW(TotalAssets1),INDEX(Input,ROW()+1,4),0) -> 0 | D26: =IF(ROW()+4<=ROW(TotalAssets1),INDEX(Input,ROW()+1,5),0) -> 0 | F26: =IF(ROW()+4<=ROW(TotalLiabilities1),INDEX(Input,ROW()+1,9),0) -> 0 | G26: =IF(ROW()+4<=ROW(TotalLiabilities1),INDEX(Input,ROW()+1,10),0) -> 0 | H26: =IF(ROW()+4<=ROW(TotalLiabilities1),INDEX(Input,ROW()+1,11),0) -> 0 | J26: =IFERROR(IF(ROW()+4>ROW(TotalLiabilities1),INDEX(Input,ROW()+1,9),0),0) -> 0 | K26: =IFERROR(IF(ROW()+4>ROW(TotalLiabilities1),INDEX(Input,ROW()+1,10),0),0) -> 0 | L26: =IFERROR(IF(ROW()+4>ROW(TotalLiabilities1),INDEX(Input,ROW()+1,11),0),0) -> 0 | N26: =OFFSET(B26,DataBase!$R26,0) -> 0 | O26: =OFFSET(C26,DataBase!$R26,0) -> 0 | P26: =OFFSET(D26,DataBase!$R26,0) -> 0 | Q26: =IF(AND($B26<>0,ISNA(MATCH($B26,_Exemptions,0))),1,0) -> 0 | R26: =IFERROR(ROW(OFFSET(DataBase!$Q26,R25,,150))+MATCH(1,OFFSET(DataBase!$Q26,R25,,150),0)-1-ROW(),1000) -> 1000 | T26: =OFFSET(F26,DataBase!$X26,0) -> 0 | U26: =OFFSET(G26,DataBase!$X26,0) -> 0 | V26: =OFFSET(H26,DataBase!$X26,0) -> 0 | W26: =IF(AND($F26<>0,ISNA(MATCH($F26,_Exemptions,0))),1,0) -> 0 | X26: =IFERROR(ROW(OFFSET(DataBase!$W26,X25,,150))+MATCH(1,OFFSET(DataBase!$W26,X25,,150),0)-1-ROW(),1000) -> 1000 | Z26: =OFFSET(J26,DataBase!$AD26,0) -> 0 | AA26: =OFFSET(K26,DataBase!$AD26,0) -> 0 | AB26: =OFFSET(L26,DataBase!$AD26,0) -> 0 | AC26: =IF(AND($J26<>0,ISNA(MATCH($J26,_Exemptions,0))),1,0) -> 0 | AD26: =IFERROR(ROW(OFFSET(DataBase!$AC26,AD25,,150))+MATCH(1,OFFSET(DataBase!$AC26,AD25,,150),0)-1-ROW(),1000) -> 1000
B27: =IF(ROW()+4<=ROW(TotalAssets1),INDEX(Input,ROW()+1,3),0) -> 0 | C27: =IF(ROW()+4<=ROW(TotalAssets1),INDEX(Input,ROW()+1,4),0) -> 0 | D27: =IF(ROW()+4<=ROW(TotalAssets1),INDEX(Input,ROW()+1,5),0) -> 0 | F27: =IF(ROW()+4<=ROW(TotalLiabilities1),INDEX(Input,ROW()+1,9),0) -> 0 | G27: =IF(ROW()+4<=ROW(TotalLiabilities1),INDEX(Input,ROW()+1,10),0) -> 0 | H27: =IF(ROW()+4<=ROW(TotalLiabilities1),INDEX(Input,ROW()+1,11),0) -> 0 | J27: =IFERROR(IF(ROW()+4>ROW(TotalLiabilities1),INDEX(Input,ROW()+1,9),0),0) -> 0 | K27: =IFERROR(IF(ROW()+4>ROW(TotalLiabilities1),INDEX(Input,ROW()+1,10),0),0) -> 0 | L27: =IFERROR(IF(ROW()+4>ROW(TotalLiabilities1),INDEX(Input,ROW()+1,11),0),0) -> 0 | N27: =OFFSET(B27,DataBase!$R27,0) -> 0 | O27: =OFFSET(C27,DataBase!$R27,0) -> 0 | P27: =OFFSET(D27,DataBase!$R27,0) -> 0 | Q27: =IF(AND($B27<>0,ISNA(MATCH($B27,_Exemptions,0))),1,0) -> 0 | R27: =IFERROR(ROW(OFFSET(DataBase!$Q27,R26,,150))+MATCH(1,OFFSET(DataBase!$Q27,R26,,150),0)-1-ROW(),1000) -> 1000 | T27: =OFFSET(F27,DataBase!$X27,0) -> 0 | U27: =OFFSET(G27,DataBase!$X27,0) -> 0 | V27: =OFFSET(H27,DataBase!$X27,0) -> 0 | W27: =IF(AND($F27<>0,ISNA(MATCH($F27,_Exemptions,0))),1,0) -> 0 | X27: =IFERROR(ROW(OFFSET(DataBase!$W27,X26,,150))+MATCH(1,OFFSET(DataBase!$W27,X26,,150),0)-1-ROW(),1000) -> 1000 | Z27: =OFFSET(J27,DataBase!$AD27,0) -> 0 | AA27: =OFFSET(K27,DataBase!$AD27,0) -> 0 | AB27: =OFFSET(L27,DataBase!$AD27,0) -> 0 | AC27: =IF(AND($J27<>0,ISNA(MATCH($J27,_Exemptions,0))),1,0) -> 0 | AD27: =IFERROR(ROW(OFFSET(DataBase!$AC27,AD26,,150))+MATCH(1,OFFSET(DataBase!$AC27,AD26,,150),0)-1-ROW(),1000) -> 1000
B28: =IF(ROW()+4<=ROW(TotalAssets1),INDEX(Input,ROW()+1,3),0) -> 0 | C28: =IF(ROW()+4<=ROW(TotalAssets1),INDEX(Input,ROW()+1,4),0) -> 0 | D28: =IF(ROW()+4<=ROW(TotalAssets1),INDEX(Input,ROW()+1,5),0) -> 0 | F28: =IF(ROW()+4<=ROW(TotalLiabilities1),INDEX(Input,ROW()+1,9),0) -> 0 | G28: =IF(ROW()+4<=ROW(TotalLiabilities1),INDEX(Input,ROW()+1,10),0) -> 0 | H28: =IF(ROW()+4<=ROW(TotalLiabilities1),INDEX(Input,ROW()+1,11),0) -> 0 | J28: =IFERROR(IF(ROW()+4>ROW(TotalLiabilities1),INDEX(Input,ROW()+1,9),0),0) -> 0 | K28: =IFERROR(IF(ROW()+4>ROW(TotalLiabilities1),INDEX(Input,ROW()+1,10),0),0) -> 0 | L28: =IFERROR(IF(ROW()+4>ROW(TotalLiabilities1),INDEX(Input,ROW()+1,11),0),0) -> 0 | N28: =OFFSET(B28,DataBase!$R28,0) -> 0 | O28: =OFFSET(C28,DataBase!$R28,0) -> 0 | P28: =OFFSET(D28,DataBase!$R28,0) -> 0 | Q28: =IF(AND($B28<>0,ISNA(MATCH($B28,_Exemptions,0))),1,0) -> 0 | R28: =IFERROR(ROW(OFFSET(DataBase!$Q28,R27,,150))+MATCH(1,OFFSET(DataBase!$Q28,R27,,150),0)-1-ROW(),1000) -> 1000 | T28: =OFFSET(F28,DataBase!$X28,0) -> 0 | U28: =OFFSET(G28,DataBase!$X28,0) -> 0 | V28: =OFFSET(H28,DataBase!$X28,0) -> 0 | W28: =IF(AND($F28<>0,ISNA(MATCH($F28,_Exemptions,0))),1,0) -> 0 | X28: =IFERROR(ROW(OFFSET(DataBase!$W28,X27,,150))+MATCH(1,OFFSET(DataBase!$W28,X27,,150),0)-1-ROW(),1000) -> 1000 | Z28: =OFFSET(J28,DataBase!$AD28,0) -> 0 | AA28: =OFFSET(K28,DataBase!$AD28,0) -> 0 | AB28: =OFFSET(L28,DataBase!$AD28,0) -> 0 | AC28: =IF(AND($J28<>0,ISNA(MATCH($J28,_Exemptions,0))),1,0) -> 0 | AD28: =IFERROR(ROW(OFFSET(DataBase!$AC28,AD27,,150))+MATCH(1,OFFSET(DataBase!$AC28,AD27,,150),0)-1-ROW(),1000) -> 1000
B29: =IF(ROW()+4<=ROW(TotalAssets1),INDEX(Input,ROW()+1,3),0) -> 0 | C29: =IF(ROW()+4<=ROW(TotalAssets1),INDEX(Input,ROW()+1,4),0) -> 0 | D29: =IF(ROW()+4<=ROW(TotalAssets1),INDEX(Input,ROW()+1,5),0) -> 0 | F29: =IF(ROW()+4<=ROW(TotalLiabilities1),INDEX(Input,ROW()+1,9),0) -> 0 | G29: =IF(ROW()+4<=ROW(TotalLiabilities1),INDEX(Input,ROW()+1,10),0) -> 0 | H29: =IF(ROW()+4<=ROW(TotalLiabilities1),INDEX(Input,ROW()+1,11),0) -> 0 | J29: =IFERROR(IF(ROW()+4>ROW(TotalLiabilities1),INDEX(Input,ROW()+1,9),0),0) -> 0 | K29: =IFERROR(IF(ROW()+4>ROW(TotalLiabilities1),INDEX(Input,ROW()+1,10),0),0) -> 0 | L29: =IFERROR(IF(ROW()+4>ROW(TotalLiabilities1),INDEX(Input,ROW()+1,11),0),0) -> 0 | N29: =OFFSET(B29,DataBase!$R29,0) -> 0 | O29: =OFFSET(C29,DataBase!$R29,0) -> 0 | P29: =OFFSET(D29,DataBase!$R29,0) -> 0 | Q29: =IF(AND($B29<>0,ISNA(MATCH($B29,_Exemptions,0))),1,0) -> 0 | R29: =IFERROR(ROW(OFFSET(DataBase!$Q29,R28,,150))+MATCH(1,OFFSET(DataBase!$Q29,R28,,150),0)-1-ROW(),1000) -> 1000 | T29: =OFFSET(F29,DataBase!$X29,0) -> 0 | U29: =OFFSET(G29,DataBase!$X29,0) -> 0 | V29: =OFFSET(H29,DataBase!$X29,0) -> 0 | W29: =IF(AND($F29<>0,ISNA(MATCH($F29,_Exemptions,0))),1,0) -> 0 | X29: =IFERROR(ROW(OFFSET(DataBase!$W29,X28,,150))+MATCH(1,OFFSET(DataBase!$W29,X28,,150),0)-1-ROW(),1000) -> 1000 | Z29: =OFFSET(J29,DataBase!$AD29,0) -> 0 | AA29: =OFFSET(K29,DataBase!$AD29,0) -> 0 | AB29: =OFFSET(L29,DataBase!$AD29,0) -> 0 | AC29: =IF(AND($J29<>0,ISNA(MATCH($J29,_Exemptions,0))),1,0) -> 0 | AD29: =IFERROR(ROW(OFFSET(DataBase!$AC29,AD28,,150))+MATCH(1,OFFSET(DataBase!$AC29,AD28,,150),0)-1-ROW(),1000) -> 1000
... B152: =IF(ROW()+4<=ROW(TotalAssets1),INDEX(Input,ROW()+1,3),0) -> 0 | C152: =IF(ROW()+4<=ROW(TotalAssets1),INDEX(Input,ROW()+1,4),0) -> 0 | D152: =IF(ROW()+4<=ROW(TotalAssets1),INDEX(Input,ROW()+1,5),0) -> 0 | F152: =IF(ROW()+4<=ROW(TotalLiabilities1),INDEX(Input,ROW()+1,9),0) -> 0 | G152: =IF(ROW()+4<=ROW(TotalLiabilities1),INDEX(Input,ROW()+1,10),0) -> 0 | H152: =IF(ROW()+4<=ROW(TotalLiabilities1),INDEX(Input,ROW()+1,11),0) -> 0 | J152: =IFERROR(IF(ROW()+4>ROW(TotalLiabilities1),INDEX(Input,ROW()+1,9),0),0) -> 0 | K152: =IFERROR(IF(ROW()+4>ROW(TotalLiabilities1),INDEX(Input,ROW()+1,10),0),0) -> 0 | L152: =IFERROR(IF(ROW()+4>ROW(TotalLiabilities1),INDEX(Input,ROW()+1,11),0),0) -> 0 | N152: =OFFSET(B152,DataBase!$R152,0) -> 0 | O152: =OFFSET(C152,DataBase!$R152,0) -> 0 | P152: =OFFSET(D152,DataBase!$R152,0) -> 0 | Q152: =IF(AND($B152<>0,ISNA(MATCH($B152,_Exemptions,0))),1,0) -> 0 | R152: =IFERROR(ROW(OFFSET(DataBase!$Q152,R151,,150))+MATCH(1,OFFSET(DataBase!$Q152,R151,,150),0)-1-ROW(),1000) -> 1000 | T152: =OFFSET(F152,DataBase!$X152,0) -> 0 | U152: =OFFSET(G152,DataBase!$X152,0) -> 0 | V152: =OFFSET(H152,DataBase!$X152,0) -> 0 | W152: =IF(AND($F152<>0,ISNA(MATCH($F152,_Exemptions,0))),1,0) -> 0 | X152: =IFERROR(ROW(OFFSET(DataBase!$W152,X151,,150))+MATCH(1,OFFSET(DataBase!$W152,X151,,150),0)-1-ROW(),1000) -> 1000 | Z152: =OFFSET(J152,DataBase!$AD152,0) -> 0 | AA152: =OFFSET(K152,DataBase!$AD152,0) -> 0 | AB152: =OFFSET(L152,DataBase!$AD152,0) -> 0 | AC152: =IF(AND($J152<>0,ISNA(MATCH($J152,_Exemptions,0))),1,0) -> 0 | AD152: =IFERROR(ROW(OFFSET(DataBase!$AC152,AD151,,150))+MATCH(1,OFFSET(DataBase!$AC152,AD151,,150),0)-1-ROW(),1000) -> 1000

Sheet PrnDB
B2: Item | C2: Beginning | D2: End | G2: Item | H2: Beginning | I2: End | J2: Valid | K2: 0 | L2: Lvl | M2: Tot | N2: Shft | O2: Prn | P2: Printable Name | R2: Item | S2: Level | T2: Totals | U2: Shift
B3: =IF(ROW(A3)+4<=ROW(TotalAssets1),INDEX(Input,ROW(A3)+1,3),0) -> ASSETS | C3: =IF(ROW()+4<=ROW(TotalAssets1),INDEX(Input,ROW()+1,4),0) -> 0 | D3: =IF(ROW()+4<=ROW(TotalAssets1),INDEX(Input,ROW()+1,5),0) -> 0 | G3: =IF(N2=1,0,OFFSET(B3,PrnDB!$K3,0)) -> ASSETS | H3: =OFFSET(C3,PrnDB!$K3,0) -> 0 | I3: =OFFSET(D3,PrnDB!$K3,0) -> 0 | J3: =IF(OR($B3<>0),1,0) -> 1 | K3: =IFERROR(ROW(OFFSET(PrnDB!$J3,K2,,450))+MATCH(1,OFFSET(PrnDB!$J3,K2,,450),0)-1-ROW()-IF(OR(N1=1,N1=2),N1,0),1000) -> 0 | L3: =IF(PrnDB!$G3=0,0,IFERROR(INDEX(PrnDB!$S$3:$S$17,MATCH(PrnDB!$G3,PrnDB!$R$3:$R$17,0),1),3)) -> 1 | M3: =IFERROR(INDEX(PrnDB!$T$3:$T$17,MATCH(PrnDB!$G3,PrnDB!$R$3:$R$17,0),1),0) -> 0 | N3: =IFERROR(INDEX(PrnDB!$U$3:$U$17,MATCH(PrnDB!$G3,PrnDB!$R$3:$R$17,0),1),0) -> 0 | O3: =K2<>1000 -> TRUE | P3: =IF(PrnDB!$L3=0,"",IF(PrnDB!$L3>1," ","")&IF(PrnDB!$L3=3," ","")&PrnDB!$G3) -> ASSETS | R3: ASSETS | S3: 1
B4: =IF(ROW(A4)+4<=ROW(TotalAssets1),INDEX(Input,ROW(A4)+1,3),0) -> Current Assets | C4: =IF(ROW()+4<=ROW(TotalAssets1),INDEX(Input,ROW()+1,4),0) -> 0 | D4: =IF(ROW()+4<=ROW(TotalAssets1),INDEX(Input,ROW()+1,5),0) -> 0 | G4: =IF(N3=1,0,OFFSET(B4,PrnDB!$K4,0)) -> Current Assets | H4: =OFFSET(C4,PrnDB!$K4,0) -> 0 | I4: =OFFSET(D4,PrnDB!$K4,0) -> 0 | J4: =IF(OR($B4<>0),1,0) -> 1 | K4: =IFERROR(ROW(OFFSET(PrnDB!$J4,K3,,450))+MATCH(1,OFFSET(PrnDB!$J4,K3,,450),0)-1-ROW()-IF(OR(N2=1,N2=2),N2,0),1000) -> 0 | L4: =IF(PrnDB!$G4=0,0,IFERROR(INDEX(PrnDB!$S$3:$S$17,MATCH(PrnDB!$G4,PrnDB!$R$3:$R$17,0),1),3)) -> 2 | M4: =IFERROR(INDEX(PrnDB!$T$3:$T$17,MATCH(PrnDB!$G4,PrnDB!$R$3:$R$17,0),1),0) -> 0 | N4: =IFERROR(INDEX(PrnDB!$U$3:$U$17,MATCH(PrnDB!$G4,PrnDB!$R$3:$R$17,0),1),0) -> 0 | O4: =K3<>1000 -> TRUE | P4: =IF(PrnDB!$L4=0,"",IF(PrnDB!$L4>1," ","")&IF(PrnDB!$L4=3," ","")&PrnDB!$G4) -> Current Assets | R4: Current Assets | S4: 2
B5: =IF(ROW(A5)+4<=ROW(TotalAssets1),INDEX(Input,ROW(A5)+1,3),0) -> Cash | C5: =IF(ROW()+4<=ROW(TotalAssets1),INDEX(Input,ROW()+1,4),0) -> 1000 | D5: =IF(ROW()+4<=ROW(TotalAssets1),INDEX(Input,ROW()+1,5),0) -> 2500 | G5: =IF(N4=1,0,OFFSET(B5,PrnDB!$K5,0)) -> Cash | H5: =OFFSET(C5,PrnDB!$K5,0) -> 1000 | I5: =OFFSET(D5,PrnDB!$K5,0) -> 2500 | J5: =IF(OR($B5<>0),1,0) -> 1 | K5: =IFERROR(ROW(OFFSET(PrnDB!$J5,K4,,450))+MATCH(1,OFFSET(PrnDB!$J5,K4,,450),0)-1-ROW()-IF(OR(N3=1,N3=2),N3,0),1000) -> 0 | L5: =IF(PrnDB!$G5=0,0,IFERROR(INDEX(PrnDB!$S$3:$S$17,MATCH(PrnDB!$G5,PrnDB!$R$3:$R$17,0),1),3)) -> 3 | M5: =IFERROR(INDEX(PrnDB!$T$3:$T$17,MATCH(PrnDB!$G5,PrnDB!$R$3:$R$17,0),1),0) -> 0 | N5: =IFERROR(INDEX(PrnDB!$U$3:$U$17,MATCH(PrnDB!$G5,PrnDB!$R$3:$R$17,0),1),0) -> 0 | O5: =K4<>1000 -> TRUE | P5: =IF(PrnDB!$L5=0,"",IF(PrnDB!$L5>1," ","")&IF(PrnDB!$L5=3," ","")&PrnDB!$G5) -> Cash | R5: Total Current Assets | S5: 2 | T5: 2 | U5: 1
B6: =IF(ROW(A6)+4<=ROW(TotalAssets1),INDEX(Input,ROW(A6)+1,3),0) -> Trade Accounts Receivable | C6: =IF(ROW()+4<=ROW(TotalAssets1),INDEX(Input,ROW()+1,4),0) -> 1100 | D6: =IF(ROW()+4<=ROW(TotalAssets1),INDEX(Input,ROW()+1,5),0) -> 550 | G6: =IF(N5=1,0,OFFSET(B6,PrnDB!$K6,0)) -> Trade Accounts Receivable | H6: =OFFSET(C6,PrnDB!$K6,0) -> 1100 | I6: =OFFSET(D6,PrnDB!$K6,0) -> 550 | J6: =IF(OR($B6<>0),1,0) -> 1 | K6: =IFERROR(ROW(OFFSET(PrnDB!$J6,K5,,450))+MATCH(1,OFFSET(PrnDB!$J6,K5,,450),0)-1-ROW()-IF(OR(N4=1,N4=2),N4,0),1000) -> 0 | L6: =IF(PrnDB!$G6=0,0,IFERROR(INDEX(PrnDB!$S$3:$S$17,MATCH(PrnDB!$G6,PrnDB!$R$3:$R$17,0),1),3)) -> 3 | M6: =IFERROR(INDEX(PrnDB!$T$3:$T$17,MATCH(PrnDB!$G6,PrnDB!$R$3:$R$17,0),1),0) -> 0 | N6: =IFERROR(INDEX(PrnDB!$U$3:$U$17,MATCH(PrnDB!$G6,PrnDB!$R$3:$R$17,0),1),0) -> 0 | O6: =K5<>1000 -> TRUE | P6: =IF(PrnDB!$L6=0,"",IF(PrnDB!$L6>1," ","")&IF(PrnDB!$L6=3," ","")&PrnDB!$G6) -> Trade Accounts Receivable | R6: Non-Current Assets | S6: 2
B7: =IF(ROW(A7)+4<=ROW(TotalAssets1),INDEX(Input,ROW(A7)+1,3),0) -> Inventories | C7: =IF(ROW()+4<=ROW(TotalAssets1),INDEX(Input,ROW()+1,4),0) -> 700 | D7: =IF(ROW()+4<=ROW(TotalAssets1),INDEX(Input,ROW()+1,5),0) -> 600 | G7: =IF(N6=1,0,OFFSET(B7,PrnDB!$K7,0)) -> Inventories | H7: =OFFSET(C7,PrnDB!$K7,0) -> 700 | I7: =OFFSET(D7,PrnDB!$K7,0) -> 600 | J7: =IF(OR($B7<>0),1,0) -> 1 | K7: =IFERROR(ROW(OFFSET(PrnDB!$J7,K6,,450))+MATCH(1,OFFSET(PrnDB!$J7,K6,,450),0)-1-ROW()-IF(OR(N5=1,N5=2),N5,0),1000) -> 0 | L7: =IF(PrnDB!$G7=0,0,IFERROR(INDEX(PrnDB!$S$3:$S$17,MATCH(PrnDB!$G7,PrnDB!$R$3:$R$17,0),1),3)) -> 3 | M7: =IFERROR(INDEX(PrnDB!$T$3:$T$17,MATCH(PrnDB!$G7,PrnDB!$R$3:$R$17,0),1),0) -> 0 | N7: =IFERROR(INDEX(PrnDB!$U$3:$U$17,MATCH(PrnDB!$G7,PrnDB!$R$3:$R$17,0),1),0) -> 0 | O7: =K6<>1000 -> TRUE | P7: =IF(PrnDB!$L7=0,"",IF(PrnDB!$L7>1," ","")&IF(PrnDB!$L7=3," ","")&PrnDB!$G7) -> Inventories | R7: Total Non-Current Assets | S7: 2 | T7: 2
B8: =IF(ROW(A8)+4<=ROW(TotalAssets1),INDEX(Input,ROW(A8)+1,3),0) -> 0 | C8: =IF(ROW()+4<=ROW(TotalAssets1),INDEX(Input,ROW()+1,4),0) -> 0 | D8: =IF(ROW()+4<=ROW(TotalAssets1),INDEX(Input,ROW()+1,5),0) -> 0 | G8: =IF(N7=1,0,OFFSET(B8,PrnDB!$K8,0)) -> Total Current Assets | H8: =OFFSET(C8,PrnDB!$K8,0) -> 2800 | I8: =OFFSET(D8,PrnDB!$K8,0) -> 3650 | J8: =IF(OR($B8<>0),1,0) -> 0 | K8: =IFERROR(ROW(OFFSET(PrnDB!$J8,K7,,450))+MATCH(1,OFFSET(PrnDB!$J8,K7,,450),0)-1-ROW()-IF(OR(N6=1,N6=2),N6,0),1000) -> 7 | L8: =IF(PrnDB!$G8=0,0,IFERROR(INDEX(PrnDB!$S$3:$S$17,MATCH(PrnDB!$G8,PrnDB!$R$3:$R$17,0),1),3)) -> 2 | M8: =IFERROR(INDEX(PrnDB!$T$3:$T$17,MATCH(PrnDB!$G8,PrnDB!$R$3:$R$17,0),1),0) -> 2 | N8: =IFERROR(INDEX(PrnDB!$U$3:$U$17,MATCH(PrnDB!$G8,PrnDB!$R$3:$R$17,0),1),0) -> 1 | O8: =K7<>1000 -> TRUE | P8: =IF(PrnDB!$L8=0,"",IF(PrnDB!$L8>1," ","")&IF(PrnDB!$L8=3," ","")&PrnDB!$G8) -> Total Current Assets | R8: Total Assets | S8: 1 | T8: 1 | U8: 1
B9: =IF(ROW(A9)+4<=ROW(TotalAssets1),INDEX(Input,ROW(A9)+1,3),0) -> 0 | C9: =IF(ROW()+4<=ROW(TotalAssets1),INDEX(Input,ROW()+1,4),0) -> 0 | D9: =IF(ROW()+4<=ROW(TotalAssets1),INDEX(Input,ROW()+1,5),0) -> 0 | G9: =IF(N8=1,0,OFFSET(B9,PrnDB!$K9,0)) -> 0 | H9: =OFFSET(C9,PrnDB!$K9,0) -> 0 | I9: =OFFSET(D9,PrnDB!$K9,0) -> 0 | J9: =IF(OR($B9<>0),1,0) -> 0 | K9: =IFERROR(ROW(OFFSET(PrnDB!$J9,K8,,450))+MATCH(1,OFFSET(PrnDB!$J9,K8,,450),0)-1-ROW()-IF(OR(N7=1,N7=2),N7,0),1000) -> 7 | L9: =IF(PrnDB!$G9=0,0,IFERROR(INDEX(PrnDB!$S$3:$S$17,MATCH(PrnDB!$G9,PrnDB!$R$3:$R$17,0),1),3)) -> 0 | M9: =IFERROR(INDEX(PrnDB!$T$3:$T$17,MATCH(PrnDB!$G9,PrnDB!$R$3:$R$17,0),1),0) -> 0 | N9: =IFERROR(INDEX(PrnDB!$U$3:$U$17,MATCH(PrnDB!$G9,PrnDB!$R$3:$R$17,0),1),0) -> 0 | O9: =K8<>1000 -> TRUE | P9: =IF(PrnDB!$L9=0,"",IF(PrnDB!$L9>1," ","")&IF(PrnDB!$L9=3," ","")&PrnDB!$G9) | R9: LIABILITIES | S9: 1
B10: =IF(ROW(A10)+4<=ROW(TotalAssets1),INDEX(Input,ROW(A10)+1,3),0) -> 0 | C10: =IF(ROW()+4<=ROW(TotalAssets1),INDEX(Input,ROW()+1,4),0) -> 0 | D10: =IF(ROW()+4<=ROW(TotalAssets1),INDEX(Input,ROW()+1,5),0) -> 0 | G10: =IF(N9=1,0,OFFSET(B10,PrnDB!$K10,0)) -> Non-Current Assets | H10: =OFFSET(C10,PrnDB!$K10,0) -> 0 | I10: =OFFSET(D10,PrnDB!$K10,0) -> 0 | J10: =IF(OR($B10<>0),1,0) -> 0 | K10: =IFERROR(ROW(OFFSET(PrnDB!$J10,K9,,450))+MATCH(1,OFFSET(PrnDB!$J10,K9,,450),0)-1-ROW()-IF(OR(N8=1,N8=2),N8,0),1000) -> 6 | L10: =IF(PrnDB!$G10=0,0,IFERROR(INDEX(PrnDB!$S$3:$S$17,MATCH(PrnDB!$G10,PrnDB!$R$3:$R$17,0),1),3)) -> 2 | M10: =IFERROR(INDEX(PrnDB!$T$3:$T$17,MATCH(PrnDB!$G10,PrnDB!$R$3:$R$17,0),1),0) -> 0 | N10: =IFERROR(INDEX(PrnDB!$U$3:$U$17,MATCH(PrnDB!$G10,PrnDB!$R$3:$R$17,0),1),0) -> 0 | O10: =K9<>1000 -> TRUE | P10: =IF(PrnDB!$L10=0,"",IF(PrnDB!$L10>1," ","")&IF(PrnDB!$L10=3," ","")&PrnDB!$G10) -> Non-Current Assets | R10: Current Liabilities | S10: 2
B11: =IF(ROW(A11)+4<=ROW(TotalAssets1),INDEX(Input,ROW(A11)+1,3),0) -> 0 | C11: =IF(ROW()+4<=ROW(TotalAssets1),INDEX(Input,ROW()+1,4),0) -> 0 | D11: =IF(ROW()+4<=ROW(TotalAssets1),INDEX(Input,ROW()+1,5),0) -> 0 | G11: =IF(N10=1,0,OFFSET(B11,PrnDB!$K11,0)) -> Property, Plant & Equipment | H11: =OFFSET(C11,PrnDB!$K11,0) -> 2500 | I11: =OFFSET(D11,PrnDB!$K11,0) -> 3000 | J11: =IF(OR($B11<>0),1,0) -> 0 | K11: =IFERROR(ROW(OFFSET(PrnDB!$J11,K10,,450))+MATCH(1,OFFSET(PrnDB!$J11,K10,,450),0)-1-ROW()-IF(OR(N9=1,N9=2),N9,0),1000) -> 6 | L11: =IF(PrnDB!$G11=0,0,IFERROR(INDEX(PrnDB!$S$3:$S$17,MATCH(PrnDB!$G11,PrnDB!$R$3:$R$17,0),1),3)) -> 3 | M11: =IFERROR(INDEX(PrnDB!$T$3:$T$17,MATCH(PrnDB!$G11,PrnDB!$R$3:$R$17,0),1),0) -> 0 | N11: =IFERROR(INDEX(PrnDB!$U$3:$U$17,MATCH(PrnDB!$G11,PrnDB!$R$3:$R$17,0),1),0) -> 0 | O11: =K10<>1000 -> TRUE | P11: =IF(PrnDB!$L11=0,"",IF(PrnDB!$L11>1," ","")&IF(PrnDB!$L11=3," ","")&PrnDB!$G11) -> Property, Plant & Equipment | R11: Total Current Liabilities | S11: 2 | T11: 2 | U11: 1
B12: =IF(ROW(A12)+4<=ROW(TotalAssets1),INDEX(Input,ROW(A12)+1,3),0) -> 0 | C12: =IF(ROW()+4<=ROW(TotalAssets1),INDEX(Input,ROW()+1,4),0) -> 0 | D12: =IF(ROW()+4<=ROW(TotalAssets1),INDEX(Input,ROW()+1,5),0) -> 0 | G12: =IF(N11=1,0,OFFSET(B12,PrnDB!$K12,0)) -> Intangible Assets | H12: =OFFSET(C12,PrnDB!$K12,0) -> 150 | I12: =OFFSET(D12,PrnDB!$K12,0) -> 250 | J12: =IF(OR($B12<>0),1,0) -> 0 | K12: =IFERROR(ROW(OFFSET(PrnDB!$J12,K11,,450))+MATCH(1,OFFSET(PrnDB!$J12,K11,,450),0)-1-ROW()-IF(OR(N10=1,N10=2),N10,0),1000) -> 6 | L12: =IF(PrnDB!$G12=0,0,IFERROR(INDEX(PrnDB!$S$3:$S$17,MATCH(PrnDB!$G12,PrnDB!$R$3:$R$17,0),1),3)) -> 3 | M12: =IFERROR(INDEX(PrnDB!$T$3:$T$17,MATCH(PrnDB!$G12,PrnDB!$R$3:$R$17,0),1),0) -> 0 | N12: =IFERROR(INDEX(PrnDB!$U$3:$U$17,MATCH(PrnDB!$G12,PrnDB!$R$3:$R$17,0),1),0) -> 0 | O12: =K11<>1000 -> TRUE | P12: =IF(PrnDB!$L12=0,"",IF(PrnDB!$L12>1," ","")&IF(PrnDB!$L12=3," ","")&PrnDB!$G12) -> Intangible Assets | R12: Non-Current Liabilities | S12: 2
B13: =IF(ROW(A13)+4<=ROW(TotalAssets1),INDEX(Input,ROW(A13)+1,3),0) -> 0 | C13: =IF(ROW()+4<=ROW(TotalAssets1),INDEX(Input,ROW()+1,4),0) -> 0 | D13: =IF(ROW()+4<=ROW(TotalAssets1),INDEX(Input,ROW()+1,5),0) -> 0 | G13: =IF(N12=1,0,OFFSET(B13,PrnDB!$K13,0)) -> Equity Investments | H13: =OFFSET(C13,PrnDB!$K13,0) -> 250 | I13: =OFFSET(D13,PrnDB!$K13,0) -> 350 | J13: =IF(OR($B13<>0),1,0) -> 0 | K13: =IFERROR(ROW(OFFSET(PrnDB!$J13,K12,,450))+MATCH(1,OFFSET(PrnDB!$J13,K12,,450),0)-1-ROW()-IF(OR(N11=1,N11=2),N11,0),1000) -> 6 | L13: =IF(PrnDB!$G13=0,0,IFERROR(INDEX(PrnDB!$S$3:$S$17,MATCH(PrnDB!$G13,PrnDB!$R$3:$R$17,0),1),3)) -> 3 | M13: =IFERROR(INDEX(PrnDB!$T$3:$T$17,MATCH(PrnDB!$G13,PrnDB!$R$3:$R$17,0),1),0) -> 0 | N13: =IFERROR(INDEX(PrnDB!$U$3:$U$17,MATCH(PrnDB!$G13,PrnDB!$R$3:$R$17,0),1),0) -> 0 | O13: =K12<>1000 -> TRUE | P13: =IF(PrnDB!$L13=0,"",IF(PrnDB!$L13>1," ","")&IF(PrnDB!$L13=3," ","")&PrnDB!$G13) -> Equity Investments | R13: Total Non-Current Liabilities | S13: 2 | T13: 2
B14: =IF(ROW(A14)+4<=ROW(TotalAssets1),INDEX(Input,ROW(A14)+1,3),0) -> 0 | C14: =IF(ROW()+4<=ROW(TotalAssets1),INDEX(Input,ROW()+1,4),0) -> 0 | D14: =IF(ROW()+4<=ROW(TotalAssets1),INDEX(Input,ROW()+1,5),0) -> 0 | G14: =IF(N13=1,0,OFFSET(B14,PrnDB!$K14,0)) -> Total Non-Current Assets | H14: =OFFSET(C14,PrnDB!$K14,0) -> 2900 | I14: =OFFSET(D14,PrnDB!$K14,0) -> 3600 | J14: =IF(OR($B14<>0),1,0) -> 0 | K14: =IFERROR(ROW(OFFSET(PrnDB!$J14,K13,,450))+MATCH(1,OFFSET(PrnDB!$J14,K13,,450),0)-1-ROW()-IF(OR(N12=1,N12=2),N12,0),1000) -> 8 | L14: =IF(PrnDB!$G14=0,0,IFERROR(INDEX(PrnDB!$S$3:$S$17,MATCH(PrnDB!$G14,PrnDB!$R$3:$R$17,0),1),3)) -> 2 | M14: =IFERROR(INDEX(PrnDB!$T$3:$T$17,MATCH(PrnDB!$G14,PrnDB!$R$3:$R$17,0),1),0) -> 2 | N14: =IFERROR(INDEX(PrnDB!$U$3:$U$17,MATCH(PrnDB!$G14,PrnDB!$R$3:$R$17,0),1),0) -> 0 | O14: =K13<>1000 -> TRUE | P14: =IF(PrnDB!$L14=0,"",IF(PrnDB!$L14>1," ","")&IF(PrnDB!$L14=3," ","")&PrnDB!$G14) -> Total Non-Current Assets | R14: Total Liabilities | S14: 1 | T14: 2 | U14: 1
B15: =IF(ROW(A15)+4<=ROW(TotalAssets1),INDEX(Input,ROW(A15)+1,3),0) -> Total Current Assets | C15: =IF(ROW()+4<=ROW(TotalAssets1),INDEX(Input,ROW()+1,4),0) -> 2800 | D15: =IF(ROW()+4<=ROW(TotalAssets1),INDEX(Input,ROW()+1,5),0) -> 3650 | G15: =IF(N14=1,0,OFFSET(B15,PrnDB!$K15,0)) -> Total Assets | H15: =OFFSET(C15,PrnDB!$K15,0) -> 5700 | I15: =OFFSET(D15,PrnDB!$K15,0) -> 7250 | J15: =IF(OR($B15<>0),1,0) -> 1 | K15: =IFERROR(ROW(OFFSET(PrnDB!$J15,K14,,450))+MATCH(1,OFFSET(PrnDB!$J15,K14,,450),0)-1-ROW()-IF(OR(N13=1,N13=2),N13,0),1000) -> 8 | L15: =IF(PrnDB!$G15=0,0,IFERROR(INDEX(PrnDB!$S$3:$S$17,MATCH(PrnDB!$G15,PrnDB!$R$3:$R$17,0),1),3)) -> 1 | M15: =IFERROR(INDEX(PrnDB!$T$3:$T$17,MATCH(PrnDB!$G15,PrnDB!$R$3:$R$17,0),1),0) -> 1 | N15: =IFERROR(INDEX(PrnDB!$U$3:$U$17,MATCH(PrnDB!$G15,PrnDB!$R$3:$R$17,0),1),0) -> 1 | O15: =K14<>1000 -> TRUE | P15: =IF(PrnDB!$L15=0,"",IF(PrnDB!$L15>1," ","")&IF(PrnDB!$L15=3," ","")&PrnDB!$G15) -> Total Assets | R15: EQUITY | S15: 2
B16: =IF(ROW(A16)+4<=ROW(TotalAssets1),INDEX(Input,ROW(A16)+1,3),0) -> Non-Current Assets | C16: =IF(ROW()+4<=ROW(TotalAssets1),INDEX(Input,ROW()+1,4),0) -> 0 | D16: =IF(ROW()+4<=ROW(TotalAssets1),INDEX(Input,ROW()+1,5),0) -> 0 | G16: =IF(N15=1,0,OFFSET(B16,PrnDB!$K16,0)) -> 0 | H16: =OFFSET(C16,PrnDB!$K16,0) -> 0 | I16: =OFFSET(D16,PrnDB!$K16,0) -> 0 | J16: =IF(OR($B16<>0),1,0) -> 1 | K16: =IFERROR(ROW(OFFSET(PrnDB!$J16,K15,,450))+MATCH(1,OFFSET(PrnDB!$J16,K15,,450),0)-1-ROW()-IF(OR(N14=1,N14=2),N14,0),1000) -> 137 | L16: =IF(PrnDB!$G16=0,0,IFERROR(INDEX(PrnDB!$S$3:$S$17,MATCH(PrnDB!$G16,PrnDB!$R$3:$R$17,0),1),3)) -> 0 | M16: =IFERROR(INDEX(PrnDB!$T$3:$T$17,MATCH(PrnDB!$G16,PrnDB!$R$3:$R$17,0),1),0) -> 0 | N16: =IFERROR(INDEX(PrnDB!$U$3:$U$17,MATCH(PrnDB!$G16,PrnDB!$R$3:$R$17,0),1),0) -> 0 | O16: =K15<>1000 -> TRUE | P16: =IF(PrnDB!$L16=0,"",IF(PrnDB!$L16>1," ","")&IF(PrnDB!$L16=3," ","")&PrnDB!$G16) | R16: Total Equity | S16: 2 | T16: 2
B17: =IF(ROW(A17)+4<=ROW(TotalAssets1),INDEX(Input,ROW(A17)+1,3),0) -> Property, Plant & Equipment | C17: =IF(ROW()+4<=ROW(TotalAssets1),INDEX(Input,ROW()+1,4),0) -> 2500 | D17: =IF(ROW()+4<=ROW(TotalAssets1),INDEX(Input,ROW()+1,5),0) -> 3000 | G17: =IF(N16=1,0,OFFSET(B17,PrnDB!$K17,0)) -> LIABILITIES | H17: =OFFSET(C17,PrnDB!$K17,0) -> 0 | I17: =OFFSET(D17,PrnDB!$K17,0) -> 0 | J17: =IF(OR($B17<>0),1,0) -> 1 | K17: =IFERROR(ROW(OFFSET(PrnDB!$J17,K16,,450))+MATCH(1,OFFSET(PrnDB!$J17,K16,,450),0)-1-ROW()-IF(OR(N15=1,N15=2),N15,0),1000) -> 136 | L17: =IF(PrnDB!$G17=0,0,IFERROR(INDEX(PrnDB!$S$3:$S$17,MATCH(PrnDB!$G17,PrnDB!$R$3:$R$17,0),1),3)) -> 1 | M17: =IFERROR(INDEX(PrnDB!$T$3:$T$17,MATCH(PrnDB!$G17,PrnDB!$R$3:$R$17,0),1),0) -> 0 | N17: =IFERROR(INDEX(PrnDB!$U$3:$U$17,MATCH(PrnDB!$G17,PrnDB!$R$3:$R$17,0),1),0) -> 0 | O17: =K16<>1000 -> TRUE | P17: =IF(PrnDB!$L17=0,"",IF(PrnDB!$L17>1," ","")&IF(PrnDB!$L17=3," ","")&PrnDB!$G17) -> LIABILITIES | R17: Total Liabilities & Equity | S17: 1 | T17: 1
B18: =IF(ROW(A18)+4<=ROW(TotalAssets1),INDEX(Input,ROW(A18)+1,3),0) -> Intangible Assets | C18: =IF(ROW()+4<=ROW(TotalAssets1),INDEX(Input,ROW()+1,4),0) -> 150 | D18: =IF(ROW()+4<=ROW(TotalAssets1),INDEX(Input,ROW()+1,5),0) -> 250 | G18: =IF(N17=1,0,OFFSET(B18,PrnDB!$K18,0)) -> Current Liabilities | H18: =OFFSET(C18,PrnDB!$K18,0) -> 0 | I18: =OFFSET(D18,PrnDB!$K18,0) -> 0 | J18: =IF(OR($B18<>0),1,0) -> 1 | K18: =IFERROR(ROW(OFFSET(PrnDB!$J18,K17,,450))+MATCH(1,OFFSET(PrnDB!$J18,K17,,450),0)-1-ROW()-IF(OR(N16=1,N16=2),N16,0),1000) -> 136 | L18: =IF(PrnDB!$G18=0,0,IFERROR(INDEX(PrnDB!$S$3:$S$17,MATCH(PrnDB!$G18,PrnDB!$R$3:$R$17,0),1),3)) -> 2 | M18: =IFERROR(INDEX(PrnDB!$T$3:$T$17,MATCH(PrnDB!$G18,PrnDB!$R$3:$R$17,0),1),0) -> 0 | N18: =IFERROR(INDEX(PrnDB!$U$3:$U$17,MATCH(PrnDB!$G18,PrnDB!$R$3:$R$17,0),1),0) -> 0 | O18: =K17<>1000 -> TRUE | P18: =IF(PrnDB!$L18=0,"",IF(PrnDB!$L18>1," ","")&IF(PrnDB!$L18=3," ","")&PrnDB!$G18) -> Current Liabilities
B19: =IF(ROW(A19)+4<=ROW(TotalAssets1),INDEX(Input,ROW(A19)+1,3),0) -> Equity Investments | C19: =IF(ROW()+4<=ROW(TotalAssets1),INDEX(Input,ROW()+1,4),0) -> 250 | D19: =IF(ROW()+4<=ROW(TotalAssets1),INDEX(Input,ROW()+1,5),0) -> 350 | G19: =IF(N18=1,0,OFFSET(B19,PrnDB!$K19,0)) -> Short-Term Debt | H19: =OFFSET(C19,PrnDB!$K19,0) -> 1400 | I19: =OFFSET(D19,PrnDB!$K19,0) -> 600 | J19: =IF(OR($B19<>0),1,0) -> 1 | K19: =IFERROR(ROW(OFFSET(PrnDB!$J19,K18,,450))+MATCH(1,OFFSET(PrnDB!$J19,K18,,450),0)-1-ROW()-IF(OR(N17=1,N17=2),N17,0),1000) -> 136 | L19: =IF(PrnDB!$G19=0,0,IFERROR(INDEX(PrnDB!$S$3:$S$17,MATCH(PrnDB!$G19,PrnDB!$R$3:$R$17,0),1),3)) -> 3 | M19: =IFERROR(INDEX(PrnDB!$T$3:$T$17,MATCH(PrnDB!$G19,PrnDB!$R$3:$R$17,0),1),0) -> 0 | N19: =IFERROR(INDEX(PrnDB!$U$3:$U$17,MATCH(PrnDB!$G19,PrnDB!$R$3:$R$17,0),1),0) -> 0 | O19: =K18<>1000 -> TRUE | P19: =IF(PrnDB!$L19=0,"",IF(PrnDB!$L19>1," ","")&IF(PrnDB!$L19=3," ","")&PrnDB!$G19) -> Short-Term Debt
B20: =IF(ROW(A20)+4<=ROW(TotalAssets1),INDEX(Input,ROW(A20)+1,3),0) -> 0 | C20: =IF(ROW()+4<=ROW(TotalAssets1),INDEX(Input,ROW()+1,4),0) -> 0 | D20: =IF(ROW()+4<=ROW(TotalAssets1),INDEX(Input,ROW()+1,5),0) -> 0 | G20: =IF(N19=1,0,OFFSET(B20,PrnDB!$K20,0)) -> Trade Accounts Payable | H20: =OFFSET(C20,PrnDB!$K20,0) -> 100 | I20: =OFFSET(D20,PrnDB!$K20,0) -> 550 | J20: =IF(OR($B20<>0),1,0) -> 0 | K20: =IFERROR(ROW(OFFSET(PrnDB!$J20,K19,,450))+MATCH(1,OFFSET(PrnDB!$J20,K19,,450),0)-1-ROW()-IF(OR(N18=1,N18=2),N18,0),1000) -> 136 | L20: =IF(PrnDB!$G20=0,0,IFERROR(INDEX(PrnDB!$S$3:$S$17,MATCH(PrnDB!$G20,PrnDB!$R$3:$R$17,0),1),3)) -> 3 | M20: =IFERROR(INDEX(PrnDB!$T$3:$T$17,MATCH(PrnDB!$G20,PrnDB!$R$3:$R$17,0),1),0) -> 0 | N20: =IFERROR(INDEX(PrnDB!$U$3:$U$17,MATCH(PrnDB!$G20,PrnDB!$R$3:$R$17,0),1),0) -> 0 | O20: =K19<>1000 -> TRUE | P20: =IF(PrnDB!$L20=0,"",IF(PrnDB!$L20>1," ","")&IF(PrnDB!$L20=3," ","")&PrnDB!$G20) -> Trade Accounts Payable
B21: =IF(ROW(A21)+4<=ROW(TotalAssets1),INDEX(Input,ROW(A21)+1,3),0) -> 0 | C21: =IF(ROW()+4<=ROW(TotalAssets1),INDEX(Input,ROW()+1,4),0) -> 0 | D21: =IF(ROW()+4<=ROW(TotalAssets1),INDEX(Input,ROW()+1,5),0) -> 0 | G21: =IF(N20=1,0,OFFSET(B21,PrnDB!$K21,0)) -> Other Accrued Liabilities | H21: =OFFSET(C21,PrnDB!$K21,0) -> 500 | I21: =OFFSET(D21,PrnDB!$K21,0) -> 800 | J21: =IF(OR($B21<>0),1,0) -> 0 | K21: =IFERROR(ROW(OFFSET(PrnDB!$J21,K20,,450))+MATCH(1,OFFSET(PrnDB!$J21,K20,,450),0)-1-ROW()-IF(OR(N19=1,N19=2),N19,0),1000) -> 136 | L21: =IF(PrnDB!$G21=0,0,IFERROR(INDEX(PrnDB!$S$3:$S$17,MATCH(PrnDB!$G21,PrnDB!$R$3:$R$17,0),1),3)) -> 3 | M21: =IFERROR(INDEX(PrnDB!$T$3:$T$17,MATCH(PrnDB!$G21,PrnDB!$R$3:$R$17,0),1),0) -> 0 | N21: =IFERROR(INDEX(PrnDB!$U$3:$U$17,MATCH(PrnDB!$G21,PrnDB!$R$3:$R$17,0),1),0) -> 0 | O21: =K20<>1000 -> TRUE | P21: =IF(PrnDB!$L21=0,"",IF(PrnDB!$L21>1," ","")&IF(PrnDB!$L21=3," ","")&PrnDB!$G21) -> Other Accrued Liabilities
B22: =IF(ROW(A22)+4<=ROW(TotalAssets1),INDEX(Input,ROW(A22)+1,3),0) -> Total Non-Current Assets | C22: =IF(ROW()+4<=ROW(TotalAssets1),INDEX(Input,ROW()+1,4),0) -> 2900 | D22: =IF(ROW()+4<=ROW(TotalAssets1),INDEX(Input,ROW()+1,5),0) -> 3600 | G22: =IF(N21=1,0,OFFSET(B22,PrnDB!$K22,0)) -> Total Current Liabilities | H22: =OFFSET(C22,PrnDB!$K22,0) -> 2000 | I22: =OFFSET(D22,PrnDB!$K22,0) -> 1950 | J22: =IF(OR($B22<>0),1,0) -> 1 | K22: =IFERROR(ROW(OFFSET(PrnDB!$J22,K21,,450))+MATCH(1,OFFSET(PrnDB!$J22,K21,,450),0)-1-ROW()-IF(OR(N20=1,N20=2),N20,0),1000) -> 137 | L22: =IF(PrnDB!$G22=0,0,IFERROR(INDEX(PrnDB!$S$3:$S$17,MATCH(PrnDB!$G22,PrnDB!$R$3:$R$17,0),1),3)) -> 2 | M22: =IFERROR(INDEX(PrnDB!$T$3:$T$17,MATCH(PrnDB!$G22,PrnDB!$R$3:$R$17,0),1),0) -> 2 | N22: =IFERROR(INDEX(PrnDB!$U$3:$U$17,MATCH(PrnDB!$G22,PrnDB!$R$3:$R$17,0),1),0) -> 1 | O22: =K21<>1000 -> TRUE | P22: =IF(PrnDB!$L22=0,"",IF(PrnDB!$L22>1," ","")&IF(PrnDB!$L22=3," ","")&PrnDB!$G22) -> Total Current Liabilities
B23: =IF(ROW(A23)+4<=ROW(TotalAssets1),INDEX(Input,ROW(A23)+1,3),0) -> Total Assets | C23: =IF(ROW()+4<=ROW(TotalAssets1),INDEX(Input,ROW()+1,4),0) -> 5700 | D23: =IF(ROW()+4<=ROW(TotalAssets1),INDEX(Input,ROW()+1,5),0) -> 7250 | G23: =IF(N22=1,0,OFFSET(B23,PrnDB!$K23,0)) -> 0 | H23: =OFFSET(C23,PrnDB!$K23,0) -> 0 | I23: =OFFSET(D23,PrnDB!$K23,0) -> 0 | J23: =IF(OR($B23<>0),1,0) -> 1 | K23: =IFERROR(ROW(OFFSET(PrnDB!$J23,K22,,450))+MATCH(1,OFFSET(PrnDB!$J23,K22,,450),0)-1-ROW()-IF(OR(N21=1,N21=2),N21,0),1000) -> 137 | L23: =IF(PrnDB!$G23=0,0,IFERROR(INDEX(PrnDB!$S$3:$S$17,MATCH(PrnDB!$G23,PrnDB!$R$3:$R$17,0),1),3)) -> 0 | M23: =IFERROR(INDEX(PrnDB!$T$3:$T$17,MATCH(PrnDB!$G23,PrnDB!$R$3:$R$17,0),1),0) -> 0 | N23: =IFERROR(INDEX(PrnDB!$U$3:$U$17,MATCH(PrnDB!$G23,PrnDB!$R$3:$R$17,0),1),0) -> 0 | O23: =K22<>1000 -> TRUE | P23: =IF(PrnDB!$L23=0,"",IF(PrnDB!$L23>1," ","")&IF(PrnDB!$L23=3," ","")&PrnDB!$G23)
B24: =IF(ROW(A24)+4<=ROW(TotalAssets1),INDEX(Input,ROW(A24)+1,3),0) -> 0 | C24: =IF(ROW()+4<=ROW(TotalAssets1),INDEX(Input,ROW()+1,4),0) -> 0 | D24: =IF(ROW()+4<=ROW(TotalAssets1),INDEX(Input,ROW()+1,5),0) -> 0 | G24: =IF(N23=1,0,OFFSET(B24,PrnDB!$K24,0)) -> Non-Current Liabilities | H24: =OFFSET(C24,PrnDB!$K24,0) -> 0 | I24: =OFFSET(D24,PrnDB!$K24,0) -> 0 | J24: =IF(OR($B24<>0),1,0) -> 0 | K24: =IFERROR(ROW(OFFSET(PrnDB!$J24,K23,,450))+MATCH(1,OFFSET(PrnDB!$J24,K23,,450),0)-1-ROW()-IF(OR(N22=1,N22=2),N22,0),1000) -> 136 | L24: =IF(PrnDB!$G24=0,0,IFERROR(INDEX(PrnDB!$S$3:$S$17,MATCH(PrnDB!$G24,PrnDB!$R$3:$R$17,0),1),3)) -> 2 | M24: =IFERROR(INDEX(PrnDB!$T$3:$T$17,MATCH(PrnDB!$G24,PrnDB!$R$3:$R$17,0),1),0) -> 0 | N24: =IFERROR(INDEX(PrnDB!$U$3:$U$17,MATCH(PrnDB!$G24,PrnDB!$R$3:$R$17,0),1),0) -> 0 | O24: =K23<>1000 -> TRUE | P24: =IF(PrnDB!$L24=0,"",IF(PrnDB!$L24>1," ","")&IF(PrnDB!$L24=3," ","")&PrnDB!$G24) -> Non-Current Liabilities
B25: =IF(ROW(A25)+4<=ROW(TotalAssets1),INDEX(Input,ROW(A25)+1,3),0) -> 0 | C25: =IF(ROW()+4<=ROW(TotalAssets1),INDEX(Input,ROW()+1,4),0) -> 0 | D25: =IF(ROW()+4<=ROW(TotalAssets1),INDEX(Input,ROW()+1,5),0) -> 0 | G25: =IF(N24=1,0,OFFSET(B25,PrnDB!$K25,0)) -> Long-Term Debt | H25: =OFFSET(C25,PrnDB!$K25,0) -> 1100 | I25: =OFFSET(D25,PrnDB!$K25,0) -> 1650 | J25: =IF(OR($B25<>0),1,0) -> 0 | K25: =IFERROR(ROW(OFFSET(PrnDB!$J25,K24,,450))+MATCH(1,OFFSET(PrnDB!$J25,K24,,450),0)-1-ROW()-IF(OR(N23=1,N23=2),N23,0),1000) -> 136 | L25: =IF(PrnDB!$G25=0,0,IFERROR(INDEX(PrnDB!$S$3:$S$17,MATCH(PrnDB!$G25,PrnDB!$R$3:$R$17,0),1),3)) -> 3 | M25: =IFERROR(INDEX(PrnDB!$T$3:$T$17,MATCH(PrnDB!$G25,PrnDB!$R$3:$R$17,0),1),0) -> 0 | N25: =IFERROR(INDEX(PrnDB!$U$3:$U$17,MATCH(PrnDB!$G25,PrnDB!$R$3:$R$17,0),1),0) -> 0 | O25: =K24<>1000 -> TRUE | P25: =IF(PrnDB!$L25=0,"",IF(PrnDB!$L25>1," ","")&IF(PrnDB!$L25=3," ","")&PrnDB!$G25) -> Long-Term Debt
B26: =IF(ROW(A26)+4<=ROW(TotalAssets1),INDEX(Input,ROW(A26)+1,3),0) -> 0 | C26: =IF(ROW()+4<=ROW(TotalAssets1),INDEX(Input,ROW()+1,4),0) -> 0 | D26: =IF(ROW()+4<=ROW(TotalAssets1),INDEX(Input,ROW()+1,5),0) -> 0 | G26: =IF(N25=1,0,OFFSET(B26,PrnDB!$K26,0)) -> Total Non-Current Liabilities | H26: =OFFSET(C26,PrnDB!$K26,0) -> 1100 | I26: =OFFSET(D26,PrnDB!$K26,0) -> 1650 | J26: =IF(OR($B26<>0),1,0) -> 0 | K26: =IFERROR(ROW(OFFSET(PrnDB!$J26,K25,,450))+MATCH(1,OFFSET(PrnDB!$J26,K25,,450),0)-1-ROW()-IF(OR(N24=1,N24=2),N24,0),1000) -> 138 | L26: =IF(PrnDB!$G26=0,0,IFERROR(INDEX(PrnDB!$S$3:$S$17,MATCH(PrnDB!$G26,PrnDB!$R$3:$R$17,0),1),3)) -> 2 | M26: =IFERROR(INDEX(PrnDB!$T$3:$T$17,MATCH(PrnDB!$G26,PrnDB!$R$3:$R$17,0),1),0) -> 2 | N26: =IFERROR(INDEX(PrnDB!$U$3:$U$17,MATCH(PrnDB!$G26,PrnDB!$R$3:$R$17,0),1),0) -> 0 | O26: =K25<>1000 -> TRUE | P26: =IF(PrnDB!$L26=0,"",IF(PrnDB!$L26>1," ","")&IF(PrnDB!$L26=3," ","")&PrnDB!$G26) -> Total Non-Current Liabilities
B27: =IF(ROW(A27)+4<=ROW(TotalAssets1),INDEX(Input,ROW(A27)+1,3),0) -> 0 | C27: =IF(ROW()+4<=ROW(TotalAssets1),INDEX(Input,ROW()+1,4),0) -> 0 | D27: =IF(ROW()+4<=ROW(TotalAssets1),INDEX(Input,ROW()+1,5),0) -> 0 | G27: =IF(N26=1,0,OFFSET(B27,PrnDB!$K27,0)) -> Total Liabilities | H27: =OFFSET(C27,PrnDB!$K27,0) -> 3100 | I27: =OFFSET(D27,PrnDB!$K27,0) -> 3600 | J27: =IF(OR($B27<>0),1,0) -> 0 | K27: =IFERROR(ROW(OFFSET(PrnDB!$J27,K26,,450))+MATCH(1,OFFSET(PrnDB!$J27,K26,,450),0)-1-ROW()-IF(OR(N25=1,N25=2),N25,0),1000) -> 138 | L27: =IF(PrnDB!$G27=0,0,IFERROR(INDEX(PrnDB!$S$3:$S$17,MATCH(PrnDB!$G27,PrnDB!$R$3:$R$17,0),1),3)) -> 1 | M27: =IFERROR(INDEX(PrnDB!$T$3:$T$17,MATCH(PrnDB!$G27,PrnDB!$R$3:$R$17,0),1),0) -> 2 | N27: =IFERROR(INDEX(PrnDB!$U$3:$U$17,MATCH(PrnDB!$G27,PrnDB!$R$3:$R$17,0),1),0) -> 1 | O27: =K26<>1000 -> TRUE | P27: =IF(PrnDB!$L27=0,"",IF(PrnDB!$L27>1," ","")&IF(PrnDB!$L27=3," ","")&PrnDB!$G27) -> Total Liabilities
B28: =IF(ROW(A28)+4<=ROW(TotalAssets1),INDEX(Input,ROW(A28)+1,3),0) -> 0 | C28: =IF(ROW()+4<=ROW(TotalAssets1),INDEX(Input,ROW()+1,4),0) -> 0 | D28: =IF(ROW()+4<=ROW(TotalAssets1),INDEX(Input,ROW()+1,5),0) -> 0 | G28: =IF(N27=1,0,OFFSET(B28,PrnDB!$K28,0)) -> 0 | H28: =OFFSET(C28,PrnDB!$K28,0) -> 0 | I28: =OFFSET(D28,PrnDB!$K28,0) -> 0 | J28: =IF(OR($B28<>0),1,0) -> 0 | K28: =IFERROR(ROW(OFFSET(PrnDB!$J28,K27,,450))+MATCH(1,OFFSET(PrnDB!$J28,K27,,450),0)-1-ROW()-IF(OR(N26=1,N26=2),N26,0),1000) -> 287 | L28: =IF(PrnDB!$G28=0,0,IFERROR(INDEX(PrnDB!$S$3:$S$17,MATCH(PrnDB!$G28,PrnDB!$R$3:$R$17,0),1),3)) -> 0 | M28: =IFERROR(INDEX(PrnDB!$T$3:$T$17,MATCH(PrnDB!$G28,PrnDB!$R$3:$R$17,0),1),0) -> 0 | N28: =IFERROR(INDEX(PrnDB!$U$3:$U$17,MATCH(PrnDB!$G28,PrnDB!$R$3:$R$17,0),1),0) -> 0 | O28: =K27<>1000 -> TRUE | P28: =IF(PrnDB!$L28=0,"",IF(PrnDB!$L28>1," ","")&IF(PrnDB!$L28=3," ","")&PrnDB!$G28)
B29: =IF(ROW(A29)+4<=ROW(TotalAssets1),INDEX(Input,ROW(A29)+1,3),0) -> 0 | C29: =IF(ROW()+4<=ROW(TotalAssets1),INDEX(Input,ROW()+1,4),0) -> 0 | D29: =IF(ROW()+4<=ROW(TotalAssets1),INDEX(Input,ROW()+1,5),0) -> 0 | G29: =IF(N28=1,0,OFFSET(B29,PrnDB!$K29,0)) -> EQUITY | H29: =OFFSET(C29,PrnDB!$K29,0) -> 0 | I29: =OFFSET(D29,PrnDB!$K29,0) -> 0 | J29: =IF(OR($B29<>0),1,0) -> 0 | K29: =IFERROR(ROW(OFFSET(PrnDB!$J29,K28,,450))+MATCH(1,OFFSET(PrnDB!$J29,K28,,450),0)-1-ROW()-IF(OR(N27=1,N27=2),N27,0),1000) -> 286 | L29: =IF(PrnDB!$G29=0,0,IFERROR(INDEX(PrnDB!$S$3:$S$17,MATCH(PrnDB!$G29,PrnDB!$R$3:$R$17,0),1),3)) -> 2 | M29: =IFERROR(INDEX(PrnDB!$T$3:$T$17,MATCH(PrnDB!$G29,PrnDB!$R$3:$R$17,0),1),0) -> 0 | N29: =IFERROR(INDEX(PrnDB!$U$3:$U$17,MATCH(PrnDB!$G29,PrnDB!$R$3:$R$17,0),1),0) -> 0 | O29: =K28<>1000 -> TRUE | P29: =IF(PrnDB!$L29=0,"",IF(PrnDB!$L29>1," ","")&IF(PrnDB!$L29=3," ","")&PrnDB!$G29) -> EQUITY
... B56: =IF(ROW(A56)+4<=ROW(TotalAssets1),INDEX(Input,ROW(A56)+1,3),0) -> 0 | C56: =IF(ROW()+4<=ROW(TotalAssets1),INDEX(Input,ROW()+1,4),0) -> 0 | D56: =IF(ROW()+4<=ROW(TotalAssets1),INDEX(Input,ROW()+1,5),0) -> 0 | G56: =IF(N55=1,0,OFFSET(B56,PrnDB!$K56,0)) -> 0 | H56: =OFFSET(C56,PrnDB!$K56,0) -> 0 | I56: =OFFSET(D56,PrnDB!$K56,0) -> 0 | J56: =IF(OR($B56<>0),1,0) -> 0 | K56: =IFERROR(ROW(OFFSET(PrnDB!$J56,K55,,450))+MATCH(1,OFFSET(PrnDB!$J56,K55,,450),0)-1-ROW()-IF(OR(N54=1,N54=2),N54,0),1000) -> 1000 | L56: =IF(PrnDB!$G56=0,0,IFERROR(INDEX(PrnDB!$S$3:$S$17,MATCH(PrnDB!$G56,PrnDB!$R$3:$R$17,0),1),3)) -> 0 | M56: =IFERROR(INDEX(PrnDB!$T$3:$T$17,MATCH(PrnDB!$G56,PrnDB!$R$3:$R$17,0),1),0) -> 0 | N56: =IFERROR(INDEX(PrnDB!$U$3:$U$17,MATCH(PrnDB!$G56,PrnDB!$R$3:$R$17,0),1),0) -> 0 | O56: =K55<>1000 -> FALSE | P56: =IF(PrnDB!$L56=0,"",IF(PrnDB!$L56>1," ","")&IF(PrnDB!$L56=3," ","")&PrnDB!$G56)
B57: =IF(ROW(A57)+4<=ROW(TotalAssets1),INDEX(Input,ROW(A57)+1,3),0) -> 0 | C57: =IF(ROW()+4<=ROW(TotalAssets1),INDEX(Input,ROW()+1,4),0) -> 0 | D57: =IF(ROW()+4<=ROW(TotalAssets1),INDEX(Input,ROW()+1,5),0) -> 0 | G57: =IF(N56=1,0,OFFSET(B57,PrnDB!$K57,0)) -> 0 | H57: =OFFSET(C57,PrnDB!$K57,0) -> 0 | I57: =OFFSET(D57,PrnDB!$K57,0) -> 0 | J57: =IF(OR($B57<>0),1,0) -> 0 | K57: =IFERROR(ROW(OFFSET(PrnDB!$J57,K56,,450))+MATCH(1,OFFSET(PrnDB!$J57,K56,,450),0)-1-ROW()-IF(OR(N55=1,N55=2),N55,0),1000) -> 1000 | L57: =IF(PrnDB!$G57=0,0,IFERROR(INDEX(PrnDB!$S$3:$S$17,MATCH(PrnDB!$G57,PrnDB!$R$3:$R$17,0),1),3)) -> 0 | M57: =IFERROR(INDEX(PrnDB!$T$3:$T$17,MATCH(PrnDB!$G57,PrnDB!$R$3:$R$17,0),1),0) -> 0 | N57: =IFERROR(INDEX(PrnDB!$U$3:$U$17,MATCH(PrnDB!$G57,PrnDB!$R$3:$R$17,0),1),0) -> 0 | O57: =K56<>1000 -> FALSE | P57: =IF(PrnDB!$L57=0,"",IF(PrnDB!$L57>1," ","")&IF(PrnDB!$L57=3," ","")&PrnDB!$G57) | R57: =COUNTIFS(PrnDB!$O$3:$O$453,TRUE)+4 -> 37
B58: =IF(ROW(A58)+4<=ROW(TotalAssets1),INDEX(Input,ROW(A58)+1,3),0) -> 0 | C58: =IF(ROW()+4<=ROW(TotalAssets1),INDEX(Input,ROW()+1,4),0) -> 0 | D58: =IF(ROW()+4<=ROW(TotalAssets1),INDEX(Input,ROW()+1,5),0) -> 0 | G58: =IF(N57=1,0,OFFSET(B58,PrnDB!$K58,0)) -> 0 | H58: =OFFSET(C58,PrnDB!$K58,0) -> 0 | I58: =OFFSET(D58,PrnDB!$K58,0) -> 0 | J58: =IF(OR($B58<>0),1,0) -> 0 | K58: =IFERROR(ROW(OFFSET(PrnDB!$J58,K57,,450))+MATCH(1,OFFSET(PrnDB!$J58,K57,,450),0)-1-ROW()-IF(OR(N56=1,N56=2),N56,0),1000) -> 1000 | L58: =IF(PrnDB!$G58=0,0,IFERROR(INDEX(PrnDB!$S$3:$S$17,MATCH(PrnDB!$G58,PrnDB!$R$3:$R$17,0),1),3)) -> 0 | M58: =IFERROR(INDEX(PrnDB!$T$3:$T$17,MATCH(PrnDB!$G58,PrnDB!$R$3:$R$17,0),1),0) -> 0 | N58: =IFERROR(INDEX(PrnDB!$U$3:$U$17,MATCH(PrnDB!$G58,PrnDB!$R$3:$R$17,0),1),0) -> 0 | O58: =K57<>1000 -> FALSE | P58: =IF(PrnDB!$L58=0,"",IF(PrnDB!$L58>1," ","")&IF(PrnDB!$L58=3," ","")&PrnDB!$G58)
B59: =IF(ROW(A59)+4<=ROW(TotalAssets1),INDEX(Input,ROW(A59)+1,3),0) -> 0 | C59: =IF(ROW()+4<=ROW(TotalAssets1),INDEX(Input,ROW()+1,4),0) -> 0 | D59: =IF(ROW()+4<=ROW(TotalAssets1),INDEX(Input,ROW()+1,5),0) -> 0 | G59: =IF(N58=1,0,OFFSET(B59,PrnDB!$K59,0)) -> 0 | H59: =OFFSET(C59,PrnDB!$K59,0) -> 0 | I59: =OFFSET(D59,PrnDB!$K59,0) -> 0 | J59: =IF(OR($B59<>0),1,0) -> 0 | K59: =IFERROR(ROW(OFFSET(PrnDB!$J59,K58,,450))+MATCH(1,OFFSET(PrnDB!$J59,K58,,450),0)-1-ROW()-IF(OR(N57=1,N57=2),N57,0),1000) -> 1000 | L59: =IF(PrnDB!$G59=0,0,IFERROR(INDEX(PrnDB!$S$3:$S$17,MATCH(PrnDB!$G59,PrnDB!$R$3:$R$17,0),1),3)) -> 0 | M59: =IFERROR(INDEX(PrnDB!$T$3:$T$17,MATCH(PrnDB!$G59,PrnDB!$R$3:$R$17,0),1),0) -> 0 | N59: =IFERROR(INDEX(PrnDB!$U$3:$U$17,MATCH(PrnDB!$G59,PrnDB!$R$3:$R$17,0),1),0) -> 0 | O59: =K58<>1000 -> FALSE | P59: =IF(PrnDB!$L59=0,"",IF(PrnDB!$L59>1," ","")&IF(PrnDB!$L59=3," ","")&PrnDB!$G59)
B60: =IF(ROW(A60)+4<=ROW(TotalAssets1),INDEX(Input,ROW(A60)+1,3),0) -> 0 | C60: =IF(ROW()+4<=ROW(TotalAssets1),INDEX(Input,ROW()+1,4),0) -> 0 | D60: =IF(ROW()+4<=ROW(TotalAssets1),INDEX(Input,ROW()+1,5),0) -> 0 | G60: =IF(N59=1,0,OFFSET(B60,PrnDB!$K60,0)) -> 0 | H60: =OFFSET(C60,PrnDB!$K60,0) -> 0 | I60: =OFFSET(D60,PrnDB!$K60,0) -> 0 | J60: =IF(OR($B60<>0),1,0) -> 0 | K60: =IFERROR(ROW(OFFSET(PrnDB!$J60,K59,,450))+MATCH(1,OFFSET(PrnDB!$J60,K59,,450),0)-1-ROW()-IF(OR(N58=1,N58=2),N58,0),1000) -> 1000 | L60: =IF(PrnDB!$G60=0,0,IFERROR(INDEX(PrnDB!$S$3:$S$17,MATCH(PrnDB!$G60,PrnDB!$R$3:$R$17,0),1),3)) -> 0 | M60: =IFERROR(INDEX(PrnDB!$T$3:$T$17,MATCH(PrnDB!$G60,PrnDB!$R$3:$R$17,0),1),0) -> 0 | N60: =IFERROR(INDEX(PrnDB!$U$3:$U$17,MATCH(PrnDB!$G60,PrnDB!$R$3:$R$17,0),1),0) -> 0 | O60: =K59<>1000 -> FALSE | P60: =IF(PrnDB!$L60=0,"",IF(PrnDB!$L60>1," ","")&IF(PrnDB!$L60=3," ","")&PrnDB!$G60)
B61: =IF(ROW(A61)+4<=ROW(TotalAssets1),INDEX(Input,ROW(A61)+1,3),0) -> 0 | C61: =IF(ROW()+4<=ROW(TotalAssets1),INDEX(Input,ROW()+1,4),0) -> 0 | D61: =IF(ROW()+4<=ROW(TotalAssets1),INDEX(Input,ROW()+1,5),0) -> 0 | G61: =IF(N60=1,0,OFFSET(B61,PrnDB!$K61,0)) -> 0 | H61: =OFFSET(C61,PrnDB!$K61,0) -> 0 | I61: =OFFSET(D61,PrnDB!$K61,0) -> 0 | J61: =IF(OR($B61<>0),1,0) -> 0 | K61: =IFERROR(ROW(OFFSET(PrnDB!$J61,K60,,450))+MATCH(1,OFFSET(PrnDB!$J61,K60,,450),0)-1-ROW()-IF(OR(N59=1,N59=2),N59,0),1000) -> 1000 | L61: =IF(PrnDB!$G61=0,0,IFERROR(INDEX(PrnDB!$S$3:$S$17,MATCH(PrnDB!$G61,PrnDB!$R$3:$R$17,0),1),3)) -> 0 | M61: =IFERROR(INDEX(PrnDB!$T$3:$T$17,MATCH(PrnDB!$G61,PrnDB!$R$3:$R$17,0),1),0) -> 0 | N61: =IFERROR(INDEX(PrnDB!$U$3:$U$17,MATCH(PrnDB!$G61,PrnDB!$R$3:$R$17,0),1),0) -> 0 | O61: =K60<>1000 -> FALSE | P61: =IF(PrnDB!$L61=0,"",IF(PrnDB!$L61>1," ","")&IF(PrnDB!$L61=3," ","")&PrnDB!$G61)
B62: =IF(ROW(A62)+4<=ROW(TotalAssets1),INDEX(Input,ROW(A62)+1,3),0) -> 0 | C62: =IF(ROW()+4<=ROW(TotalAssets1),INDEX(Input,ROW()+1,4),0) -> 0 | D62: =IF(ROW()+4<=ROW(TotalAssets1),INDEX(Input,ROW()+1,5),0) -> 0 | G62: =IF(N61=1,0,OFFSET(B62,PrnDB!$K62,0)) -> 0 | H62: =OFFSET(C62,PrnDB!$K62,0) -> 0 | I62: =OFFSET(D62,PrnDB!$K62,0) -> 0 | J62: =IF(OR($B62<>0),1,0) -> 0 | K62: =IFERROR(ROW(OFFSET(PrnDB!$J62,K61,,450))+MATCH(1,OFFSET(PrnDB!$J62,K61,,450),0)-1-ROW()-IF(OR(N60=1,N60=2),N60,0),1000) -> 1000 | L62: =IF(PrnDB!$G62=0,0,IFERROR(INDEX(PrnDB!$S$3:$S$17,MATCH(PrnDB!$G62,PrnDB!$R$3:$R$17,0),1),3)) -> 0 | M62: =IFERROR(INDEX(PrnDB!$T$3:$T$17,MATCH(PrnDB!$G62,PrnDB!$R$3:$R$17,0),1),0) -> 0 | N62: =IFERROR(INDEX(PrnDB!$U$3:$U$17,MATCH(PrnDB!$G62,PrnDB!$R$3:$R$17,0),1),0) -> 0 | O62: =K61<>1000 -> FALSE | P62: =IF(PrnDB!$L62=0,"",IF(PrnDB!$L62>1," ","")&IF(PrnDB!$L62=3," ","")&PrnDB!$G62)
B63: =IF(ROW(A63)+4<=ROW(TotalAssets1),INDEX(Input,ROW(A63)+1,3),0) -> 0 | C63: =IF(ROW()+4<=ROW(TotalAssets1),INDEX(Input,ROW()+1,4),0) -> 0 | D63: =IF(ROW()+4<=ROW(TotalAssets1),INDEX(Input,ROW()+1,5),0) -> 0 | G63: =IF(N62=1,0,OFFSET(B63,PrnDB!$K63,0)) -> 0 | H63: =OFFSET(C63,PrnDB!$K63,0) -> 0 | I63: =OFFSET(D63,PrnDB!$K63,0) -> 0 | J63: =IF(OR($B63<>0),1,0) -> 0 | K63: =IFERROR(ROW(OFFSET(PrnDB!$J63,K62,,450))+MATCH(1,OFFSET(PrnDB!$J63,K62,,450),0)-1-ROW()-IF(OR(N61=1,N61=2),N61,0),1000) -> 1000 | L63: =IF(PrnDB!$G63=0,0,IFERROR(INDEX(PrnDB!$S$3:$S$17,MATCH(PrnDB!$G63,PrnDB!$R$3:$R$17,0),1),3)) -> 0 | M63: =IFERROR(INDEX(PrnDB!$T$3:$T$17,MATCH(PrnDB!$G63,PrnDB!$R$3:$R$17,0),1),0) -> 0 | N63: =IFERROR(INDEX(PrnDB!$U$3:$U$17,MATCH(PrnDB!$G63,PrnDB!$R$3:$R$17,0),1),0) -> 0 | O63: =K62<>1000 -> FALSE | P63: =IF(PrnDB!$L63=0,"",IF(PrnDB!$L63>1," ","")&IF(PrnDB!$L63=3," ","")&PrnDB!$G63)
B64: =IF(ROW(A64)+4<=ROW(TotalAssets1),INDEX(Input,ROW(A64)+1,3),0) -> 0 | C64: =IF(ROW()+4<=ROW(TotalAssets1),INDEX(Input,ROW()+1,4),0) -> 0 | D64: =IF(ROW()+4<=ROW(TotalAssets1),INDEX(Input,ROW()+1,5),0) -> 0 | G64: =IF(N63=1,0,OFFSET(B64,PrnDB!$K64,0)) -> 0 | H64: =OFFSET(C64,PrnDB!$K64,0) -> 0 | I64: =OFFSET(D64,PrnDB!$K64,0) -> 0 | J64: =IF(OR($B64<>0),1,0) -> 0 | K64: =IFERROR(ROW(OFFSET(PrnDB!$J64,K63,,450))+MATCH(1,OFFSET(PrnDB!$J64,K63,,450),0)-1-ROW()-IF(OR(N62=1,N62=2),N62,0),1000) -> 1000 | L64: =IF(PrnDB!$G64=0,0,IFERROR(INDEX(PrnDB!$S$3:$S$17,MATCH(PrnDB!$G64,PrnDB!$R$3:$R$17,0),1),3)) -> 0 | M64: =IFERROR(INDEX(PrnDB!$T$3:$T$17,MATCH(PrnDB!$G64,PrnDB!$R$3:$R$17,0),1),0) -> 0 | N64: =IFERROR(INDEX(PrnDB!$U$3:$U$17,MATCH(PrnDB!$G64,PrnDB!$R$3:$R$17,0),1),0) -> 0 | O64: =K63<>1000 -> FALSE | P64: =IF(PrnDB!$L64=0,"",IF(PrnDB!$L64>1," ","")&IF(PrnDB!$L64=3," ","")&PrnDB!$G64)
B65: =IF(ROW(A65)+4<=ROW(TotalAssets1),INDEX(Input,ROW(A65)+1,3),0) -> 0 | C65: =IF(ROW()+4<=ROW(TotalAssets1),INDEX(Input,ROW()+1,4),0) -> 0 | D65: =IF(ROW()+4<=ROW(TotalAssets1),INDEX(Input,ROW()+1,5),0) -> 0 | G65: =IF(N64=1,0,OFFSET(B65,PrnDB!$K65,0)) -> 0 | H65: =OFFSET(C65,PrnDB!$K65,0) -> 0 | I65: =OFFSET(D65,PrnDB!$K65,0) -> 0 | J65: =IF(OR($B65<>0),1,0) -> 0 | K65: =IFERROR(ROW(OFFSET(PrnDB!$J65,K64,,450))+MATCH(1,OFFSET(PrnDB!$J65,K64,,450),0)-1-ROW()-IF(OR(N63=1,N63=2),N63,0),1000) -> 1000 | L65: =IF(PrnDB!$G65=0,0,IFERROR(INDEX(PrnDB!$S$3:$S$17,MATCH(PrnDB!$G65,PrnDB!$R$3:$R$17,0),1),3)) -> 0 | M65: =IFERROR(INDEX(PrnDB!$T$3:$T$17,MATCH(PrnDB!$G65,PrnDB!$R$3:$R$17,0),1),0) -> 0 | N65: =IFERROR(INDEX(PrnDB!$U$3:$U$17,MATCH(PrnDB!$G65,PrnDB!$R$3:$R$17,0),1),0) -> 0 | O65: =K64<>1000 -> FALSE | P65: =IF(PrnDB!$L65=0,"",IF(PrnDB!$L65>1," ","")&IF(PrnDB!$L65=3," ","")&PrnDB!$G65)
B66: =IF(ROW(A66)+4<=ROW(TotalAssets1),INDEX(Input,ROW(A66)+1,3),0) -> 0 | C66: =IF(ROW()+4<=ROW(TotalAssets1),INDEX(Input,ROW()+1,4),0) -> 0 | D66: =IF(ROW()+4<=ROW(TotalAssets1),INDEX(Input,ROW()+1,5),0) -> 0 | G66: =IF(N65=1,0,OFFSET(B66,PrnDB!$K66,0)) -> 0 | H66: =OFFSET(C66,PrnDB!$K66,0) -> 0 | I66: =OFFSET(D66,PrnDB!$K66,0) -> 0 | J66: =IF(OR($B66<>0),1,0) -> 0 | K66: =IFERROR(ROW(OFFSET(PrnDB!$J66,K65,,450))+MATCH(1,OFFSET(PrnDB!$J66,K65,,450),0)-1-ROW()-IF(OR(N64=1,N64=2),N64,0),1000) -> 1000 | L66: =IF(PrnDB!$G66=0,0,IFERROR(INDEX(PrnDB!$S$3:$S$17,MATCH(PrnDB!$G66,PrnDB!$R$3:$R$17,0),1),3)) -> 0 | M66: =IFERROR(INDEX(PrnDB!$T$3:$T$17,MATCH(PrnDB!$G66,PrnDB!$R$3:$R$17,0),1),0) -> 0 | N66: =IFERROR(INDEX(PrnDB!$U$3:$U$17,MATCH(PrnDB!$G66,PrnDB!$R$3:$R$17,0),1),0) -> 0 | O66: =K65<>1000 -> FALSE | P66: =IF(PrnDB!$L66=0,"",IF(PrnDB!$L66>1," ","")&IF(PrnDB!$L66=3," ","")&PrnDB!$G66)
B67: =IF(ROW(A67)+4<=ROW(TotalAssets1),INDEX(Input,ROW(A67)+1,3),0) -> 0 | C67: =IF(ROW()+4<=ROW(TotalAssets1),INDEX(Input,ROW()+1,4),0) -> 0 | D67: =IF(ROW()+4<=ROW(TotalAssets1),INDEX(Input,ROW()+1,5),0) -> 0 | G67: =IF(N66=1,0,OFFSET(B67,PrnDB!$K67,0)) -> 0 | H67: =OFFSET(C67,PrnDB!$K67,0) -> 0 | I67: =OFFSET(D67,PrnDB!$K67,0) -> 0 | J67: =IF(OR($B67<>0),1,0) -> 0 | K67: =IFERROR(ROW(OFFSET(PrnDB!$J67,K66,,450))+MATCH(1,OFFSET(PrnDB!$J67,K66,,450),0)-1-ROW()-IF(OR(N65=1,N65=2),N65,0),1000) -> 1000 | L67: =IF(PrnDB!$G67=0,0,IFERROR(INDEX(PrnDB!$S$3:$S$17,MATCH(PrnDB!$G67,PrnDB!$R$3:$R$17,0),1),3)) -> 0 | M67: =IFERROR(INDEX(PrnDB!$T$3:$T$17,MATCH(PrnDB!$G67,PrnDB!$R$3:$R$17,0),1),0) -> 0 | N67: =IFERROR(INDEX(PrnDB!$U$3:$U$17,MATCH(PrnDB!$G67,PrnDB!$R$3:$R$17,0),1),0) -> 0 | O67: =K66<>1000 -> FALSE | P67: =IF(PrnDB!$L67=0,"",IF(PrnDB!$L67>1," ","")&IF(PrnDB!$L67=3," ","")&PrnDB!$G67)
B68: =IF(ROW(A68)+4<=ROW(TotalAssets1),INDEX(Input,ROW(A68)+1,3),0) -> 0 | C68: =IF(ROW()+4<=ROW(TotalAssets1),INDEX(Input,ROW()+1,4),0) -> 0 | D68: =IF(ROW()+4<=ROW(TotalAssets1),INDEX(Input,ROW()+1,5),0) -> 0 | G68: =IF(N67=1,0,OFFSET(B68,PrnDB!$K68,0)) -> 0 | H68: =OFFSET(C68,PrnDB!$K68,0) -> 0 | I68: =OFFSET(D68,PrnDB!$K68,0) -> 0 | J68: =IF(OR($B68<>0),1,0) -> 0 | K68: =IFERROR(ROW(OFFSET(PrnDB!$J68,K67,,450))+MATCH(1,OFFSET(PrnDB!$J68,K67,,450),0)-1-ROW()-IF(OR(N66=1,N66=2),N66,0),1000) -> 1000 | L68: =IF(PrnDB!$G68=0,0,IFERROR(INDEX(PrnDB!$S$3:$S$17,MATCH(PrnDB!$G68,PrnDB!$R$3:$R$17,0),1),3)) -> 0 | M68: =IFERROR(INDEX(PrnDB!$T$3:$T$17,MATCH(PrnDB!$G68,PrnDB!$R$3:$R$17,0),1),0) -> 0 | N68: =IFERROR(INDEX(PrnDB!$U$3:$U$17,MATCH(PrnDB!$G68,PrnDB!$R$3:$R$17,0),1),0) -> 0 | O68: =K67<>1000 -> FALSE | P68: =IF(PrnDB!$L68=0,"",IF(PrnDB!$L68>1," ","")&IF(PrnDB!$L68=3," ","")&PrnDB!$G68)
B69: =IF(ROW(A69)+4<=ROW(TotalAssets1),INDEX(Input,ROW(A69)+1,3),0) -> 0 | C69: =IF(ROW()+4<=ROW(TotalAssets1),INDEX(Input,ROW()+1,4),0) -> 0 | D69: =IF(ROW()+4<=ROW(TotalAssets1),INDEX(Input,ROW()+1,5),0) -> 0 | G69: =IF(N68=1,0,OFFSET(B69,PrnDB!$K69,0)) -> 0 | H69: =OFFSET(C69,PrnDB!$K69,0) -> 0 | I69: =OFFSET(D69,PrnDB!$K69,0) -> 0 | J69: =IF(OR($B69<>0),1,0) -> 0 | K69: =IFERROR(ROW(OFFSET(PrnDB!$J69,K68,,450))+MATCH(1,OFFSET(PrnDB!$J69,K68,,450),0)-1-ROW()-IF(OR(N67=1,N67=2),N67,0),1000) -> 1000 | L69: =IF(PrnDB!$G69=0,0,IFERROR(INDEX(PrnDB!$S$3:$S$17,MATCH(PrnDB!$G69,PrnDB!$R$3:$R$17,0),1),3)) -> 0 | M69: =IFERROR(INDEX(PrnDB!$T$3:$T$17,MATCH(PrnDB!$G69,PrnDB!$R$3:$R$17,0),1),0) -> 0 | N69: =IFERROR(INDEX(PrnDB!$U$3:$U$17,MATCH(PrnDB!$G69,PrnDB!$R$3:$R$17,0),1),0) -> 0 | O69: =K68<>1000 -> FALSE | P69: =IF(PrnDB!$L69=0,"",IF(PrnDB!$L69>1," ","")&IF(PrnDB!$L69=3," ","")&PrnDB!$G69)
... B152: =IF(ROW(A152)+4<=ROW(TotalAssets1),INDEX(Input,ROW(A152)+1,3),0) -> 0 | C152: =IF(ROW()+4<=ROW(TotalAssets1),INDEX(Input,ROW()+1,4),0) -> 0 | D152: =IF(ROW()+4<=ROW(TotalAssets1),INDEX(Input,ROW()+1,5),0) -> 0 | G152: =IF(N151=1,0,OFFSET(B152,PrnDB!$K152,0)) -> 0 | H152: =OFFSET(C152,PrnDB!$K152,0) -> 0 | I152: =OFFSET(D152,PrnDB!$K152,0) -> 0 | J152: =IF(OR($B152<>0),1,0) -> 0 | K152: =IFERROR(ROW(OFFSET(PrnDB!$J152,K151,,450))+MATCH(1,OFFSET(PrnDB!$J152,K151,,450),0)-1-ROW()-IF(OR(N150=1,N150=2),N150,0),1000) -> 1000 | L152: =IF(PrnDB!$G152=0,0,IFERROR(INDEX(PrnDB!$S$3:$S$17,MATCH(PrnDB!$G152,PrnDB!$R$3:$R$17,0),1),3)) -> 0 | M152: =IFERROR(INDEX(PrnDB!$T$3:$T$17,MATCH(PrnDB!$G152,PrnDB!$R$3:$R$17,0),1),0) -> 0 | N152: =IFERROR(INDEX(PrnDB!$U$3:$U$17,MATCH(PrnDB!$G152,PrnDB!$R$3:$R$17,0),1),0) -> 0 | O152: =K151<>1000 -> FALSE | P152: =IF(PrnDB!$L152=0,"",IF(PrnDB!$L152>1," ","")&IF(PrnDB!$L152=3," ","")&PrnDB!$G152)
B153: =IF(ROW(A153)+4-149<=ROW(TotalLiabilities1),INDEX(Input,ROW(A153)+1-150,9),0) -> LIABILITIES | C153: =IF(ROW()+4-149<=ROW(TotalLiabilities1),INDEX(Input,ROW()+1-150,10),0) -> 0 | D153: =IF(ROW()+4-149<=ROW(TotalLiabilities1),INDEX(Input,ROW()+1-150,11),0) -> 0 | G153: =IF(N152=1,0,OFFSET(B153,PrnDB!$K153,0)) -> 0 | H153: =OFFSET(C153,PrnDB!$K153,0) -> 0 | I153: =OFFSET(D153,PrnDB!$K153,0) -> 0 | J153: =IF(OR($B153<>0),1,0) -> 1 | K153: =IFERROR(ROW(OFFSET(PrnDB!$J153,K152,,450))+MATCH(1,OFFSET(PrnDB!$J153,K152,,450),0)-1-ROW()-IF(OR(N151=1,N151=2),N151,0),1000) -> 1000 | L153: =IF(PrnDB!$G153=0,0,IFERROR(INDEX(PrnDB!$S$3:$S$17,MATCH(PrnDB!$G153,PrnDB!$R$3:$R$17,0),1),3)) -> 0 | M153: =IFERROR(INDEX(PrnDB!$T$3:$T$17,MATCH(PrnDB!$G153,PrnDB!$R$3:$R$17,0),1),0) -> 0 | N153: =IFERROR(INDEX(PrnDB!$U$3:$U$17,MATCH(PrnDB!$G153,PrnDB!$R$3:$R$17,0),1),0) -> 0 | O153: =K152<>1000 -> FALSE | P153: =IF(PrnDB!$L153=0,"",IF(PrnDB!$L153>1," ","")&IF(PrnDB!$L153=3," ","")&PrnDB!$G153)
B154: =IF(ROW(A154)+4-149<=ROW(TotalLiabilities1),INDEX(Input,ROW(A154)+1-150,9),0) -> Current Liabilities | C154: =IF(ROW()+4-149<=ROW(TotalLiabilities1),INDEX(Input,ROW()+1-150,10),0) -> 0 | D154: =IF(ROW()+4-149<=ROW(TotalLiabilities1),INDEX(Input,ROW()+1-150,11),0) -> 0 | G154: =IF(N153=1,0,OFFSET(B154,PrnDB!$K154,0)) -> 0 | H154: =OFFSET(C154,PrnDB!$K154,0) -> 0 | I154: =OFFSET(D154,PrnDB!$K154,0) -> 0 | J154: =IF(OR($B154<>0),1,0) -> 1 | K154: =IFERROR(ROW(OFFSET(PrnDB!$J154,K153,,450))+MATCH(1,OFFSET(PrnDB!$J154,K153,,450),0)-1-ROW()-IF(OR(N152=1,N152=2),N152,0),1000) -> 1000 | L154: =IF(PrnDB!$G154=0,0,IFERROR(INDEX(PrnDB!$S$3:$S$17,MATCH(PrnDB!$G154,PrnDB!$R$3:$R$17,0),1),3)) -> 0 | M154: =IFERROR(INDEX(PrnDB!$T$3:$T$17,MATCH(PrnDB!$G154,PrnDB!$R$3:$R$17,0),1),0) -> 0 | N154: =IFERROR(INDEX(PrnDB!$U$3:$U$17,MATCH(PrnDB!$G154,PrnDB!$R$3:$R$17,0),1),0) -> 0 | O154: =K153<>1000 -> FALSE | P154: =IF(PrnDB!$L154=0,"",IF(PrnDB!$L154>1," ","")&IF(PrnDB!$L154=3," ","")&PrnDB!$G154)
B155: =IF(ROW(A155)+4-149<=ROW(TotalLiabilities1),INDEX(Input,ROW(A155)+1-150,9),0) -> Short-Term Debt | C155: =IF(ROW()+4-149<=ROW(TotalLiabilities1),INDEX(Input,ROW()+1-150,10),0) -> 1400 | D155: =IF(ROW()+4-149<=ROW(TotalLiabilities1),INDEX(Input,ROW()+1-150,11),0) -> 600 | G155: =IF(N154=1,0,OFFSET(B155,PrnDB!$K155,0)) -> 0 | H155: =OFFSET(C155,PrnDB!$K155,0) -> 0 | I155: =OFFSET(D155,PrnDB!$K155,0) -> 0 | J155: =IF(OR($B155<>0),1,0) -> 1 | K155: =IFERROR(ROW(OFFSET(PrnDB!$J155,K154,,450))+MATCH(1,OFFSET(PrnDB!$J155,K154,,450),0)-1-ROW()-IF(OR(N153=1,N153=2),N153,0),1000) -> 1000 | L155: =IF(PrnDB!$G155=0,0,IFERROR(INDEX(PrnDB!$S$3:$S$17,MATCH(PrnDB!$G155,PrnDB!$R$3:$R$17,0),1),3)) -> 0 | M155: =IFERROR(INDEX(PrnDB!$T$3:$T$17,MATCH(PrnDB!$G155,PrnDB!$R$3:$R$17,0),1),0) -> 0 | N155: =IFERROR(INDEX(PrnDB!$U$3:$U$17,MATCH(PrnDB!$G155,PrnDB!$R$3:$R$17,0),1),0) -> 0 | O155: =K154<>1000 -> FALSE | P155: =IF(PrnDB!$L155=0,"",IF(PrnDB!$L155>1," ","")&IF(PrnDB!$L155=3," ","")&PrnDB!$G155)
B156: =IF(ROW(A156)+4-149<=ROW(TotalLiabilities1),INDEX(Input,ROW(A156)+1-150,9),0) -> Trade Accounts Payable | C156: =IF(ROW()+4-149<=ROW(TotalLiabilities1),INDEX(Input,ROW()+1-150,10),0) -> 100 | D156: =IF(ROW()+4-149<=ROW(TotalLiabilities1),INDEX(Input,ROW()+1-150,11),0) -> 550 | G156: =IF(N155=1,0,OFFSET(B156,PrnDB!$K156,0)) -> 0 | H156: =OFFSET(C156,PrnDB!$K156,0) -> 0 | I156: =OFFSET(D156,PrnDB!$K156,0) -> 0 | J156: =IF(OR($B156<>0),1,0) -> 1 | K156: =IFERROR(ROW(OFFSET(PrnDB!$J156,K155,,450))+MATCH(1,OFFSET(PrnDB!$J156,K155,,450),0)-1-ROW()-IF(OR(N154=1,N154=2),N154,0),1000) -> 1000 | L156: =IF(PrnDB!$G156=0,0,IFERROR(INDEX(PrnDB!$S$3:$S$17,MATCH(PrnDB!$G156,PrnDB!$R$3:$R$17,0),1),3)) -> 0 | M156: =IFERROR(INDEX(PrnDB!$T$3:$T$17,MATCH(PrnDB!$G156,PrnDB!$R$3:$R$17,0),1),0) -> 0 | N156: =IFERROR(INDEX(PrnDB!$U$3:$U$17,MATCH(PrnDB!$G156,PrnDB!$R$3:$R$17,0),1),0) -> 0 | O156: =K155<>1000 -> FALSE | P156: =IF(PrnDB!$L156=0,"",IF(PrnDB!$L156>1," ","")&IF(PrnDB!$L156=3," ","")&PrnDB!$G156)
B157: =IF(ROW(A157)+4-149<=ROW(TotalLiabilities1),INDEX(Input,ROW(A157)+1-150,9),0) -> Other Accrued Liabilities | C157: =IF(ROW()+4-149<=ROW(TotalLiabilities1),INDEX(Input,ROW()+1-150,10),0) -> 500 | D157: =IF(ROW()+4-149<=ROW(TotalLiabilities1),INDEX(Input,ROW()+1-150,11),0) -> 800 | G157: =IF(N156=1,0,OFFSET(B157,PrnDB!$K157,0)) -> 0 | H157: =OFFSET(C157,PrnDB!$K157,0) -> 0 | I157: =OFFSET(D157,PrnDB!$K157,0) -> 0 | J157: =IF(OR($B157<>0),1,0) -> 1 | K157: =IFERROR(ROW(OFFSET(PrnDB!$J157,K156,,450))+MATCH(1,OFFSET(PrnDB!$J157,K156,,450),0)-1-ROW()-IF(OR(N155=1,N155=2),N155,0),1000) -> 1000 | L157: =IF(PrnDB!$G157=0,0,IFERROR(INDEX(PrnDB!$S$3:$S$17,MATCH(PrnDB!$G157,PrnDB!$R$3:$R$17,0),1),3)) -> 0 | M157: =IFERROR(INDEX(PrnDB!$T$3:$T$17,MATCH(PrnDB!$G157,PrnDB!$R$3:$R$17,0),1),0) -> 0 | N157: =IFERROR(INDEX(PrnDB!$U$3:$U$17,MATCH(PrnDB!$G157,PrnDB!$R$3:$R$17,0),1),0) -> 0 | O157: =K156<>1000 -> FALSE | P157: =IF(PrnDB!$L157=0,"",IF(PrnDB!$L157>1," ","")&IF(PrnDB!$L157=3," ","")&PrnDB!$G157)
B158: =IF(ROW(A158)+4-149<=ROW(TotalLiabilities1),INDEX(Input,ROW(A158)+1-150,9),0) -> 0 | C158: =IF(ROW()+4-149<=ROW(TotalLiabilities1),INDEX(Input,ROW()+1-150,10),0) -> 0 | D158: =IF(ROW()+4-149<=ROW(TotalLiabilities1),INDEX(Input,ROW()+1-150,11),0) -> 0 | G158: =IF(N157=1,0,OFFSET(B158,PrnDB!$K158,0)) -> 0 | H158: =OFFSET(C158,PrnDB!$K158,0) -> 0 | I158: =OFFSET(D158,PrnDB!$K158,0) -> 0 | J158: =IF(OR($B158<>0),1,0) -> 0 | K158: =IFERROR(ROW(OFFSET(PrnDB!$J158,K157,,450))+MATCH(1,OFFSET(PrnDB!$J158,K157,,450),0)-1-ROW()-IF(OR(N156=1,N156=2),N156,0),1000) -> 1000 | L158: =IF(PrnDB!$G158=0,0,IFERROR(INDEX(PrnDB!$S$3:$S$17,MATCH(PrnDB!$G158,PrnDB!$R$3:$R$17,0),1),3)) -> 0 | M158: =IFERROR(INDEX(PrnDB!$T$3:$T$17,MATCH(PrnDB!$G158,PrnDB!$R$3:$R$17,0),1),0) -> 0 | N158: =IFERROR(INDEX(PrnDB!$U$3:$U$17,MATCH(PrnDB!$G158,PrnDB!$R$3:$R$17,0),1),0) -> 0 | O158: =K157<>1000 -> FALSE | P158: =IF(PrnDB!$L158=0,"",IF(PrnDB!$L158>1," ","")&IF(PrnDB!$L158=3," ","")&PrnDB!$G158)
B159: =IF(ROW(A159)+4-149<=ROW(TotalLiabilities1),INDEX(Input,ROW(A159)+1-150,9),0) -> Total Current Liabilities | C159: =IF(ROW()+4-149<=ROW(TotalLiabilities1),INDEX(Input,ROW()+1-150,10),0) -> 2000 | D159: =IF(ROW()+4-149<=ROW(TotalLiabilities1),INDEX(Input,ROW()+1-150,11),0) -> 1950 | G159: =IF(N158=1,0,OFFSET(B159,PrnDB!$K159,0)) -> 0 | H159: =OFFSET(C159,PrnDB!$K159,0) -> 0 | I159: =OFFSET(D159,PrnDB!$K159,0) -> 0 | J159: =IF(OR($B159<>0),1,0) -> 1 | K159: =IFERROR(ROW(OFFSET(PrnDB!$J159,K158,,450))+MATCH(1,OFFSET(PrnDB!$J159,K158,,450),0)-1-ROW()-IF(OR(N157=1,N157=2),N157,0),1000) -> 1000 | L159: =IF(PrnDB!$G159=0,0,IFERROR(INDEX(PrnDB!$S$3:$S$17,MATCH(PrnDB!$G159,PrnDB!$R$3:$R$17,0),1),3)) -> 0 | M159: =IFERROR(INDEX(PrnDB!$T$3:$T$17,MATCH(PrnDB!$G159,PrnDB!$R$3:$R$17,0),1),0) -> 0 | N159: =IFERROR(INDEX(PrnDB!$U$3:$U$17,MATCH(PrnDB!$G159,PrnDB!$R$3:$R$17,0),1),0) -> 0 | O159: =K158<>1000 -> FALSE | P159: =IF(PrnDB!$L159=0,"",IF(PrnDB!$L159>1," ","")&IF(PrnDB!$L159=3," ","")&PrnDB!$G159)
B160: =IF(ROW(A160)+4-149<=ROW(TotalLiabilities1),INDEX(Input,ROW(A160)+1-150,9),0) -> Non-Current Liabilities | C160: =IF(ROW()+4-149<=ROW(TotalLiabilities1),INDEX(Input,ROW()+1-150,10),0) -> 0 | D160: =IF(ROW()+4-149<=ROW(TotalLiabilities1),INDEX(Input,ROW()+1-150,11),0) -> 0 | G160: =IF(N159=1,0,OFFSET(B160,PrnDB!$K160,0)) -> 0 | H160: =OFFSET(C160,PrnDB!$K160,0) -> 0 | I160: =OFFSET(D160,PrnDB!$K160,0) -> 0 | J160: =IF(OR($B160<>0),1,0) -> 1 | K160: =IFERROR(ROW(OFFSET(PrnDB!$J160,K159,,450))+MATCH(1,OFFSET(PrnDB!$J160,K159,,450),0)-1-ROW()-IF(OR(N158=1,N158=2),N158,0),1000) -> 1000 | L160: =IF(PrnDB!$G160=0,0,IFERROR(INDEX(PrnDB!$S$3:$S$17,MATCH(PrnDB!$G160,PrnDB!$R$3:$R$17,0),1),3)) -> 0 | M160: =IFERROR(INDEX(PrnDB!$T$3:$T$17,MATCH(PrnDB!$G160,PrnDB!$R$3:$R$17,0),1),0) -> 0 | N160: =IFERROR(INDEX(PrnDB!$U$3:$U$17,MATCH(PrnDB!$G160,PrnDB!$R$3:$R$17,0),1),0) -> 0 | O160: =K159<>1000 -> FALSE | P160: =IF(PrnDB!$L160=0,"",IF(PrnDB!$L160>1," ","")&IF(PrnDB!$L160=3," ","")&PrnDB!$G160)
B161: =IF(ROW(A161)+4-149<=ROW(TotalLiabilities1),INDEX(Input,ROW(A161)+1-150,9),0) -> Long-Term Debt | C161: =IF(ROW()+4-149<=ROW(TotalLiabilities1),INDEX(Input,ROW()+1-150,10),0) -> 1100 | D161: =IF(ROW()+4-149<=ROW(TotalLiabilities1),INDEX(Input,ROW()+1-150,11),0) -> 1650 | G161: =IF(N160=1,0,OFFSET(B161,PrnDB!$K161,0)) -> 0 | H161: =OFFSET(C161,PrnDB!$K161,0) -> 0 | I161: =OFFSET(D161,PrnDB!$K161,0) -> 0 | J161: =IF(OR($B161<>0),1,0) -> 1 | K161: =IFERROR(ROW(OFFSET(PrnDB!$J161,K160,,450))+MATCH(1,OFFSET(PrnDB!$J161,K160,,450),0)-1-ROW()-IF(OR(N159=1,N159=2),N159,0),1000) -> 1000 | L161: =IF(PrnDB!$G161=0,0,IFERROR(INDEX(PrnDB!$S$3:$S$17,MATCH(PrnDB!$G161,PrnDB!$R$3:$R$17,0),1),3)) -> 0 | M161: =IFERROR(INDEX(PrnDB!$T$3:$T$17,MATCH(PrnDB!$G161,PrnDB!$R$3:$R$17,0),1),0) -> 0 | N161: =IFERROR(INDEX(PrnDB!$U$3:$U$17,MATCH(PrnDB!$G161,PrnDB!$R$3:$R$17,0),1),0) -> 0 | O161: =K160<>1000 -> FALSE | P161: =IF(PrnDB!$L161=0,"",IF(PrnDB!$L161>1," ","")&IF(PrnDB!$L161=3," ","")&PrnDB!$G161)
B162: =IF(ROW(A162)+4-149<=ROW(TotalLiabilities1),INDEX(Input,ROW(A162)+1-150,9),0) -> 0 | C162: =IF(ROW()+4-149<=ROW(TotalLiabilities1),INDEX(Input,ROW()+1-150,10),0) -> 0 | D162: =IF(ROW()+4-149<=ROW(TotalLiabilities1),INDEX(Input,ROW()+1-150,11),0) -> 0 | G162: =IF(N161=1,0,OFFSET(B162,PrnDB!$K162,0)) -> 0 | H162: =OFFSET(C162,PrnDB!$K162,0) -> 0 | I162: =OFFSET(D162,PrnDB!$K162,0) -> 0 | J162: =IF(OR($B162<>0),1,0) -> 0 | K162: =IFERROR(ROW(OFFSET(PrnDB!$J162,K161,,450))+MATCH(1,OFFSET(PrnDB!$J162,K161,,450),0)-1-ROW()-IF(OR(N160=1,N160=2),N160,0),1000) -> 1000 | L162: =IF(PrnDB!$G162=0,0,IFERROR(INDEX(PrnDB!$S$3:$S$17,MATCH(PrnDB!$G162,PrnDB!$R$3:$R$17,0),1),3)) -> 0 | M162: =IFERROR(INDEX(PrnDB!$T$3:$T$17,MATCH(PrnDB!$G162,PrnDB!$R$3:$R$17,0),1),0) -> 0 | N162: =IFERROR(INDEX(PrnDB!$U$3:$U$17,MATCH(PrnDB!$G162,PrnDB!$R$3:$R$17,0),1),0) -> 0 | O162: =K161<>1000 -> FALSE | P162: =IF(PrnDB!$L162=0,"",IF(PrnDB!$L162>1," ","")&IF(PrnDB!$L162=3," ","")&PrnDB!$G162)
B163: =IF(ROW(A163)+4-149<=ROW(TotalLiabilities1),INDEX(Input,ROW(A163)+1-150,9),0) -> 0 | C163: =IF(ROW()+4-149<=ROW(TotalLiabilities1),INDEX(Input,ROW()+1-150,10),0) -> 0 | D163: =IF(ROW()+4-149<=ROW(TotalLiabilities1),INDEX(Input,ROW()+1-150,11),0) -> 0 | G163: =IF(N162=1,0,OFFSET(B163,PrnDB!$K163,0)) -> 0 | H163: =OFFSET(C163,PrnDB!$K163,0) -> 0 | I163: =OFFSET(D163,PrnDB!$K163,0) -> 0 | J163: =IF(OR($B163<>0),1,0) -> 0 | K163: =IFERROR(ROW(OFFSET(PrnDB!$J163,K162,,450))+MATCH(1,OFFSET(PrnDB!$J163,K162,,450),0)-1-ROW()-IF(OR(N161=1,N161=2),N161,0),1000) -> 1000 | L163: =IF(PrnDB!$G163=0,0,IFERROR(INDEX(PrnDB!$S$3:$S$17,MATCH(PrnDB!$G163,PrnDB!$R$3:$R$17,0),1),3)) -> 0 | M163: =IFERROR(INDEX(PrnDB!$T$3:$T$17,MATCH(PrnDB!$G163,PrnDB!$R$3:$R$17,0),1),0) -> 0 | N163: =IFERROR(INDEX(PrnDB!$U$3:$U$17,MATCH(PrnDB!$G163,PrnDB!$R$3:$R$17,0),1),0) -> 0 | O163: =K162<>1000 -> FALSE | P163: =IF(PrnDB!$L163=0,"",IF(PrnDB!$L163>1," ","")&IF(PrnDB!$L163=3," ","")&PrnDB!$G163)
B164: =IF(ROW(A164)+4-149<=ROW(TotalLiabilities1),INDEX(Input,ROW(A164)+1-150,9),0) -> Total Non-Current Liabilities | C164: =IF(ROW()+4-149<=ROW(TotalLiabilities1),INDEX(Input,ROW()+1-150,10),0) -> 1100 | D164: =IF(ROW()+4-149<=ROW(TotalLiabilities1),INDEX(Input,ROW()+1-150,11),0) -> 1650 | G164: =IF(N163=1,0,OFFSET(B164,PrnDB!$K164,0)) -> 0 | H164: =OFFSET(C164,PrnDB!$K164,0) -> 0 | I164: =OFFSET(D164,PrnDB!$K164,0) -> 0 | J164: =IF(OR($B164<>0),1,0) -> 1 | K164: =IFERROR(ROW(OFFSET(PrnDB!$J164,K163,,450))+MATCH(1,OFFSET(PrnDB!$J164,K163,,450),0)-1-ROW()-IF(OR(N162=1,N162=2),N162,0),1000) -> 1000 | L164: =IF(PrnDB!$G164=0,0,IFERROR(INDEX(PrnDB!$S$3:$S$17,MATCH(PrnDB!$G164,PrnDB!$R$3:$R$17,0),1),3)) -> 0 | M164: =IFERROR(INDEX(PrnDB!$T$3:$T$17,MATCH(PrnDB!$G164,PrnDB!$R$3:$R$17,0),1),0) -> 0 | N164: =IFERROR(INDEX(PrnDB!$U$3:$U$17,MATCH(PrnDB!$G164,PrnDB!$R$3:$R$17,0),1),0) -> 0 | O164: =K163<>1000 -> FALSE | P164: =IF(PrnDB!$L164=0,"",IF(PrnDB!$L164>1," ","")&IF(PrnDB!$L164=3," ","")&PrnDB!$G164)
... B302: =IF(ROW(A302)+4-149<=ROW(TotalLiabilities1),INDEX(Input,ROW(A302)+1-150,9),0) -> 0 | C302: =IF(ROW()+4-149<=ROW(TotalLiabilities1),INDEX(Input,ROW()+1-150,10),0) -> 0 | D302: =IF(ROW()+4-149<=ROW(TotalLiabilities1),INDEX(Input,ROW()+1-150,11),0) -> 0 | G302: =IF(N301=1,0,OFFSET(B302,PrnDB!$K302,0)) -> 0 | H302: =OFFSET(C302,PrnDB!$K302,0) -> 0 | I302: =OFFSET(D302,PrnDB!$K302,0) -> 0 | J302: =IF(OR($B302<>0),1,0) -> 0 | K302: =IFERROR(ROW(OFFSET(PrnDB!$J302,K301,,450))+MATCH(1,OFFSET(PrnDB!$J302,K301,,450),0)-1-ROW()-IF(OR(N300=1,N300=2),N300,0),1000) -> 1000 | L302: =IF(PrnDB!$G302=0,0,IFERROR(INDEX(PrnDB!$S$3:$S$17,MATCH(PrnDB!$G302,PrnDB!$R$3:$R$17,0),1),3)) -> 0 | M302: =IFERROR(INDEX(PrnDB!$T$3:$T$17,MATCH(PrnDB!$G302,PrnDB!$R$3:$R$17,0),1),0) -> 0 | N302: =IFERROR(INDEX(PrnDB!$U$3:$U$17,MATCH(PrnDB!$G302,PrnDB!$R$3:$R$17,0),1),0) -> 0 | O302: =K301<>1000 -> FALSE | P302: =IF(PrnDB!$L302=0,"",IF(PrnDB!$L302>1," ","")&IF(PrnDB!$L302=3," ","")&PrnDB!$G302)
B303: =IFERROR(IF(ROW()+4-299>=ROW(TotalLiabilities1),INDEX(Input,ROW()+1-299,9),0),0) -> 0 | C303: =IFERROR(IF(ROW()+4-299>ROW(TotalLiabilities1),INDEX(Input,ROW()+1-299,10),0),0) -> 0 | D303: =IFERROR(IF(ROW()+4-299>ROW(TotalLiabilities1),INDEX(Input,ROW()+1-299,11),0),0) -> 0 | G303: =IF(N302=1,0,OFFSET(B303,PrnDB!$K303,0)) -> 0 | H303: =OFFSET(C303,PrnDB!$K303,0) -> 0 | I303: =OFFSET(D303,PrnDB!$K303,0) -> 0 | J303: =IF(OR($B303<>0),1,0) -> 0 | K303: =IFERROR(ROW(OFFSET(PrnDB!$J303,K302,,450))+MATCH(1,OFFSET(PrnDB!$J303,K302,,450),0)-1-ROW()-IF(OR(N301=1,N301=2),N301,0),1000) -> 1000 | L303: =IF(PrnDB!$G303=0,0,IFERROR(INDEX(PrnDB!$S$3:$S$17,MATCH(PrnDB!$G303,PrnDB!$R$3:$R$17,0),1),3)) -> 0 | M303: =IFERROR(INDEX(PrnDB!$T$3:$T$17,MATCH(PrnDB!$G303,PrnDB!$R$3:$R$17,0),1),0) -> 0 | N303: =IFERROR(INDEX(PrnDB!$U$3:$U$17,MATCH(PrnDB!$G303,PrnDB!$R$3:$R$17,0),1),0) -> 0 | O303: =K302<>1000 -> FALSE | P303: =IF(PrnDB!$L303=0,"",IF(PrnDB!$L303>1," ","")&IF(PrnDB!$L303=3," ","")&PrnDB!$G303)
B304: =IFERROR(IF(ROW()+4-299>=ROW(TotalLiabilities1),INDEX(Input,ROW()+1-299,9),0),0) -> 0 | C304: =IFERROR(IF(ROW()+4-299>ROW(TotalLiabilities1),INDEX(Input,ROW()+1-299,10),0),0) -> 0 | D304: =IFERROR(IF(ROW()+4-299>ROW(TotalLiabilities1),INDEX(Input,ROW()+1-299,11),0),0) -> 0 | G304: =IF(N303=1,0,OFFSET(B304,PrnDB!$K304,0)) -> 0 | H304: =OFFSET(C304,PrnDB!$K304,0) -> 0 | I304: =OFFSET(D304,PrnDB!$K304,0) -> 0 | J304: =IF(OR($B304<>0),1,0) -> 0 | K304: =IFERROR(ROW(OFFSET(PrnDB!$J304,K303,,450))+MATCH(1,OFFSET(PrnDB!$J304,K303,,450),0)-1-ROW()-IF(OR(N302=1,N302=2),N302,0),1000) -> 1000 | L304: =IF(PrnDB!$G304=0,0,IFERROR(INDEX(PrnDB!$S$3:$S$17,MATCH(PrnDB!$G304,PrnDB!$R$3:$R$17,0),1),3)) -> 0 | M304: =IFERROR(INDEX(PrnDB!$T$3:$T$17,MATCH(PrnDB!$G304,PrnDB!$R$3:$R$17,0),1),0) -> 0 | N304: =IFERROR(INDEX(PrnDB!$U$3:$U$17,MATCH(PrnDB!$G304,PrnDB!$R$3:$R$17,0),1),0) -> 0 | O304: =K303<>1000 -> FALSE | P304: =IF(PrnDB!$L304=0,"",IF(PrnDB!$L304>1," ","")&IF(PrnDB!$L304=3," ","")&PrnDB!$G304)
B305: =IFERROR(IF(ROW()+4-299>=ROW(TotalLiabilities1),INDEX(Input,ROW()+1-299,9),0),0) -> 0 | C305: =IFERROR(IF(ROW()+4-299>ROW(TotalLiabilities1),INDEX(Input,ROW()+1-299,10),0),0) -> 0 | D305: =IFERROR(IF(ROW()+4-299>ROW(TotalLiabilities1),INDEX(Input,ROW()+1-299,11),0),0) -> 0 | G305: =IF(N304=1,0,OFFSET(B305,PrnDB!$K305,0)) -> 0 | H305: =OFFSET(C305,PrnDB!$K305,0) -> 0 | I305: =OFFSET(D305,PrnDB!$K305,0) -> 0 | J305: =IF(OR($B305<>0),1,0) -> 0 | K305: =IFERROR(ROW(OFFSET(PrnDB!$J305,K304,,450))+MATCH(1,OFFSET(PrnDB!$J305,K304,,450),0)-1-ROW()-IF(OR(N303=1,N303=2),N303,0),1000) -> 1000 | L305: =IF(PrnDB!$G305=0,0,IFERROR(INDEX(PrnDB!$S$3:$S$17,MATCH(PrnDB!$G305,PrnDB!$R$3:$R$17,0),1),3)) -> 0 | M305: =IFERROR(INDEX(PrnDB!$T$3:$T$17,MATCH(PrnDB!$G305,PrnDB!$R$3:$R$17,0),1),0) -> 0 | N305: =IFERROR(INDEX(PrnDB!$U$3:$U$17,MATCH(PrnDB!$G305,PrnDB!$R$3:$R$17,0),1),0) -> 0 | O305: =K304<>1000 -> FALSE | P305: =IF(PrnDB!$L305=0,"",IF(PrnDB!$L305>1," ","")&IF(PrnDB!$L305=3," ","")&PrnDB!$G305)
B306: =IFERROR(IF(ROW()+4-299>=ROW(TotalLiabilities1),INDEX(Input,ROW()+1-299,9),0),0) -> 0 | C306: =IFERROR(IF(ROW()+4-299>ROW(TotalLiabilities1),INDEX(Input,ROW()+1-299,10),0),0) -> 0 | D306: =IFERROR(IF(ROW()+4-299>ROW(TotalLiabilities1),INDEX(Input,ROW()+1-299,11),0),0) -> 0 | G306: =IF(N305=1,0,OFFSET(B306,PrnDB!$K306,0)) -> 0 | H306: =OFFSET(C306,PrnDB!$K306,0) -> 0 | I306: =OFFSET(D306,PrnDB!$K306,0) -> 0 | J306: =IF(OR($B306<>0),1,0) -> 0 | K306: =IFERROR(ROW(OFFSET(PrnDB!$J306,K305,,450))+MATCH(1,OFFSET(PrnDB!$J306,K305,,450),0)-1-ROW()-IF(OR(N304=1,N304=2),N304,0),1000) -> 1000 | L306: =IF(PrnDB!$G306=0,0,IFERROR(INDEX(PrnDB!$S$3:$S$17,MATCH(PrnDB!$G306,PrnDB!$R$3:$R$17,0),1),3)) -> 0 | M306: =IFERROR(INDEX(PrnDB!$T$3:$T$17,MATCH(PrnDB!$G306,PrnDB!$R$3:$R$17,0),1),0) -> 0 | N306: =IFERROR(INDEX(PrnDB!$U$3:$U$17,MATCH(PrnDB!$G306,PrnDB!$R$3:$R$17,0),1),0) -> 0 | O306: =K305<>1000 -> FALSE | P306: =IF(PrnDB!$L306=0,"",IF(PrnDB!$L306>1," ","")&IF(PrnDB!$L306=3," ","")&PrnDB!$G306)
B307: =IFERROR(IF(ROW()+4-299>=ROW(TotalLiabilities1),INDEX(Input,ROW()+1-299,9),0),0) -> 0 | C307: =IFERROR(IF(ROW()+4-299>ROW(TotalLiabilities1),INDEX(Input,ROW()+1-299,10),0),0) -> 0 | D307: =IFERROR(IF(ROW()+4-299>ROW(TotalLiabilities1),INDEX(Input,ROW()+1-299,11),0),0) -> 0 | G307: =IF(N306=1,0,OFFSET(B307,PrnDB!$K307,0)) -> 0 | H307: =OFFSET(C307,PrnDB!$K307,0) -> 0 | I307: =OFFSET(D307,PrnDB!$K307,0) -> 0 | J307: =IF(OR($B307<>0),1,0) -> 0 | K307: =IFERROR(ROW(OFFSET(PrnDB!$J307,K306,,450))+MATCH(1,OFFSET(PrnDB!$J307,K306,,450),0)-1-ROW()-IF(OR(N305=1,N305=2),N305,0),1000) -> 1000 | L307: =IF(PrnDB!$G307=0,0,IFERROR(INDEX(PrnDB!$S$3:$S$17,MATCH(PrnDB!$G307,PrnDB!$R$3:$R$17,0),1),3)) -> 0 | M307: =IFERROR(INDEX(PrnDB!$T$3:$T$17,MATCH(PrnDB!$G307,PrnDB!$R$3:$R$17,0),1),0) -> 0 | N307: =IFERROR(INDEX(PrnDB!$U$3:$U$17,MATCH(PrnDB!$G307,PrnDB!$R$3:$R$17,0),1),0) -> 0 | O307: =K306<>1000 -> FALSE | P307: =IF(PrnDB!$L307=0,"",IF(PrnDB!$L307>1," ","")&IF(PrnDB!$L307=3," ","")&PrnDB!$G307)
B308: =IFERROR(IF(ROW()+4-299>=ROW(TotalLiabilities1),INDEX(Input,ROW()+1-299,9),0),0) -> 0 | C308: =IFERROR(IF(ROW()+4-299>ROW(TotalLiabilities1),INDEX(Input,ROW()+1-299,10),0),0) -> 0 | D308: =IFERROR(IF(ROW()+4-299>ROW(TotalLiabilities1),INDEX(Input,ROW()+1-299,11),0),0) -> 0 | G308: =IF(N307=1,0,OFFSET(B308,PrnDB!$K308,0)) -> 0 | H308: =OFFSET(C308,PrnDB!$K308,0) -> 0 | I308: =OFFSET(D308,PrnDB!$K308,0) -> 0 | J308: =IF(OR($B308<>0),1,0) -> 0 | K308: =IFERROR(ROW(OFFSET(PrnDB!$J308,K307,,450))+MATCH(1,OFFSET(PrnDB!$J308,K307,,450),0)-1-ROW()-IF(OR(N306=1,N306=2),N306,0),1000) -> 1000 | L308: =IF(PrnDB!$G308=0,0,IFERROR(INDEX(PrnDB!$S$3:$S$17,MATCH(PrnDB!$G308,PrnDB!$R$3:$R$17,0),1),3)) -> 0 | M308: =IFERROR(INDEX(PrnDB!$T$3:$T$17,MATCH(PrnDB!$G308,PrnDB!$R$3:$R$17,0),1),0) -> 0 | N308: =IFERROR(INDEX(PrnDB!$U$3:$U$17,MATCH(PrnDB!$G308,PrnDB!$R$3:$R$17,0),1),0) -> 0 | O308: =K307<>1000 -> FALSE | P308: =IF(PrnDB!$L308=0,"",IF(PrnDB!$L308>1," ","")&IF(PrnDB!$L308=3," ","")&PrnDB!$G308)
B309: =IFERROR(IF(ROW()+4-299>=ROW(TotalLiabilities1),INDEX(Input,ROW()+1-299,9),0),0) -> 0 | C309: =IFERROR(IF(ROW()+4-299>ROW(TotalLiabilities1),INDEX(Input,ROW()+1-299,10),0),0) -> 0 | D309: =IFERROR(IF(ROW()+4-299>ROW(TotalLiabilities1),INDEX(Input,ROW()+1-299,11),0),0) -> 0 | G309: =IF(N308=1,0,OFFSET(B309,PrnDB!$K309,0)) -> 0 | H309: =OFFSET(C309,PrnDB!$K309,0) -> 0 | I309: =OFFSET(D309,PrnDB!$K309,0) -> 0 | J309: =IF(OR($B309<>0),1,0) -> 0 | K309: =IFERROR(ROW(OFFSET(PrnDB!$J309,K308,,450))+MATCH(1,OFFSET(PrnDB!$J309,K308,,450),0)-1-ROW()-IF(OR(N307=1,N307=2),N307,0),1000) -> 1000 | L309: =IF(PrnDB!$G309=0,0,IFERROR(INDEX(PrnDB!$S$3:$S$17,MATCH(PrnDB!$G309,PrnDB!$R$3:$R$17,0),1),3)) -> 0 | M309: =IFERROR(INDEX(PrnDB!$T$3:$T$17,MATCH(PrnDB!$G309,PrnDB!$R$3:$R$17,0),1),0) -> 0 | N309: =IFERROR(INDEX(PrnDB!$U$3:$U$17,MATCH(PrnDB!$G309,PrnDB!$R$3:$R$17,0),1),0) -> 0 | O309: =K308<>1000 -> FALSE | P309: =IF(PrnDB!$L309=0,"",IF(PrnDB!$L309>1," ","")&IF(PrnDB!$L309=3," ","")&PrnDB!$G309)
B310: =IFERROR(IF(ROW()+4-299>=ROW(TotalLiabilities1),INDEX(Input,ROW()+1-299,9),0),0) -> 0 | C310: =IFERROR(IF(ROW()+4-299>ROW(TotalLiabilities1),INDEX(Input,ROW()+1-299,10),0),0) -> 0 | D310: =IFERROR(IF(ROW()+4-299>ROW(TotalLiabilities1),INDEX(Input,ROW()+1-299,11),0),0) -> 0 | G310: =IF(N309=1,0,OFFSET(B310,PrnDB!$K310,0)) -> 0 | H310: =OFFSET(C310,PrnDB!$K310,0) -> 0 | I310: =OFFSET(D310,PrnDB!$K310,0) -> 0 | J310: =IF(OR($B310<>0),1,0) -> 0 | K310: =IFERROR(ROW(OFFSET(PrnDB!$J310,K309,,450))+MATCH(1,OFFSET(PrnDB!$J310,K309,,450),0)-1-ROW()-IF(OR(N308=1,N308=2),N308,0),1000) -> 1000 | L310: =IF(PrnDB!$G310=0,0,IFERROR(INDEX(PrnDB!$S$3:$S$17,MATCH(PrnDB!$G310,PrnDB!$R$3:$R$17,0),1),3)) -> 0 | M310: =IFERROR(INDEX(PrnDB!$T$3:$T$17,MATCH(PrnDB!$G310,PrnDB!$R$3:$R$17,0),1),0) -> 0 | N310: =IFERROR(INDEX(PrnDB!$U$3:$U$17,MATCH(PrnDB!$G310,PrnDB!$R$3:$R$17,0),1),0) -> 0 | O310: =K309<>1000 -> FALSE | P310: =IF(PrnDB!$L310=0,"",IF(PrnDB!$L310>1," ","")&IF(PrnDB!$L310=3," ","")&PrnDB!$G310)
B311: =IFERROR(IF(ROW()+4-299>=ROW(TotalLiabilities1),INDEX(Input,ROW()+1-299,9),0),0) -> 0 | C311: =IFERROR(IF(ROW()+4-299>ROW(TotalLiabilities1),INDEX(Input,ROW()+1-299,10),0),0) -> 0 | D311: =IFERROR(IF(ROW()+4-299>ROW(TotalLiabilities1),INDEX(Input,ROW()+1-299,11),0),0) -> 0 | G311: =IF(N310=1,0,OFFSET(B311,PrnDB!$K311,0)) -> 0 | H311: =OFFSET(C311,PrnDB!$K311,0) -> 0 | I311: =OFFSET(D311,PrnDB!$K311,0) -> 0 | J311: =IF(OR($B311<>0),1,0) -> 0 | K311: =IFERROR(ROW(OFFSET(PrnDB!$J311,K310,,450))+MATCH(1,OFFSET(PrnDB!$J311,K310,,450),0)-1-ROW()-IF(OR(N309=1,N309=2),N309,0),1000) -> 1000 | L311: =IF(PrnDB!$G311=0,0,IFERROR(INDEX(PrnDB!$S$3:$S$17,MATCH(PrnDB!$G311,PrnDB!$R$3:$R$17,0),1),3)) -> 0 | M311: =IFERROR(INDEX(PrnDB!$T$3:$T$17,MATCH(PrnDB!$G311,PrnDB!$R$3:$R$17,0),1),0) -> 0 | N311: =IFERROR(INDEX(PrnDB!$U$3:$U$17,MATCH(PrnDB!$G311,PrnDB!$R$3:$R$17,0),1),0) -> 0 | O311: =K310<>1000 -> FALSE | P311: =IF(PrnDB!$L311=0,"",IF(PrnDB!$L311>1," ","")&IF(PrnDB!$L311=3," ","")&PrnDB!$G311)
B312: =IFERROR(IF(ROW()+4-299>=ROW(TotalLiabilities1),INDEX(Input,ROW()+1-299,9),0),0) -> 0 | C312: =IFERROR(IF(ROW()+4-299>ROW(TotalLiabilities1),INDEX(Input,ROW()+1-299,10),0),0) -> 0 | D312: =IFERROR(IF(ROW()+4-299>ROW(TotalLiabilities1),INDEX(Input,ROW()+1-299,11),0),0) -> 0 | G312: =IF(N311=1,0,OFFSET(B312,PrnDB!$K312,0)) -> 0 | H312: =OFFSET(C312,PrnDB!$K312,0) -> 0 | I312: =OFFSET(D312,PrnDB!$K312,0) -> 0 | J312: =IF(OR($B312<>0),1,0) -> 0 | K312: =IFERROR(ROW(OFFSET(PrnDB!$J312,K311,,450))+MATCH(1,OFFSET(PrnDB!$J312,K311,,450),0)-1-ROW()-IF(OR(N310=1,N310=2),N310,0),1000) -> 1000 | L312: =IF(PrnDB!$G312=0,0,IFERROR(INDEX(PrnDB!$S$3:$S$17,MATCH(PrnDB!$G312,PrnDB!$R$3:$R$17,0),1),3)) -> 0 | M312: =IFERROR(INDEX(PrnDB!$T$3:$T$17,MATCH(PrnDB!$G312,PrnDB!$R$3:$R$17,0),1),0) -> 0 | N312: =IFERROR(INDEX(PrnDB!$U$3:$U$17,MATCH(PrnDB!$G312,PrnDB!$R$3:$R$17,0),1),0) -> 0 | O312: =K311<>1000 -> FALSE | P312: =IF(PrnDB!$L312=0,"",IF(PrnDB!$L312>1," ","")&IF(PrnDB!$L312=3," ","")&PrnDB!$G312)
B313: =IFERROR(IF(ROW()+4-299>=ROW(TotalLiabilities1),INDEX(Input,ROW()+1-299,9),0),0) -> 0 | C313: =IFERROR(IF(ROW()+4-299>ROW(TotalLiabilities1),INDEX(Input,ROW()+1-299,10),0),0) -> 0 | D313: =IFERROR(IF(ROW()+4-299>ROW(TotalLiabilities1),INDEX(Input,ROW()+1-299,11),0),0) -> 0 | G313: =IF(N312=1,0,OFFSET(B313,PrnDB!$K313,0)) -> 0 | H313: =OFFSET(C313,PrnDB!$K313,0) -> 0 | I313: =OFFSET(D313,PrnDB!$K313,0) -> 0 | J313: =IF(OR($B313<>0),1,0) -> 0 | K313: =IFERROR(ROW(OFFSET(PrnDB!$J313,K312,,450))+MATCH(1,OFFSET(PrnDB!$J313,K312,,450),0)-1-ROW()-IF(OR(N311=1,N311=2),N311,0),1000) -> 1000 | L313: =IF(PrnDB!$G313=0,0,IFERROR(INDEX(PrnDB!$S$3:$S$17,MATCH(PrnDB!$G313,PrnDB!$R$3:$R$17,0),1),3)) -> 0 | M313: =IFERROR(INDEX(PrnDB!$T$3:$T$17,MATCH(PrnDB!$G313,PrnDB!$R$3:$R$17,0),1),0) -> 0 | N313: =IFERROR(INDEX(PrnDB!$U$3:$U$17,MATCH(PrnDB!$G313,PrnDB!$R$3:$R$17,0),1),0) -> 0 | O313: =K312<>1000 -> FALSE | P313: =IF(PrnDB!$L313=0,"",IF(PrnDB!$L313>1," ","")&IF(PrnDB!$L313=3," ","")&PrnDB!$G313)
B314: =IFERROR(IF(ROW()+4-299>=ROW(TotalLiabilities1),INDEX(Input,ROW()+1-299,9),0),0) -> 0 | C314: =IFERROR(IF(ROW()+4-299>ROW(TotalLiabilities1),INDEX(Input,ROW()+1-299,10),0),0) -> 0 | D314: =IFERROR(IF(ROW()+4-299>ROW(TotalLiabilities1),INDEX(Input,ROW()+1-299,11),0),0) -> 0 | G314: =IF(N313=1,0,OFFSET(B314,PrnDB!$K314,0)) -> 0 | H314: =OFFSET(C314,PrnDB!$K314,0) -> 0 | I314: =OFFSET(D314,PrnDB!$K314,0) -> 0 | J314: =IF(OR($B314<>0),1,0) -> 0 | K314: =IFERROR(ROW(OFFSET(PrnDB!$J314,K313,,450))+MATCH(1,OFFSET(PrnDB!$J314,K313,,450),0)-1-ROW()-IF(OR(N312=1,N312=2),N312,0),1000) -> 1000 | L314: =IF(PrnDB!$G314=0,0,IFERROR(INDEX(PrnDB!$S$3:$S$17,MATCH(PrnDB!$G314,PrnDB!$R$3:$R$17,0),1),3)) -> 0 | M314: =IFERROR(INDEX(PrnDB!$T$3:$T$17,MATCH(PrnDB!$G314,PrnDB!$R$3:$R$17,0),1),0) -> 0 | N314: =IFERROR(INDEX(PrnDB!$U$3:$U$17,MATCH(PrnDB!$G314,PrnDB!$R$3:$R$17,0),1),0) -> 0 | O314: =K313<>1000 -> FALSE | P314: =IF(PrnDB!$L314=0,"",IF(PrnDB!$L314>1," ","")&IF(PrnDB!$L314=3," ","")&PrnDB!$G314)
... B453: =IFERROR(IF(ROW()+4-299>=ROW(TotalLiabilities1),INDEX(Input,ROW()+1-299,9),0),0) -> 0 | C453: =IFERROR(IF(ROW()+4-299>ROW(TotalLiabilities1),INDEX(Input,ROW()+1-299,10),0),0) -> 0 | D453: =IFERROR(IF(ROW()+4-299>ROW(TotalLiabilities1),INDEX(Input,ROW()+1-299,11),0),0) -> 0 | G453: =IF(N452=1,0,OFFSET(B453,PrnDB!$K453,0)) -> 0 | H453: =OFFSET(C453,PrnDB!$K453,0) -> 0 | I453: =OFFSET(D453,PrnDB!$K453,0) -> 0 | J453: =IF(OR($B453<>0),1,0) -> 0 | K453: =IFERROR(ROW(OFFSET(PrnDB!$J453,K452,,450))+MATCH(1,OFFSET(PrnDB!$J453,K452,,450),0)-1-ROW()-IF(OR(N451=1,N451=2),N451,0),1000) -> 1000 | L453: =IF(PrnDB!$G453=0,0,IFERROR(INDEX(PrnDB!$S$3:$S$17,MATCH(PrnDB!$G453,PrnDB!$R$3:$R$17,0),1),3)) -> 0 | M453: =IFERROR(INDEX(PrnDB!$T$3:$T$17,MATCH(PrnDB!$G453,PrnDB!$R$3:$R$17,0),1),0) -> 0 | N453: =IFERROR(INDEX(PrnDB!$U$3:$U$17,MATCH(PrnDB!$G453,PrnDB!$R$3:$R$17,0),1),0) -> 0 | O453: =K452<>1000 -> FALSE | P453: =IF(PrnDB!$L453=0,"",IF(PrnDB!$L453>1," ","")&IF(PrnDB!$L453=3," ","")&PrnDB!$G453)
